Workbook
Name _Hlk9244919: 'Danh sach gui Tai chinh'!#REF!
Name _Hlk9244919: 'DS theo Quyet dinh khen thuong'!#REF!
Name _Hlk9244919: Sheet1!$B$116
Name OLE_LINK10: 'Danh sach gui Tai chinh'!#REF!
Name OLE_LINK10: 'DS theo Quyet dinh khen thuong'!#REF!
Name OLE_LINK10: Sheet1!$B$85
Name OLE_LINK2: 'Danh sach gui Tai chinh'!#REF!
Name OLE_LINK2: 'DS theo Quyet dinh khen thuong'!#REF!
Name OLE_LINK2: Sheet1!$B$84
Name OLE_LINK4: 'Danh sach gui Tai chinh'!#REF!
Name OLE_LINK4: 'DS theo Quyet dinh khen thuong'!#REF!
Name OLE_LINK8: 'Danh sach gui Tai chinh'!#REF!
Name OLE_LINK8: 'DS theo Quyet dinh khen thuong'!#REF!

Sheet Sheet1
A1: DANH MỤC THƯỞNG BÀI BÁO CÔNG BỐ TRÊN CÁC TẠP CHÍ UY TÍN TRONG DANH MỤC ISI, SCI, SCIE NĂM 2019
A2: (kèm theo Quyết định số , ngày tháng năm 2020)
A3: STT | B3: Tên bài báo | C3: Tác giả | D3: Tác giả thuộc biên chế HUMG | E3: Đơn vị công tác | F3: Loại tạp chí | G3: =MucHoTro!C3 -> Nếu tác giả thứ nhất là cán bộ thuộc biên chế của Nhà trường | H3: =MucHoTro!D3 -> Nếu tác giả liên hệ mà không là tác giả thứ nhất là cán bộ thuộc biên chế của Nhà trường | I3: Đồng tác giả | J3: Hệ số bài báo | K3: Hệ số tác giả | L3: Hệ số tính | M3: Thành tiền (VNĐ) | N3: Loại tạp chí
A4: (1) | B4: (2) | C4: (3) | F4: (4) | G4: (5) | H4: (6) | I4: (7) | J4: (8) | K4: (9) | L4: (10=8x9) | M4: (11)
A5: 1 | B5: Research on transmission efficiency of high power hydro-iscous clutch | C5: Qi Sun, Fangwei Xie, Kuaidi Wan, Xinjian Gu, Jie Zhu, Nguyễn Văn Xô (đồng tác giả), Yun Wang | F5: Q2 | G5: x | J5: =IF(F5="Q1a",MucHoTro!$H$5,IF(F5="Q1b",MucHoTro!$H$6,IF(F5="Q2",MucHoTro!$H$7,IF(F5="Q3",MucHoTro!$H$8,IF(F5="Q4",MucHoTro!$H$9))))) -> 1.1 | K5: =IF(G5="x",MucHoTro!$C$5,IF(H5="x",MucHoTro!$D$5,IF(I5="x",MucHoTro!$E$5))) -> 1.5 | L5: =J5*K5 -> 1.65 | M5: =L5*2000000 -> 3300000 | N5: =IF(F5<>"",INDEX(MucHoTro!$B$5:$B$10,MATCH(Sheet1!F5,MucHoTro!$G$5:$G$10,0),1),"") -> Tạp chí trong nhóm Q2 thuộc lĩnh vực nghiên cứu gần nhất của bài báo (Q2)
A6: 2 | B6: Effects of friction models on simulation of pneumatic cylinder | C6: Xuan Bo Tran, Nguyễn Văn Lại (đồng tác giả), and Khanh Duong Tran | F6: Q2 | G6: x | J6: =IF(F6="Q1a",MucHoTro!$H$5,IF(F6="Q1b",MucHoTro!$H$6,IF(F6="Q2",MucHoTro!$H$7,IF(F6="Q3",MucHoTro!$H$8,IF(F6="Q4",MucHoTro!$H$9))))) -> 1.1 | K6: =IF(G6="x",MucHoTro!$C$5,IF(H6="x",MucHoTro!$D$5,IF(I6="x",MucHoTro!$E$5))) -> 1.5 | L6: =J6*K6 -> 1.65 | M6: =L6*2000000 -> 3300000 | N6: =IF(F6<>"",INDEX(MucHoTro!$B$5:$B$10,MATCH(Sheet1!F6,MucHoTro!$G$5:$G$10,0),1),"") -> Tạp chí trong nhóm Q2 thuộc lĩnh vực nghiên cứu gần nhất của bài báo (Q2)
A7: 3 | B7: The deformation of AZ31 magnesium alloy during warm constrained groove pressing | C7: Hue Thi Hong Dang, Phạm Thị Thủy (đồng tác giả), Dao Minh Ngung, Pham Quang | F7: Q3 | G7: x | J7: =IF(F7="Q1a",MucHoTro!$H$5,IF(F7="Q1b",MucHoTro!$H$6,IF(F7="Q2",MucHoTro!$H$7,IF(F7="Q3",MucHoTro!$H$8,IF(F7="Q4",MucHoTro!$H$9))))) -> 0.9 | K7: =IF(G7="x",MucHoTro!$C$5,IF(H7="x",MucHoTro!$D$5,IF(I7="x",MucHoTro!$E$5))) -> 1.5 | L7: =J7*K7 -> 1.35 | M7: =L7*2000000 -> 2700000 | N7: =IF(F7<>"",INDEX(MucHoTro!$B$5:$B$10,MATCH(Sheet1!F7,MucHoTro!$G$5:$G$10,0),1),"") -> Tạp chí trong nhóm Q3 thuộc lĩnh vực nghiên cứu gần nhất của bài báo (Q3)
A8: 4 | B8: Effects of the Current Direction on the Energy Production of a Tidal Farm: The Case of Raz Blanchard (France) | C8: Nguyễn Văn Thịnh (tác giả chính), Alina Santa Cruz, Sylvain S. Guillou, Mohamad N. Shiekh Elsouk and Jérôme Thiébot | F8: Q2 | G8: x | J8: =IF(F8="Q1a",MucHoTro!$H$5,IF(F8="Q1b",MucHoTro!$H$6,IF(F8="Q2",MucHoTro!$H$7,IF(F8="Q3",MucHoTro!$H$8,IF(F8="Q4",MucHoTro!$H$9))))) -> 1.1 | K8: =IF(G8="x",MucHoTro!$C$5,IF(H8="x",MucHoTro!$D$5,IF(I8="x",MucHoTro!$E$5))) -> 1.5 | L8: =J8*K8 -> 1.65 | M8: =L8*2000000 -> 3300000 | N8: =IF(F8<>"",INDEX(MucHoTro!$B$5:$B$10,MATCH(Sheet1!F8,MucHoTro!$G$5:$G$10,0),1),"") -> Tạp chí trong nhóm Q2 thuộc lĩnh vực nghiên cứu gần nhất của bài báo (Q2)
A9: 5 | B9: Effects of Failure of the Ocean‐Bottom Seismograph Leveling System on Receiver Function Analysis | C9: Trần Danh Hùng (tác giả chính); Ting Yang; Ba Manh Le; Youqiang Yu | F9: Q1 | G9: x | J9: =IF(F9="Q1a",MucHoTro!$H$5,IF(F9="Q1b",MucHoTro!$H$6,IF(F9="Q2",MucHoTro!$H$7,IF(F9="Q3",MucHoTro!$H$8,IF(F9="Q4",MucHoTro!$H$9))))) -> FALSE | K9: =IF(G9="x",MucHoTro!$C$5,IF(H9="x",MucHoTro!$D$5,IF(I9="x",MucHoTro!$E$5))) -> 1.5 | L9: =J9*K9 -> 0 | M9: =L9*2000000 -> 0 | N9: =IF(F9<>"",INDEX(MucHoTro!$B$5:$B$10,MATCH(Sheet1!F9,MucHoTro!$G$5:$G$10,0),1),"") -> #N/A
A10: 6 | B10: Seismic‐impedance inversion with fuzzy clustering constraints: an example from the Carlin Gold District, Nevada, USA | C10: Kiều Duy Thông (tác giả chính) and Anton Kepic | F10: Q2 | G10: x | J10: =IF(F10="Q1a",MucHoTro!$H$5,IF(F10="Q1b",MucHoTro!$H$6,IF(F10="Q2",MucHoTro!$H$7,IF(F10="Q3",MucHoTro!$H$8,IF(F10="Q4",MucHoTro!$H$9))))) -> 1.1 | K10: =IF(G10="x",MucHoTro!$C$5,IF(H10="x",MucHoTro!$D$5,IF(I10="x",MucHoTro!$E$5))) -> 1.5 | L10: =J10*K10 -> 1.65 | M10: =L10*2000000 -> 3300000 | N10: =IF(F10<>"",INDEX(MucHoTro!$B$5:$B$10,MATCH(Sheet1!F10,MucHoTro!$G$5:$G$10,0),1),"") -> Tạp chí trong nhóm Q2 thuộc lĩnh vực nghiên cứu gần nhất của bài báo (Q2)
A11: 7 | B11: Recent tectonics, geodynamics and seismotectonics in the Ninh Thuan Nuclear Power plants and surrounding regions, South Vietnam | C11: Huong Nguyen Vana, Tran Van Phong, Phan Trong Trinh, nnk, Dương Văn Hào (đồng tác giả) | F11: Q1 | I11: x | J11: =IF(F11="Q1a",MucHoTro!$H$5,IF(F11="Q1b",MucHoTro!$H$6,IF(F11="Q2",MucHoTro!$H$7,IF(F11="Q3",MucHoTro!$H$8,IF(F11="Q4",MucHoTro!$H$9))))) -> FALSE | K11: =IF(G11="x",MucHoTro!$C$5,IF(H11="x",MucHoTro!$D$5,IF(I11="x",MucHoTro!$E$5))) -> 1 | L11: =J11*K11 -> 0 | M11: =L11*2000000 -> 0 | N11: =IF(F11<>"",INDEX(MucHoTro!$B$5:$B$10,MATCH(Sheet1!F11,MucHoTro!$G$5:$G$10,0),1),"") -> #N/A
A12: 8 | B12: Effect of tortuosity on diffusion of polystyrenes through chromatographic columns filled with fully porous and porous –shell particles and monoliths | C12: Nguyễn Khắc Long (tác giả chính), Véronique Wernert, André Morgado Lopes, Loïc Sorbier, Renaud Denoyel | F12: Q1 | I12: x | J12: =IF(F12="Q1a",MucHoTro!$H$5,IF(F12="Q1b",MucHoTro!$H$6,IF(F12="Q2",MucHoTro!$H$7,IF(F12="Q3",MucHoTro!$H$8,IF(F12="Q4",MucHoTro!$H$9))))) -> FALSE | K12: =IF(G12="x",MucHoTro!$C$5,IF(H12="x",MucHoTro!$D$5,IF(I12="x",MucHoTro!$E$5))) -> 1 | L12: =J12*K12 -> 0 | M12: =L12*2000000 -> 0 | N12: =IF(F12<>"",INDEX(MucHoTro!$B$5:$B$10,MATCH(Sheet1!F12,MucHoTro!$G$5:$G$10,0),1),"") -> #N/A
A13: 9 | B13: Study on the HPA immobilisation on Al-SBA-15 support over Brønsted groups | C13: T. H. Truong, V. Cuong Do, N. Mai Do, T. Q. Hung, Đoàn Văn Huấn (đồng tác giả), T. N. Nguyen, T. H. Doan, T. H. N. Le, T. Van Nguyen, L. G. Bach and Q. V. Tran | F13: Q2 | I13: x | J13: =IF(F13="Q1a",MucHoTro!$H$5,IF(F13="Q1b",MucHoTro!$H$6,IF(F13="Q2",MucHoTro!$H$7,IF(F13="Q3",MucHoTro!$H$8,IF(F13="Q4",MucHoTro!$H$9))))) -> 1.1 | K13: =IF(G13="x",MucHoTro!$C$5,IF(H13="x",MucHoTro!$D$5,IF(I13="x",MucHoTro!$E$5))) -> 1 | L13: =J13*K13 -> 1.1 | M13: =L13*2000000 -> 2200000 | N13: =IF(F13<>"",INDEX(MucHoTro!$B$5:$B$10,MATCH(Sheet1!F13,MucHoTro!$G$5:$G$10,0),1),"") -> Tạp chí trong nhóm Q2 thuộc lĩnh vực nghiên cứu gần nhất của bài báo (Q2)
A14: 10 | B14: Defective hierarchical porous copper-based metal-organic frameworks synthesised via facile acid etching strategy | C14: Đoàn Văn Huấn (tác giả chính), A. Sartbaeva, J.-C. Eloi, S. Davis and V. P. Ting | F14: Q1 | G14: x | J14: =IF(F14="Q1a",MucHoTro!$H$5,IF(F14="Q1b",MucHoTro!$H$6,IF(F14="Q2",MucHoTro!$H$7,IF(F14="Q3",MucHoTro!$H$8,IF(F14="Q4",MucHoTro!$H$9))))) -> FALSE | K14: =IF(G14="x",MucHoTro!$C$5,IF(H14="x",MucHoTro!$D$5,IF(I14="x",MucHoTro!$E$5))) -> 1.5 | L14: =J14*K14 -> 0 | M14: =L14*2000000 -> 0 | N14: =IF(F14<>"",INDEX(MucHoTro!$B$5:$B$10,MATCH(Sheet1!F14,MucHoTro!$G$5:$G$10,0),1),"") -> #N/A
A15: 11 | B15: Hierarchical Metal–Organic Frameworks with Macroporosity: Synthesis, Achievements, and Challenges | C15: Đoàn Văn Huấn, Karikkethu Prabhakaran, C. Petrillo and V. P. Ting | F15: Q1 | I15: x | J15: =IF(F15="Q1a",MucHoTro!$H$5,IF(F15="Q1b",MucHoTro!$H$6,IF(F15="Q2",MucHoTro!$H$7,IF(F15="Q3",MucHoTro!$H$8,IF(F15="Q4",MucHoTro!$H$9))))) -> FALSE | K15: =IF(G15="x",MucHoTro!$C$5,IF(H15="x",MucHoTro!$D$5,IF(I15="x",MucHoTro!$E$5))) -> 1 | L15: =J15*K15 -> 0 | M15: =L15*2000000 -> 0 | N15: =IF(F15<>"",INDEX(MucHoTro!$B$5:$B$10,MATCH(Sheet1!F15,MucHoTro!$G$5:$G$10,0),1),"") -> #N/A
A16: 12 | B16: Crystallization Mechanisms and Rates of Cyclopentane Hydrates Formation in Brine | C16: Hồ Văn Sơn (tác giả chính, tác giả liên hệ), Baptiste Bouillot, Daniel Garcia, Jérome Douzet, Ana Cameirao, Saheb Maghsoodloo-Babakhani, Jean-Michel Herri | F16: Q2 | I16: x | J16: =IF(F16="Q1a",MucHoTro!$H$5,IF(F16="Q1b",MucHoTro!$H$6,IF(F16="Q2",MucHoTro!$H$7,IF(F16="Q3",MucHoTro!$H$8,IF(F16="Q4",MucHoTro!$H$9))))) -> 1.1 | K16: =IF(G16="x",MucHoTro!$C$5,IF(H16="x",MucHoTro!$D$5,IF(I16="x",MucHoTro!$E$5))) -> 1 | L16: =J16*K16 -> 1.1 | M16: =L16*2000000 -> 2200000 | N16: =IF(F16<>"",INDEX(MucHoTro!$B$5:$B$10,MATCH(Sheet1!F16,MucHoTro!$G$5:$G$10,0),1),"") -> Tạp chí trong nhóm Q2 thuộc lĩnh vực nghiên cứu gần nhất của bài báo (Q2)
A17: 13 | B17: Cyclopentane hydrates – A candidate for desalination? | C17: Hồ Văn Sơn (tác giả chính, tác giả liên hệ), Baptiste Bouillot, Jérome Douzet, Saheb Maghsoodloo-Babakhani, Jean-Michel Herri | F17: Q1 | I17: x | J17: =IF(F17="Q1a",MucHoTro!$H$5,IF(F17="Q1b",MucHoTro!$H$6,IF(F17="Q2",MucHoTro!$H$7,IF(F17="Q3",MucHoTro!$H$8,IF(F17="Q4",MucHoTro!$H$9))))) -> FALSE | K17: =IF(G17="x",MucHoTro!$C$5,IF(H17="x",MucHoTro!$D$5,IF(I17="x",MucHoTro!$E$5))) -> 1 | L17: =J17*K17 -> 0 | M17: =L17*2000000 -> 0 | N17: =IF(F17<>"",INDEX(MucHoTro!$B$5:$B$10,MATCH(Sheet1!F17,MucHoTro!$G$5:$G$10,0),1),"") -> #N/A
A18: 14 | B18: Phase equilibrium measurements and modelling of mixed cyclopentane and carbon dioxide hydrates in presence of salts | C18: Saheb Maghsoodloo-Babakhani, Hồ Văn Sơn (đồng tác giả), Baptiste Bouillot, Jérome Douzet, Jean-Michel Herri | F18: Q1 | G18: x | J18: =IF(F18="Q1a",MucHoTro!$H$5,IF(F18="Q1b",MucHoTro!$H$6,IF(F18="Q2",MucHoTro!$H$7,IF(F18="Q3",MucHoTro!$H$8,IF(F18="Q4",MucHoTro!$H$9))))) -> FALSE | K18: =IF(G18="x",MucHoTro!$C$5,IF(H18="x",MucHoTro!$D$5,IF(I18="x",MucHoTro!$E$5))) -> 1.5 | L18: =J18*K18 -> 0 | M18: =L18*2000000 -> 0 | N18: =IF(F18<>"",INDEX(MucHoTro!$B$5:$B$10,MATCH(Sheet1!F18,MucHoTro!$G$5:$G$10,0),1),"") -> #N/A
A19: 15 | B19: The role of organic and inorganic UV-absorbents on photopolymerization and mechanical properties of acrylate-urethane coating | C19: Thien VuongNguyen, PhuongNguyen Tri, SohrabAzizi, Tran Chien Dang, Duc MinhHoang, Thu HaHoang, Nguyễn Thị Linh (Đồng tác giả), Thuy Thi LeBui, Viet HungDang, Ngọc LinhNguyen, The TamLe, Thi Ngoc LinhNguyen, Quoc TrungVu, Dai LamTran, Thi My LinhDang, Le TrongLu | F19: Q2 | G19: x | J19: =IF(F19="Q1a",MucHoTro!$H$5,IF(F19="Q1b",MucHoTro!$H$6,IF(F19="Q2",MucHoTro!$H$7,IF(F19="Q3",MucHoTro!$H$8,IF(F19="Q4",MucHoTro!$H$9))))) -> 1.1 | K19: =IF(G19="x",MucHoTro!$C$5,IF(H19="x",MucHoTro!$D$5,IF(I19="x",MucHoTro!$E$5))) -> 1.5 | L19: =J19*K19 -> 1.65 | M19: =L19*2000000 -> 3300000 | N19: =IF(F19<>"",INDEX(MucHoTro!$B$5:$B$10,MATCH(Sheet1!F19,MucHoTro!$G$5:$G$10,0),1),"") -> Tạp chí trong nhóm Q2 thuộc lĩnh vực nghiên cứu gần nhất của bài báo (Q2)
A20: 16 | B20: Prediction of Blast-induced Air Over-pressure: Assessment of Different Artificial Intelligence Techniques | C20: Bùi Xuân Nam (tác giả liên hệ), Nguyễn Hoàng, Hai-An Le, Bùi Hoàng Bắc, Đỗ Ngọc Hoàn | F20: Q1 | G20: x | J20: =IF(F20="Q1a",MucHoTro!$H$5,IF(F20="Q1b",MucHoTro!$H$6,IF(F20="Q2",MucHoTro!$H$7,IF(F20="Q3",MucHoTro!$H$8,IF(F20="Q4",MucHoTro!$H$9))))) -> FALSE | K20: =IF(G20="x",MucHoTro!$C$5,IF(H20="x",MucHoTro!$D$5,IF(I20="x",MucHoTro!$E$5))) -> 1.5 | L20: =J20*K20 -> 0 | M20: =L20*2000000 -> 0 | N20: =IF(F20<>"",INDEX(MucHoTro!$B$5:$B$10,MATCH(Sheet1!F20,MucHoTro!$G$5:$G$10,0),1),"") -> #N/A
A21: 17 | B21: A New Soft Computing Model for Estimating and Controlling Blast-Produced Ground Vibration Based on Hierarchical K-Means Clustering and Cubist Algorithms | C21: Nguyễn Hoàng (tác giả liên hệ), Bùi Xuân Nam, Trần Quang Hiếu, Ngoc-Luan Mai | F21: Q1 | G21: x | J21: =IF(F21="Q1a",MucHoTro!$H$5,IF(F21="Q1b",MucHoTro!$H$6,IF(F21="Q2",MucHoTro!$H$7,IF(F21="Q3",MucHoTro!$H$8,IF(F21="Q4",MucHoTro!$H$9))))) -> FALSE | K21: =IF(G21="x",MucHoTro!$C$5,IF(H21="x",MucHoTro!$D$5,IF(I21="x",MucHoTro!$E$5))) -> 1.5 | L21: =J21*K21 -> 0 | M21: =L21*2000000 -> 0 | N21: =IF(F21<>"",INDEX(MucHoTro!$B$5:$B$10,MATCH(Sheet1!F21,MucHoTro!$G$5:$G$10,0),1),"") -> #N/A
A22: 18 | B22: Developing an XGBoost model to predict blast-induced peak particle velocity in an open-pit mine: a case study | C22: Nguyễn Hoàng (tác giả liên hệ), Bùi Xuân Nam, Bùi Hoàng Bắc, Dao Trong Cuong | F22: Q3 | I22: x | J22: =IF(F22="Q1a",MucHoTro!$H$5,IF(F22="Q1b",MucHoTro!$H$6,IF(F22="Q2",MucHoTro!$H$7,IF(F22="Q3",MucHoTro!$H$8,IF(F22="Q4",MucHoTro!$H$9))))) -> 0.9 | K22: =IF(G22="x",MucHoTro!$C$5,IF(H22="x",MucHoTro!$D$5,IF(I22="x",MucHoTro!$E$5))) -> 1 | L22: =J22*K22 -> 0.9 | M22: =L22*2000000 -> 1800000 | N22: =IF(F22<>"",INDEX(MucHoTro!$B$5:$B$10,MATCH(Sheet1!F22,MucHoTro!$G$5:$G$10,0),1),"") -> Tạp chí trong nhóm Q3 thuộc lĩnh vực nghiên cứu gần nhất của bài báo (Q3)
A23: 19 | B23: Prediction of Blast-Induced Ground Vibration in an Open-Pit Mine by a Novel Hybrid Model Based on Clustering and Artificial Neural Network | C23: Nguyễn Hoàng (tác giả liên hệ), Carsten Drebenstedt, Bùi Xuân Nam, Dieu Tien Bui | F23: Q1 | G23: x | J23: =IF(F23="Q1a",MucHoTro!$H$5,IF(F23="Q1b",MucHoTro!$H$6,IF(F23="Q2",MucHoTro!$H$7,IF(F23="Q3",MucHoTro!$H$8,IF(F23="Q4",MucHoTro!$H$9))))) -> FALSE | K23: =IF(G23="x",MucHoTro!$C$5,IF(H23="x",MucHoTro!$D$5,IF(I23="x",MucHoTro!$E$5))) -> 1.5 | L23: =J23*K23 -> 0 | M23: =L23*2000000 -> 0 | N23: =IF(F23<>"",INDEX(MucHoTro!$B$5:$B$10,MATCH(Sheet1!F23,MucHoTro!$G$5:$G$10,0),1),"") -> #N/A
A24: 20 | B24: Prediction of ultimate bearing capacity through various novel evolutionary and neural network models | C24: Hossein Moayedi, Arash Moatamediyan, Nguyễn Hoàng, Bùi Xuân Nam (đồng tác giả), Dieu Tien Bui, Ahmad Safuan A. Rashid | F24: Q2 | G24: x | J24: =IF(F24="Q1a",MucHoTro!$H$5,IF(F24="Q1b",MucHoTro!$H$6,IF(F24="Q2",MucHoTro!$H$7,IF(F24="Q3",MucHoTro!$H$8,IF(F24="Q4",MucHoTro!$H$9))))) -> 1.1 | K24: =IF(G24="x",MucHoTro!$C$5,IF(H24="x",MucHoTro!$D$5,IF(I24="x",MucHoTro!$E$5))) -> 1.5 | L24: =J24*K24 -> 1.65 | M24: =L24*2000000 -> 3300000 | N24: =IF(F24<>"",INDEX(MucHoTro!$B$5:$B$10,MATCH(Sheet1!F24,MucHoTro!$G$5:$G$10,0),1),"") -> Tạp chí trong nhóm Q2 thuộc lĩnh vực nghiên cứu gần nhất của bài báo (Q2)
A25: 21 | B25: Optimizing Levenberg–Marquardt backpropagation technique in predicting factor of safety of slopes after two-dimensional OptumG2 analysis | C25: Bùi Xuân Nam, Mohammed Abdullahi Muazu, Hoang Nguyen | F25: Q2 | I25: x | J25: =IF(F25="Q1a",MucHoTro!$H$5,IF(F25="Q1b",MucHoTro!$H$6,IF(F25="Q2",MucHoTro!$H$7,IF(F25="Q3",MucHoTro!$H$8,IF(F25="Q4",MucHoTro!$H$9))))) -> 1.1 | K25: =IF(G25="x",MucHoTro!$C$5,IF(H25="x",MucHoTro!$D$5,IF(I25="x",MucHoTro!$E$5))) -> 1 | L25: =J25*K25 -> 1.1 | M25: =L25*2000000 -> 2200000 | N25: =IF(F25<>"",INDEX(MucHoTro!$B$5:$B$10,MATCH(Sheet1!F25,MucHoTro!$G$5:$G$10,0),1),"") -> Tạp chí trong nhóm Q2 thuộc lĩnh vực nghiên cứu gần nhất của bài báo (Q2)
A26: 22 | B26: Neuro-genetic, neuro-imperialism and genetic programing models in predicting ultimate bearing capacity of pile | C26: Wusi Chen, Payam Sarir, Bùi Xuân Nam, Nguyễn Hoàng, M. M. Tahir, Danial Jahed Armaghani | F26: Q2 | I26: x | J26: =IF(F26="Q1a",MucHoTro!$H$5,IF(F26="Q1b",MucHoTro!$H$6,IF(F26="Q2",MucHoTro!$H$7,IF(F26="Q3",MucHoTro!$H$8,IF(F26="Q4",MucHoTro!$H$9))))) -> 1.1 | K26: =IF(G26="x",MucHoTro!$C$5,IF(H26="x",MucHoTro!$D$5,IF(I26="x",MucHoTro!$E$5))) -> 1 | L26: =J26*K26 -> 1.1 | M26: =L26*2000000 -> 2200000 | N26: =IF(F26<>"",INDEX(MucHoTro!$B$5:$B$10,MATCH(Sheet1!F26,MucHoTro!$G$5:$G$10,0),1),"") -> Tạp chí trong nhóm Q2 thuộc lĩnh vực nghiên cứu gần nhất của bài báo (Q2)
A27: 23 | B27: Novel Soft Computing Model for Predicting Blast-Induced Ground Vibration in Open-Pit Mines Based on Particle Swarm Optimization and XGBoost | C27: Xiliang Zhang, Hoang Nguyen, Bùi Xuân Nam, Trần Quang Hiếu, Nguyễn Đình An, Dieu Tien Bui, Hossein Moayedi | F27: Q1 | I27: x | J27: =IF(F27="Q1a",MucHoTro!$H$5,IF(F27="Q1b",MucHoTro!$H$6,IF(F27="Q2",MucHoTro!$H$7,IF(F27="Q3",MucHoTro!$H$8,IF(F27="Q4",MucHoTro!$H$9))))) -> FALSE | K27: =IF(G27="x",MucHoTro!$C$5,IF(H27="x",MucHoTro!$D$5,IF(I27="x",MucHoTro!$E$5))) -> 1 | L27: =J27*K27 -> 0 | M27: =L27*2000000 -> 0 | N27: =IF(F27<>"",INDEX(MucHoTro!$B$5:$B$10,MATCH(Sheet1!F27,MucHoTro!$G$5:$G$10,0),1),"") -> #N/A
A28: 24 | B28: Composition and Morphology Characteristics of Magnetic Fractions of Coal Fly Ash Wastes Processed in High-Temperature Exposure in Thermal Power Plants | C28: Vũ Đình Hiếu, Bùi Hoàng Bắc, Bahareh Kalantar, Bùi Xuân Nam, Nguyễn Đình An, Lê Quý Thảo, Đỗ Ngọc Hoàn, Hoang Nguyen | F28: Q3 | G28: x | J28: =IF(F28="Q1a",MucHoTro!$H$5,IF(F28="Q1b",MucHoTro!$H$6,IF(F28="Q2",MucHoTro!$H$7,IF(F28="Q3",MucHoTro!$H$8,IF(F28="Q4",MucHoTro!$H$9))))) -> 0.9 | K28: =IF(G28="x",MucHoTro!$C$5,IF(H28="x",MucHoTro!$D$5,IF(I28="x",MucHoTro!$E$5))) -> 1.5 | L28: =J28*K28 -> 1.35 | M28: =L28*2000000 -> 2700000 | N28: =IF(F28<>"",INDEX(MucHoTro!$B$5:$B$10,MATCH(Sheet1!F28,MucHoTro!$G$5:$G$10,0),1),"") -> Tạp chí trong nhóm Q3 thuộc lĩnh vực nghiên cứu gần nhất của bài báo (Q3)
A29: 25 | B29: A comparison of advanced computational models and experimental techniques in predicting blast-induced ground vibration in open-pit coal mine | C29: Hoang Nguyen, Bùi Xuân Nam, Hossein Moayedi | F29: Q3 | I29: x | J29: =IF(F29="Q1a",MucHoTro!$H$5,IF(F29="Q1b",MucHoTro!$H$6,IF(F29="Q2",MucHoTro!$H$7,IF(F29="Q3",MucHoTro!$H$8,IF(F29="Q4",MucHoTro!$H$9))))) -> 0.9 | K29: =IF(G29="x",MucHoTro!$C$5,IF(H29="x",MucHoTro!$D$5,IF(I29="x",MucHoTro!$E$5))) -> 1 | L29: =J29*K29 -> 0.9 | M29: =L29*2000000 -> 1800000 | N29: =IF(F29<>"",INDEX(MucHoTro!$B$5:$B$10,MATCH(Sheet1!F29,MucHoTro!$G$5:$G$10,0),1),"") -> Tạp chí trong nhóm Q3 thuộc lĩnh vực nghiên cứu gần nhất của bài báo (Q3)
A30: 26 | B30: A Novel Artificial Intelligence Approach to Predict Blast-Induced Ground Vibration in Open-Pit Mines Based on the Firefly Algorithm and Artificial Neural Network | C30: Yonghui Shang, Hoang Nguyen, Bùi Xuân Nam, Trần Quang Hiếu, Hossein Moayedi | F30: Q1 | G30: x | J30: =IF(F30="Q1a",MucHoTro!$H$5,IF(F30="Q1b",MucHoTro!$H$6,IF(F30="Q2",MucHoTro!$H$7,IF(F30="Q3",MucHoTro!$H$8,IF(F30="Q4",MucHoTro!$H$9))))) -> FALSE | K30: =IF(G30="x",MucHoTro!$C$5,IF(H30="x",MucHoTro!$D$5,IF(I30="x",MucHoTro!$E$5))) -> 1.5 | L30: =J30*K30 -> 0 | M30: =L30*2000000 -> 0 | N30: =IF(F30<>"",INDEX(MucHoTro!$B$5:$B$10,MATCH(Sheet1!F30,MucHoTro!$G$5:$G$10,0),1),"") -> #N/A
A31: 27 | B31: Estimating PM10 Concentration from Drilling Operations in Open-Pit Mines Using an Assembly of SVR and PSO | C31: Bùi Xuân Nam (tác giả liên hệ), Chang Woo Lee, Hoang Nguyen, Bùi Hoàng Bắc, Nguyễn Quốc Long, Lê Quý Thảo, Van-Duc Nguyen, Ngoc-Bich Nguyen, Hossein Moayedi | F31: Q1 | G31: x | J31: =IF(F31="Q1a",MucHoTro!$H$5,IF(F31="Q1b",MucHoTro!$H$6,IF(F31="Q2",MucHoTro!$H$7,IF(F31="Q3",MucHoTro!$H$8,IF(F31="Q4",MucHoTro!$H$9))))) -> FALSE | K31: =IF(G31="x",MucHoTro!$C$5,IF(H31="x",MucHoTro!$D$5,IF(I31="x",MucHoTro!$E$5))) -> 1.5 | L31: =J31*K31 -> 0 | M31: =L31*2000000 -> 0 | N31: =IF(F31<>"",INDEX(MucHoTro!$B$5:$B$10,MATCH(Sheet1!F31,MucHoTro!$G$5:$G$10,0),1),"") -> #N/A
A32: 28 | B32: Predicting blast-induced peak particle velocity using BGAMs, ANN and SVM: a case study at the Nui Beo open-pit coal mine in Vietnam | C32: Hoang Nguyen, Bùi Xuân Nam, Trần Quang Hiếu, Hossein Moayedi | F32: Q2 | I32: x | J32: =IF(F32="Q1a",MucHoTro!$H$5,IF(F32="Q1b",MucHoTro!$H$6,IF(F32="Q2",MucHoTro!$H$7,IF(F32="Q3",MucHoTro!$H$8,IF(F32="Q4",MucHoTro!$H$9))))) -> 1.1 | K32: =IF(G32="x",MucHoTro!$C$5,IF(H32="x",MucHoTro!$D$5,IF(I32="x",MucHoTro!$E$5))) -> 1 | L32: =J32*K32 -> 1.1 | M32: =L32*2000000 -> 2200000 | N32: =IF(F32<>"",INDEX(MucHoTro!$B$5:$B$10,MATCH(Sheet1!F32,MucHoTro!$G$5:$G$10,0),1),"") -> Tạp chí trong nhóm Q2 thuộc lĩnh vực nghiên cứu gần nhất của bài báo (Q2)
A33: 29 | B33: A New Technique to Predict Fly-rock in Bench Blasting Based on an Ensemble of Support Vector Regression and GLMNET | C33: Hoang Nguyen,Bùi Xuân Nam, Trần Quang Hiếu, Hossein Moayedi | F33: Q1 | G33: x | J33: =IF(F33="Q1a",MucHoTro!$H$5,IF(F33="Q1b",MucHoTro!$H$6,IF(F33="Q2",MucHoTro!$H$7,IF(F33="Q3",MucHoTro!$H$8,IF(F33="Q4",MucHoTro!$H$9))))) -> FALSE | K33: =IF(G33="x",MucHoTro!$C$5,IF(H33="x",MucHoTro!$D$5,IF(I33="x",MucHoTro!$E$5))) -> 1.5 | L33: =J33*K33 -> 0 | M33: =L33*2000000 -> 0 | N33: =IF(F33<>"",INDEX(MucHoTro!$B$5:$B$10,MATCH(Sheet1!F33,MucHoTro!$G$5:$G$10,0),1),"") -> #N/A
A34: 30 | B34: A novel approach in adsorption of heavy metal ions from aqueous solution using synthesized MCM-41 from coal bottom ash | C34: Vũ Đình Hiếu, Hoang-Bac Bui, Bùi Xuân Nam, Nguyễn Đình An, Lê Quý Thảo, Đỗ Ngọc Hoàn, Hoang Nguyen | F34: Q3 | G34: x | J34: =IF(F34="Q1a",MucHoTro!$H$5,IF(F34="Q1b",MucHoTro!$H$6,IF(F34="Q2",MucHoTro!$H$7,IF(F34="Q3",MucHoTro!$H$8,IF(F34="Q4",MucHoTro!$H$9))))) -> 0.9 | K34: =IF(G34="x",MucHoTro!$C$5,IF(H34="x",MucHoTro!$D$5,IF(I34="x",MucHoTro!$E$5))) -> 1.5 | L34: =J34*K34 -> 1.35 | M34: =L34*2000000 -> 2700000 | N34: =IF(F34<>"",INDEX(MucHoTro!$B$5:$B$10,MATCH(Sheet1!F34,MucHoTro!$G$5:$G$10,0),1),"") -> Tạp chí trong nhóm Q3 thuộc lĩnh vực nghiên cứu gần nhất của bài báo (Q3)
A35: 31 | B35: A novel artificial intelligence technique for analyzing slope stability using PSO-CA model | C35: Zhenyan Luo, Bùi Xuân Nam, Hoang Nguyen, Hossein Moayedi | F35: Q1 | G35: x | J35: =IF(F35="Q1a",MucHoTro!$H$5,IF(F35="Q1b",MucHoTro!$H$6,IF(F35="Q2",MucHoTro!$H$7,IF(F35="Q3",MucHoTro!$H$8,IF(F35="Q4",MucHoTro!$H$9))))) -> FALSE | K35: =IF(G35="x",MucHoTro!$C$5,IF(H35="x",MucHoTro!$D$5,IF(I35="x",MucHoTro!$E$5))) -> 1.5 | L35: =J35*K35 -> 0 | M35: =L35*2000000 -> 0 | N35: =IF(F35<>"",INDEX(MucHoTro!$B$5:$B$10,MATCH(Sheet1!F35,MucHoTro!$G$5:$G$10,0),1),"") -> #N/A
A36: 32 | B36: A Novel Swarm Intelligence—Harris Hawks Optimization for Spatial Assessment of Landslide Susceptibility | C36: Dieu Tien Bui, Hossein Moayedi, Bahareh Kalantar, Abdolreza Osouli, Biswajeet Pradhan, Nguyễn Hoàng, Ahmad Safuan A Rashid | F36: Q1 | I36: x | J36: =IF(F36="Q1a",MucHoTro!$H$5,IF(F36="Q1b",MucHoTro!$H$6,IF(F36="Q2",MucHoTro!$H$7,IF(F36="Q3",MucHoTro!$H$8,IF(F36="Q4",MucHoTro!$H$9))))) -> FALSE | K36: =IF(G36="x",MucHoTro!$C$5,IF(H36="x",MucHoTro!$D$5,IF(I36="x",MucHoTro!$E$5))) -> 1 | L36: =J36*K36 -> 0 | M36: =L36*2000000 -> 0 | N36: =IF(F36<>"",INDEX(MucHoTro!$B$5:$B$10,MATCH(Sheet1!F36,MucHoTro!$G$5:$G$10,0),1),"") -> #N/A
A37: 33 | B37: Forecasting mining capital cost for open-pit mining projects based on artificial neural network approach | C37: Hongquan Guo, Hoang Nguyen, Vũ Diệp Anh, Bùi Xuân Nam (đồng tác giả) | F37: Q1 | I37: x | J37: =IF(F37="Q1a",MucHoTro!$H$5,IF(F37="Q1b",MucHoTro!$H$6,IF(F37="Q2",MucHoTro!$H$7,IF(F37="Q3",MucHoTro!$H$8,IF(F37="Q4",MucHoTro!$H$9))))) -> FALSE | K37: =IF(G37="x",MucHoTro!$C$5,IF(H37="x",MucHoTro!$D$5,IF(I37="x",MucHoTro!$E$5))) -> 1 | L37: =J37*K37 -> 0 | M37: =L37*2000000 -> 0 | N37: =IF(F37<>"",INDEX(MucHoTro!$B$5:$B$10,MATCH(Sheet1!F37,MucHoTro!$G$5:$G$10,0),1),"") -> #N/A
A38: 34 | B38: Prediction of Pullout Behavior of Belled Piles through Various Machine Learning Modelling Techniques | C38: Dieu Tien Bui, Hossein Moayedi, Mu’azu Mohammed Abdullahi, Ahmad Safuan A Rashid, Nguyễn Hoàng (đồng tác giả) | F38: Q1 | I38: x | J38: =IF(F38="Q1a",MucHoTro!$H$5,IF(F38="Q1b",MucHoTro!$H$6,IF(F38="Q2",MucHoTro!$H$7,IF(F38="Q3",MucHoTro!$H$8,IF(F38="Q4",MucHoTro!$H$9))))) -> FALSE | K38: =IF(G38="x",MucHoTro!$C$5,IF(H38="x",MucHoTro!$D$5,IF(I38="x",MucHoTro!$E$5))) -> 1 | L38: =J38*K38 -> 0 | M38: =L38*2000000 -> 0 | N38: =IF(F38<>"",INDEX(MucHoTro!$B$5:$B$10,MATCH(Sheet1!F38,MucHoTro!$G$5:$G$10,0),1),"") -> #N/A
A39: 35 | B39: Computational Intelligence Model for Estimating Intensity of Blast-Induced Ground Vibration in a Mine Based on Imperialist Competitive and Extreme Gradient Boosting Algorithms | C39: Ziwei Ding, Hoang Nguyen, Bùi Xuân Nam (đồng tác giả), Jian Zhou, Hossein Moayedi | F39: Q2 | I39: x | J39: =IF(F39="Q1a",MucHoTro!$H$5,IF(F39="Q1b",MucHoTro!$H$6,IF(F39="Q2",MucHoTro!$H$7,IF(F39="Q3",MucHoTro!$H$8,IF(F39="Q4",MucHoTro!$H$9))))) -> 1.1 | K39: =IF(G39="x",MucHoTro!$C$5,IF(H39="x",MucHoTro!$D$5,IF(I39="x",MucHoTro!$E$5))) -> 1 | L39: =J39*K39 -> 1.1 | M39: =L39*2000000 -> 2200000 | N39: =IF(F39<>"",INDEX(MucHoTro!$B$5:$B$10,MATCH(Sheet1!F39,MucHoTro!$G$5:$G$10,0),1),"") -> Tạp chí trong nhóm Q2 thuộc lĩnh vực nghiên cứu gần nhất của bài báo (Q2)
A40: 36 | B40: Fine-tuning of neural computing using whale optimization algorithm for predicting compressive strength of concrete | C40: Dieu Tien Bui, Mu’azu Mohammed Abdullahi, Soheil Ghareh, Hossein Moayedi, Nguyễn Hoàng (đồng tác giả) | F40: Q1 | I40: x | J40: =IF(F40="Q1a",MucHoTro!$H$5,IF(F40="Q1b",MucHoTro!$H$6,IF(F40="Q2",MucHoTro!$H$7,IF(F40="Q3",MucHoTro!$H$8,IF(F40="Q4",MucHoTro!$H$9))))) -> FALSE | K40: =IF(G40="x",MucHoTro!$C$5,IF(H40="x",MucHoTro!$D$5,IF(I40="x",MucHoTro!$E$5))) -> 1 | L40: =J40*K40 -> 0 | M40: =L40*2000000 -> 0 | N40: =IF(F40<>"",INDEX(MucHoTro!$B$5:$B$10,MATCH(Sheet1!F40,MucHoTro!$G$5:$G$10,0),1),"") -> #N/A
A41: 37 | B41: A Novel Hybrid Model for Predicting Blast-Induced Ground Vibration Based on k-Nearest Neighbors and Particle Swarm Optimization | C41: Bùi Xuân Nam, Pirat Jaroonpattanapong, Hoang Nguyen, Trần Quang Hiếu, Nguyễn Quốc Long | F41: Q1 | I41: x | J41: =IF(F41="Q1a",MucHoTro!$H$5,IF(F41="Q1b",MucHoTro!$H$6,IF(F41="Q2",MucHoTro!$H$7,IF(F41="Q3",MucHoTro!$H$8,IF(F41="Q4",MucHoTro!$H$9))))) -> FALSE | K41: =IF(G41="x",MucHoTro!$C$5,IF(H41="x",MucHoTro!$D$5,IF(I41="x",MucHoTro!$E$5))) -> 1 | L41: =J41*K41 -> 0 | M41: =L41*2000000 -> 0 | N41: =IF(F41<>"",INDEX(MucHoTro!$B$5:$B$10,MATCH(Sheet1!F41,MucHoTro!$G$5:$G$10,0),1),"") -> #N/A
A42: 38 | B42: Toward a state-of-the-art of fly-rock prediction technology in open-pit mines using EANNs model | C42: Hoang Nguyen, Bùi Xuân Nam, Trung Nguyen-Thoi, Prashanth Ragam, Hossein Moayedi | F42: Q1 | G42: x | J42: =IF(F42="Q1a",MucHoTro!$H$5,IF(F42="Q1b",MucHoTro!$H$6,IF(F42="Q2",MucHoTro!$H$7,IF(F42="Q3",MucHoTro!$H$8,IF(F42="Q4",MucHoTro!$H$9))))) -> FALSE | K42: =IF(G42="x",MucHoTro!$C$5,IF(H42="x",MucHoTro!$D$5,IF(I42="x",MucHoTro!$E$5))) -> 1.5 | L42: =J42*K42 -> 0 | M42: =L42*2000000 -> 0 | N42: =IF(F42<>"",INDEX(MucHoTro!$B$5:$B$10,MATCH(Sheet1!F42,MucHoTro!$G$5:$G$10,0),1),"") -> #N/A
A43: 39 | B43: Prediction of Blast-Induced Ground Vibration Intensity in Open-Pit Mines Using Unmanned Aerial Vehicle and a Novel Intelligence System | C43: Bùi Xuân Nam (tác giả đầu), Yosoon Choi, Victor Atrushkevich, Nguyễn Hoàng, Trần Quang Hiếu, Nguyễn Quốc Long, Hung-Thang Hoang | F43: Q2 | I43: x | J43: =IF(F43="Q1a",MucHoTro!$H$5,IF(F43="Q1b",MucHoTro!$H$6,IF(F43="Q2",MucHoTro!$H$7,IF(F43="Q3",MucHoTro!$H$8,IF(F43="Q4",MucHoTro!$H$9))))) -> 1.1 | K43: =IF(G43="x",MucHoTro!$C$5,IF(H43="x",MucHoTro!$D$5,IF(I43="x",MucHoTro!$E$5))) -> 1 | L43: =J43*K43 -> 1.1 | M43: =L43*2000000 -> 2200000 | N43: =IF(F43<>"",INDEX(MucHoTro!$B$5:$B$10,MATCH(Sheet1!F43,MucHoTro!$G$5:$G$10,0),1),"") -> Tạp chí trong nhóm Q2 thuộc lĩnh vực nghiên cứu gần nhất của bài báo (Q2)
A44: 40 | B44: Estimation of Blast-Induced Air Overpressure in Quarry Mines Using Cubist-Based Genetic Algorithm | C44: Qiancheng Fang, Hoang Nguyen, Bùi Xuân Nam, Trần Quang Hiếu (đồng tác giả) | F44: Q2 | I44: x | J44: =IF(F44="Q1a",MucHoTro!$H$5,IF(F44="Q1b",MucHoTro!$H$6,IF(F44="Q2",MucHoTro!$H$7,IF(F44="Q3",MucHoTro!$H$8,IF(F44="Q4",MucHoTro!$H$9))))) -> 1.1 | K44: =IF(G44="x",MucHoTro!$C$5,IF(H44="x",MucHoTro!$D$5,IF(I44="x",MucHoTro!$E$5))) -> 1 | L44: =J44*K44 -> 1.1 | M44: =L44*2000000 -> 2200000 | N44: =IF(F44<>"",INDEX(MucHoTro!$B$5:$B$10,MATCH(Sheet1!F44,MucHoTro!$G$5:$G$10,0),1),"") -> Tạp chí trong nhóm Q2 thuộc lĩnh vực nghiên cứu gần nhất của bài báo (Q2)
A45: 41 | B45: Prediction of Blast-Induced Ground Vibration in Open-Pit Mines Using a New Technique Based on Imperialist Competitive Algorithm and M5Rules | C45: Qiancheng Fang, Hoang Nguyen, Bùi Xuân Nam (đồng tác giả), Trung Nguyen-Thoi | F45: Q2 | I45: x | J45: =IF(F45="Q1a",MucHoTro!$H$5,IF(F45="Q1b",MucHoTro!$H$6,IF(F45="Q2",MucHoTro!$H$7,IF(F45="Q3",MucHoTro!$H$8,IF(F45="Q4",MucHoTro!$H$9))))) -> 1.1 | K45: =IF(G45="x",MucHoTro!$C$5,IF(H45="x",MucHoTro!$D$5,IF(I45="x",MucHoTro!$E$5))) -> 1 | L45: =J45*K45 -> 1.1 | M45: =L45*2000000 -> 2200000 | N45: =IF(F45<>"",INDEX(MucHoTro!$B$5:$B$10,MATCH(Sheet1!F45,MucHoTro!$G$5:$G$10,0),1),"") -> Tạp chí trong nhóm Q2 thuộc lĩnh vực nghiên cứu gần nhất của bài báo (Q2)
A46: 42 | B46: Nonlinear evolutionary swarm intelligence of grasshopper optimization algorithm and gray wolf optimization for weight adjustment of neural network | C46: Hossein Moayedi, Nguyễn Hoàng (đồng tác giả), Loke Kok Foong | F46: Q1 | G46: x | J46: =IF(F46="Q1a",MucHoTro!$H$5,IF(F46="Q1b",MucHoTro!$H$6,IF(F46="Q2",MucHoTro!$H$7,IF(F46="Q3",MucHoTro!$H$8,IF(F46="Q4",MucHoTro!$H$9))))) -> FALSE | K46: =IF(G46="x",MucHoTro!$C$5,IF(H46="x",MucHoTro!$D$5,IF(I46="x",MucHoTro!$E$5))) -> 1.5 | L46: =J46*K46 -> 0 | M46: =L46*2000000 -> 0 | N46: =IF(F46<>"",INDEX(MucHoTro!$B$5:$B$10,MATCH(Sheet1!F46,MucHoTro!$G$5:$G$10,0),1),"") -> #N/A
A47: 43 | B47: A Novel Artificial Intelligence Technique to Estimate the Gross Calorific Value of Coal Based on Meta-Heuristic and Support Vector Regression Algorithms | C47: Bùi Hoàng Bắc (tác giả chính), Hoang Nguyen, Yosoon Choi, Bùi Xuân Nam, Trung Nguyen-Thoi, Yousef Zandi | F47: Q1 | G47: x | J47: =IF(F47="Q1a",MucHoTro!$H$5,IF(F47="Q1b",MucHoTro!$H$6,IF(F47="Q2",MucHoTro!$H$7,IF(F47="Q3",MucHoTro!$H$8,IF(F47="Q4",MucHoTro!$H$9))))) -> FALSE | K47: =IF(G47="x",MucHoTro!$C$5,IF(H47="x",MucHoTro!$D$5,IF(I47="x",MucHoTro!$E$5))) -> 1.5 | L47: =J47*K47 -> 0 | M47: =L47*2000000 -> 0 | N47: =IF(F47<>"",INDEX(MucHoTro!$B$5:$B$10,MATCH(Sheet1!F47,MucHoTro!$G$5:$G$10,0),1),"") -> #N/A
A48: 44 | B48: Two novel neural-evolutionary predictive techniques of dragonfly algorithm (DA) and biogeography-based optimization (BBO) for landslide susceptibility analysis | C48: Hossein Moayedi, Abdolreza Osouli, Dieu Tien Bui, Loke Kok Foong, Nguyễn Hoàng (đồng tác giả), Bahareh Kalantar | F48: Q1 | G48: x | J48: =IF(F48="Q1a",MucHoTro!$H$5,IF(F48="Q1b",MucHoTro!$H$6,IF(F48="Q2",MucHoTro!$H$7,IF(F48="Q3",MucHoTro!$H$8,IF(F48="Q4",MucHoTro!$H$9))))) -> FALSE | K48: =IF(G48="x",MucHoTro!$C$5,IF(H48="x",MucHoTro!$D$5,IF(I48="x",MucHoTro!$E$5))) -> 1.5 | L48: =J48*K48 -> 0 | M48: =L48*2000000 -> 0 | N48: =IF(F48<>"",INDEX(MucHoTro!$B$5:$B$10,MATCH(Sheet1!F48,MucHoTro!$G$5:$G$10,0),1),"") -> #N/A
A49: 45 | B49: Experimental and analytical analysis of the effect of fibre treatment on the thermomechanicalbehaviour of continuous carbon textile subjected to simultaneous elevated temperature and uniaxial tensile loadings | C49: Trần Mạnh Tiến (tác giả đầu), Xuan Hong VU*, Emmanuel FERRIER | F49: Q1 | G49: x | J49: =IF(F49="Q1a",MucHoTro!$H$5,IF(F49="Q1b",MucHoTro!$H$6,IF(F49="Q2",MucHoTro!$H$7,IF(F49="Q3",MucHoTro!$H$8,IF(F49="Q4",MucHoTro!$H$9))))) -> FALSE | K49: =IF(G49="x",MucHoTro!$C$5,IF(H49="x",MucHoTro!$D$5,IF(I49="x",MucHoTro!$E$5))) -> 1.5 | L49: =J49*K49 -> 0 | M49: =L49*2000000 -> 0 | N49: =IF(F49<>"",INDEX(MucHoTro!$B$5:$B$10,MATCH(Sheet1!F49,MucHoTro!$G$5:$G$10,0),1),"") -> #N/A
A50: 46 | B50: Mesoscale experimental investigation of thermomechanicalbehaviour of the carbon textile reinforced refractory concrete under simultaneous mechanical loading and elevated temperature | C50: Trần Mạnh Tiến (tác giả đầu), Xuan Hong VU*, Emmanuel FERRIER | F50: Q1 | G50: x | J50: =IF(F50="Q1a",MucHoTro!$H$5,IF(F50="Q1b",MucHoTro!$H$6,IF(F50="Q2",MucHoTro!$H$7,IF(F50="Q3",MucHoTro!$H$8,IF(F50="Q4",MucHoTro!$H$9))))) -> FALSE | K50: =IF(G50="x",MucHoTro!$C$5,IF(H50="x",MucHoTro!$D$5,IF(I50="x",MucHoTro!$E$5))) -> 1.5 | L50: =J50*K50 -> 0 | M50: =L50*2000000 -> 0 | N50: =IF(F50<>"",INDEX(MucHoTro!$B$5:$B$10,MATCH(Sheet1!F50,MucHoTro!$G$5:$G$10,0),1),"") -> #N/A
A51: 47 | B51: A new cavability assessment for Longwall Top Coal Caving from discontinuum numerical analysis | C51: Lê Tiến Dũng (tác giả chính), Zhang Chengguo, Oh Joung, Mitra Rudrajit, Hebblewhite Bruce. | F51: Q1 | G51: x | J51: =IF(F51="Q1a",MucHoTro!$H$5,IF(F51="Q1b",MucHoTro!$H$6,IF(F51="Q2",MucHoTro!$H$7,IF(F51="Q3",MucHoTro!$H$8,IF(F51="Q4",MucHoTro!$H$9))))) -> FALSE | K51: =IF(G51="x",MucHoTro!$C$5,IF(H51="x",MucHoTro!$D$5,IF(I51="x",MucHoTro!$E$5))) -> 1.5 | L51: =J51*K51 -> 0 | M51: =L51*2000000 -> 0 | N51: =IF(F51<>"",INDEX(MucHoTro!$B$5:$B$10,MATCH(Sheet1!F51,MucHoTro!$G$5:$G$10,0),1),"") -> #N/A
A52: 48 | B52: Improving Accuracy of Altimeter-derived Marine Gravity Anomalies for Geological Structure Research in the Vietnam South-Central Continental Shelf and Adjacent Areas | C52: Trần Tuấn Dũng, R. G. Kulinich, Nguyễn Văn Sáng (Đồng tác giả), Bui Cong Que, Nguyen Ba Dai, Nguyen Kim Dung, Tran Tuan Duong, Tran Trong Lap | F52: Q3 | G52: x | J52: =IF(F52="Q1a",MucHoTro!$H$5,IF(F52="Q1b",MucHoTro!$H$6,IF(F52="Q2",MucHoTro!$H$7,IF(F52="Q3",MucHoTro!$H$8,IF(F52="Q4",MucHoTro!$H$9))))) -> 0.9 | K52: =IF(G52="x",MucHoTro!$C$5,IF(H52="x",MucHoTro!$D$5,IF(I52="x",MucHoTro!$E$5))) -> 1.5 | L52: =J52*K52 -> 1.35 | M52: =L52*2000000 -> 2700000 | N52: =IF(F52<>"",INDEX(MucHoTro!$B$5:$B$10,MATCH(Sheet1!F52,MucHoTro!$G$5:$G$10,0),1),"") -> Tạp chí trong nhóm Q3 thuộc lĩnh vực nghiên cứu gần nhất của bài báo (Q3)
A53: 49 | B53: A high-resolution gravimetric quasigeoid model for Vietnam | C53: Vũ Đình Toàn (tác giả chính, liên hệ), Sean Bruinsma, Sylvain Bonvalot | F53: 1.209 (SJR) | G53: x | J53: =IF(F53="Q1a",MucHoTro!$H$5,IF(F53="Q1b",MucHoTro!$H$6,IF(F53="Q2",MucHoTro!$H$7,IF(F53="Q3",MucHoTro!$H$8,IF(F53="Q4",MucHoTro!$H$9))))) -> FALSE | K53: =IF(G53="x",MucHoTro!$C$5,IF(H53="x",MucHoTro!$D$5,IF(I53="x",MucHoTro!$E$5))) -> 1.5 | L53: =J53*K53 -> 0 | M53: =L53*2000000 -> 0 | N53: =IF(F53<>"",INDEX(MucHoTro!$B$5:$B$10,MATCH(Sheet1!F53,MucHoTro!$G$5:$G$10,0),1),"") -> #N/A
A54: 50 | B54: Integrating Sentinel-1A SAR data and GIS to estimate aboveground biomass and carbon accumulation for tropical forest types in Thuan Chau district, Vietnam | C54: ManhVan Phamab,Tam MinhPhamb,Quan VuViet Dub, Quang-ThanhBuiab, Trần Vân Anh, Hai MinhPhamd, Thach NgocNguyenb | F54: Q2 | G54: x | J54: =IF(F54="Q1a",MucHoTro!$H$5,IF(F54="Q1b",MucHoTro!$H$6,IF(F54="Q2",MucHoTro!$H$7,IF(F54="Q3",MucHoTro!$H$8,IF(F54="Q4",MucHoTro!$H$9))))) -> 1.1 | K54: =IF(G54="x",MucHoTro!$C$5,IF(H54="x",MucHoTro!$D$5,IF(I54="x",MucHoTro!$E$5))) -> 1.5 | L54: =J54*K54 -> 1.65 | M54: =L54*2000000 -> 3300000 | N54: =IF(F54<>"",INDEX(MucHoTro!$B$5:$B$10,MATCH(Sheet1!F54,MucHoTro!$G$5:$G$10,0),1),"") -> Tạp chí trong nhóm Q2 thuộc lĩnh vực nghiên cứu gần nhất của bài báo (Q2)
A55: 51 | B55: On-line Smoothing and Error Modelling for Integration of GNSS and Visual Odometry | C55: Dương Thành Trung (tác giả chính, liên hệ), Kai-Wei Chiang and Dinh Thuan Le | F55: Q2 | G55: x | J55: =IF(F55="Q1a",MucHoTro!$H$5,IF(F55="Q1b",MucHoTro!$H$6,IF(F55="Q2",MucHoTro!$H$7,IF(F55="Q3",MucHoTro!$H$8,IF(F55="Q4",MucHoTro!$H$9))))) -> 1.1 | K55: =IF(G55="x",MucHoTro!$C$5,IF(H55="x",MucHoTro!$D$5,IF(I55="x",MucHoTro!$E$5))) -> 1.5 | L55: =J55*K55 -> 1.65 | M55: =L55*2000000 -> 3300000 | N55: =IF(F55<>"",INDEX(MucHoTro!$B$5:$B$10,MATCH(Sheet1!F55,MucHoTro!$G$5:$G$10,0),1),"") -> Tạp chí trong nhóm Q2 thuộc lĩnh vực nghiên cứu gần nhất của bài báo (Q2)
A56: 52 | B56: Downscaling Gridded DEMs Using the Hopfield Neural Network | C56: Nguyễn Quang Minh (tác giả chính); Nguyễn Thị Thu Hương; Phu Hien La; Hugh G. Lewis ; Peter M. Atkinson | F56: Q1 | G56: x | J56: =IF(F56="Q1a",MucHoTro!$H$5,IF(F56="Q1b",MucHoTro!$H$6,IF(F56="Q2",MucHoTro!$H$7,IF(F56="Q3",MucHoTro!$H$8,IF(F56="Q4",MucHoTro!$H$9))))) -> FALSE | K56: =IF(G56="x",MucHoTro!$C$5,IF(H56="x",MucHoTro!$D$5,IF(I56="x",MucHoTro!$E$5))) -> 1.5 | L56: =J56*K56 -> 0 | M56: =L56*2000000 -> 0 | N56: =IF(F56<>"",INDEX(MucHoTro!$B$5:$B$10,MATCH(Sheet1!F56,MucHoTro!$G$5:$G$10,0),1),"") -> #N/A
A57: 53 | B57: A hybrid computational intelligence approach for predicting soil shear strength for urban housing construction: a case study at Vinhomes Imperia project, Hai Phong city (Vietnam) | C57: Nhữ Việt Hà, Hoang Nhat Duc, Dương Văn Bình, Vu Hong Dang, Bui Tien Dieu | F57: Q1 | I57: x | J57: =IF(F57="Q1a",MucHoTro!$H$5,IF(F57="Q1b",MucHoTro!$H$6,IF(F57="Q2",MucHoTro!$H$7,IF(F57="Q3",MucHoTro!$H$8,IF(F57="Q4",MucHoTro!$H$9))))) -> FALSE | K57: =IF(G57="x",MucHoTro!$C$5,IF(H57="x",MucHoTro!$D$5,IF(I57="x",MucHoTro!$E$5))) -> 1 | L57: =J57*K57 -> 0 | M57: =L57*2000000 -> 0 | N57: =IF(F57<>"",INDEX(MucHoTro!$B$5:$B$10,MATCH(Sheet1!F57,MucHoTro!$G$5:$G$10,0),1),"") -> #N/A
A58: 54 | B58: Advanced soft computing techniques for predicting soil compression coefficient in engineering project: a comparative study | C58: Nhữ Việt Hà (tác giả đầu), Pijush Samui, Deepak Kumar, Anshuman Singh, Hoang Nhat Duc, Bui Tien Dieu | F58: Q1 | G58: x | J58: =IF(F58="Q1a",MucHoTro!$H$5,IF(F58="Q1b",MucHoTro!$H$6,IF(F58="Q2",MucHoTro!$H$7,IF(F58="Q3",MucHoTro!$H$8,IF(F58="Q4",MucHoTro!$H$9))))) -> FALSE | K58: =IF(G58="x",MucHoTro!$C$5,IF(H58="x",MucHoTro!$D$5,IF(I58="x",MucHoTro!$E$5))) -> 1.5 | L58: =J58*K58 -> 0 | M58: =L58*2000000 -> 0 | N58: =IF(F58<>"",INDEX(MucHoTro!$B$5:$B$10,MATCH(Sheet1!F58,MucHoTro!$G$5:$G$10,0),1),"") -> #N/A
A59: 55 | B59: A New Approach of Hybrid Bee Colony Optimized Neural Computing to Estimate the Soil Compression Coefficient for a Housing Construction Project | C59: Pijush Samui, Bui Tien Dieu, Nhữ Việt Hà, Nguyen My Linh, Ngo Thi Phuong Thao, Bui Tien Dieu | F59: Q1 | G59: x | J59: =IF(F59="Q1a",MucHoTro!$H$5,IF(F59="Q1b",MucHoTro!$H$6,IF(F59="Q2",MucHoTro!$H$7,IF(F59="Q3",MucHoTro!$H$8,IF(F59="Q4",MucHoTro!$H$9))))) -> FALSE | K59: =IF(G59="x",MucHoTro!$C$5,IF(H59="x",MucHoTro!$D$5,IF(I59="x",MucHoTro!$E$5))) -> 1.5 | L59: =J59*K59 -> 0 | M59: =L59*2000000 -> 0 | N59: =IF(F59<>"",INDEX(MucHoTro!$B$5:$B$10,MATCH(Sheet1!F59,MucHoTro!$G$5:$G$10,0),1),"") -> #N/A
A60: 56 | B60: Utilizing Coal Bottom Ash from Thermal Power Plants in Vietnam as Partial Replacement of Aggregates in Concrete Pavement | C60: Nguyễn Thị Nụ, Thinh Phi Hong and Bùi Trường Sơn | F60: Q3 | I60: x | J60: =IF(F60="Q1a",MucHoTro!$H$5,IF(F60="Q1b",MucHoTro!$H$6,IF(F60="Q2",MucHoTro!$H$7,IF(F60="Q3",MucHoTro!$H$8,IF(F60="Q4",MucHoTro!$H$9))))) -> 0.9 | K60: =IF(G60="x",MucHoTro!$C$5,IF(H60="x",MucHoTro!$D$5,IF(I60="x",MucHoTro!$E$5))) -> 1 | L60: =J60*K60 -> 0.9 | M60: =L60*2000000 -> 1800000 | N60: =IF(F60<>"",INDEX(MucHoTro!$B$5:$B$10,MATCH(Sheet1!F60,MucHoTro!$G$5:$G$10,0),1),"") -> Tạp chí trong nhóm Q3 thuộc lĩnh vực nghiên cứu gần nhất của bài báo (Q3)
A61: 57 | B61: An Experimental Study of Reusing Coal Ash for Base Course of Road Pavement in Viet Nam | C61: Nguyễn Thị Nụ, Bùi Trường Sơn, Do Minh Ngoc | F61: Q4 | I61: x | J61: =IF(F61="Q1a",MucHoTro!$H$5,IF(F61="Q1b",MucHoTro!$H$6,IF(F61="Q2",MucHoTro!$H$7,IF(F61="Q3",MucHoTro!$H$8,IF(F61="Q4",MucHoTro!$H$9))))) -> 0.8 | K61: =IF(G61="x",MucHoTro!$C$5,IF(H61="x",MucHoTro!$D$5,IF(I61="x",MucHoTro!$E$5))) -> 1 | L61: =J61*K61 -> 0.8 | M61: =L61*2000000 -> 1600000 | N61: =IF(F61<>"",INDEX(MucHoTro!$B$5:$B$10,MATCH(Sheet1!F61,MucHoTro!$G$5:$G$10,0),1),"") -> Tạp chí trong nhóm Q4 thuộc lĩnh vực nghiên cứu gần nhất của bài báo (Q4)
A62: 58 | B62: Investigation into Groundwater Resources in Southetn Part of the Rad River’s Delta Plain, Vietnam by the Use of Isotopic Techniques | C62: Nguyễn Văn Lâm (tác giả đầu), Hoang Van Hoan, Dang Duc Nhan | F62: Q1 | G62: x | J62: =IF(F62="Q1a",MucHoTro!$H$5,IF(F62="Q1b",MucHoTro!$H$6,IF(F62="Q2",MucHoTro!$H$7,IF(F62="Q3",MucHoTro!$H$8,IF(F62="Q4",MucHoTro!$H$9))))) -> FALSE | K62: =IF(G62="x",MucHoTro!$C$5,IF(H62="x",MucHoTro!$D$5,IF(I62="x",MucHoTro!$E$5))) -> 1.5 | L62: =J62*K62 -> 0 | M62: =L62*2000000 -> 0 | N62: =IF(F62<>"",INDEX(MucHoTro!$B$5:$B$10,MATCH(Sheet1!F62,MucHoTro!$G$5:$G$10,0),1),"") -> #N/A
A63: 59 | B63: Estimating groundwater recharge for Hanoi, Vietnam | C63: Vũ Văn Hưng (tác giả chính, tác giả liên hệ), Broder J. Merkel | F63: Q1 | H63: x | J63: =IF(F63="Q1a",MucHoTro!$H$5,IF(F63="Q1b",MucHoTro!$H$6,IF(F63="Q2",MucHoTro!$H$7,IF(F63="Q3",MucHoTro!$H$8,IF(F63="Q4",MucHoTro!$H$9))))) -> FALSE | K63: =IF(G63="x",MucHoTro!$C$5,IF(H63="x",MucHoTro!$D$5,IF(I63="x",MucHoTro!$E$5))) -> 1.25 | L63: =J63*K63 -> 0 | M63: =L63*2000000 -> 0 | N63: =IF(F63<>"",INDEX(MucHoTro!$B$5:$B$10,MATCH(Sheet1!F63,MucHoTro!$G$5:$G$10,0),1),"") -> #N/A
A64: 60 | B64: Mineralogical and geochemical constraints on the origin and evolution of albitites from Dmytrivka at the Oktiabrski complex, Southeast Ukraine | C64: MagdalenaDumańska-Słowik, TomaszPowolny, MagdalenaSikorska-Jaworowska, WiesławHeflik, VyacheslavMorgun, Tô Xuân Bản | F64: Q1 | H64: x | J64: =IF(F64="Q1a",MucHoTro!$H$5,IF(F64="Q1b",MucHoTro!$H$6,IF(F64="Q2",MucHoTro!$H$7,IF(F64="Q3",MucHoTro!$H$8,IF(F64="Q4",MucHoTro!$H$9))))) -> FALSE | K64: =IF(G64="x",MucHoTro!$C$5,IF(H64="x",MucHoTro!$D$5,IF(I64="x",MucHoTro!$E$5))) -> 1.25 | L64: =J64*K64 -> 0 | M64: =L64*2000000 -> 0 | N64: =IF(F64<>"",INDEX(MucHoTro!$B$5:$B$10,MATCH(Sheet1!F64,MucHoTro!$G$5:$G$10,0),1),"") -> #N/A
A65: 61 | B65: Cambrian intra–oceanic arc trondhjemite and tonalite in the Tam Ky–Phuoc Son Suture Zone, central Vietnam: Implications for the early Paleozoic assembly of the Indochina Block | C65: Nguyễn Minh Quyền (tác giả chính), Qinglai Feng,Jian-WeiZi,Tianyu Zhao, Trần Thanh Hải, Ngô Xuân Thành, Dung My Tran, Nguyễn Quốc Hưng | F65: Q1 | G65: x | J65: =IF(F65="Q1a",MucHoTro!$H$5,IF(F65="Q1b",MucHoTro!$H$6,IF(F65="Q2",MucHoTro!$H$7,IF(F65="Q3",MucHoTro!$H$8,IF(F65="Q4",MucHoTro!$H$9))))) -> FALSE | K65: =IF(G65="x",MucHoTro!$C$5,IF(H65="x",MucHoTro!$D$5,IF(I65="x",MucHoTro!$E$5))) -> 1.5 | L65: =J65*K65 -> 0 | M65: =L65*2000000 -> 0 | N65: =IF(F65<>"",INDEX(MucHoTro!$B$5:$B$10,MATCH(Sheet1!F65,MucHoTro!$G$5:$G$10,0),1),"") -> #N/A
A66: 62 | B66: Determination of Abundances of Fifty‐Two Elements in Natural Waters by ICP‐MS with Freeze‐Drying Pre‐concentration | C66: Hoàng Đình Quế (tác giả chính), Tak Kunihiro, Chie Sakaguchi, Masahiro Yamanaka, Hiroshi Kitagawa, Eizo Nakamura | F66: Q1 | G66: x | J66: =IF(F66="Q1a",MucHoTro!$H$5,IF(F66="Q1b",MucHoTro!$H$6,IF(F66="Q2",MucHoTro!$H$7,IF(F66="Q3",MucHoTro!$H$8,IF(F66="Q4",MucHoTro!$H$9))))) -> FALSE | K66: =IF(G66="x",MucHoTro!$C$5,IF(H66="x",MucHoTro!$D$5,IF(I66="x",MucHoTro!$E$5))) -> 1.5 | L66: =J66*K66 -> 0 | M66: =L66*2000000 -> 0 | N66: =IF(F66<>"",INDEX(MucHoTro!$B$5:$B$10,MATCH(Sheet1!F66,MucHoTro!$G$5:$G$10,0),1),"") -> #N/A
A67: 63 | B67: Provenance, routing and weathering history of heavy minerals from coastal placer deposits of southern Vietnam | C67: Nguyễn Hữu Hiệp (tác giả chính, liên hệ), Andrew Carter, Hoàng Văn Long, Vũ Trường Sơn | F67: Q1 | G67: x | J67: =IF(F67="Q1a",MucHoTro!$H$5,IF(F67="Q1b",MucHoTro!$H$6,IF(F67="Q2",MucHoTro!$H$7,IF(F67="Q3",MucHoTro!$H$8,IF(F67="Q4",MucHoTro!$H$9))))) -> FALSE | K67: =IF(G67="x",MucHoTro!$C$5,IF(H67="x",MucHoTro!$D$5,IF(I67="x",MucHoTro!$E$5))) -> 1.5 | L67: =J67*K67 -> 0 | M67: =L67*2000000 -> 0 | N67: =IF(F67<>"",INDEX(MucHoTro!$B$5:$B$10,MATCH(Sheet1!F67,MucHoTro!$G$5:$G$10,0),1),"") -> #N/A
A68: 64 | B68: A Tentative Record of Mid-Holocene Sea-Level Highstand and Barrier Overwash from the Cam River Mouth, Vietnam | C68: Harry Williams, Hoàng Văn Long , Patrick Elliott, Nguyễn Hữu Hiệp (Đồng tác giả) , Mạnh Hà | F68: Q2 | G68: x | J68: =IF(F68="Q1a",MucHoTro!$H$5,IF(F68="Q1b",MucHoTro!$H$6,IF(F68="Q2",MucHoTro!$H$7,IF(F68="Q3",MucHoTro!$H$8,IF(F68="Q4",MucHoTro!$H$9))))) -> 1.1 | K68: =IF(G68="x",MucHoTro!$C$5,IF(H68="x",MucHoTro!$D$5,IF(I68="x",MucHoTro!$E$5))) -> 1.5 | L68: =J68*K68 -> 1.65 | M68: 6980000 | N68: =IF(F68<>"",INDEX(MucHoTro!$B$5:$B$10,MATCH(Sheet1!F68,MucHoTro!$G$5:$G$10,0),1),"") -> Tạp chí trong nhóm Q2 thuộc lĩnh vực nghiên cứu gần nhất của bài báo (Q2)
A69: 65 | B69: Does Neoproterozoic Nam Co Formation in Northwest Vietnam belong to South China or Indochina? | C69: Xueyao Zhou, Jin-Hai Yu, Tao Sun, Xiaolei Wang, My Dung Tran, Nguyễn Đình Luyện (đồng tác giả) | F69: Q1 | G69: x | J69: =IF(F69="Q1a",MucHoTro!$H$5,IF(F69="Q1b",MucHoTro!$H$6,IF(F69="Q2",MucHoTro!$H$7,IF(F69="Q3",MucHoTro!$H$8,IF(F69="Q4",MucHoTro!$H$9))))) -> FALSE | K69: =IF(G69="x",MucHoTro!$C$5,IF(H69="x",MucHoTro!$D$5,IF(I69="x",MucHoTro!$E$5))) -> 1.5 | L69: =J69*K69 -> 0 | M69: =L69*2000000 -> 0 | N69: =IF(F69<>"",INDEX(MucHoTro!$B$5:$B$10,MATCH(Sheet1!F69,MucHoTro!$G$5:$G$10,0),1),"") -> #N/A
A70: 66 | B70: Drought and Human impacts on land use and land cover change in a Vietnamese coastal area | C70: Trần Thị Hòa (tác giả chính, liên hệ), James B. Campbell, Randolph H. Wynne, Yang Shao, Phan Viết Sơn (đồng tác giả) | F70: Q1 | G70: x | J70: =IF(F70="Q1a",MucHoTro!$H$5,IF(F70="Q1b",MucHoTro!$H$6,IF(F70="Q2",MucHoTro!$H$7,IF(F70="Q3",MucHoTro!$H$8,IF(F70="Q4",MucHoTro!$H$9))))) -> FALSE | K70: =IF(G70="x",MucHoTro!$C$5,IF(H70="x",MucHoTro!$D$5,IF(I70="x",MucHoTro!$E$5))) -> 1.5 | L70: =J70*K70 -> 0 | M70: =L70*2000000 -> 0 | N70: =IF(F70<>"",INDEX(MucHoTro!$B$5:$B$10,MATCH(Sheet1!F70,MucHoTro!$G$5:$G$10,0),1),"") -> #N/A
A71: 67 | B71: Thermal Fluctuations in the Phase Structure of the Excitonic Insulator Charge Density Wave State in the Extended Falicov-Kimball Model | C71: Đỗ Thị Hồng Hải (tác giả đầu), Huu-Nha Nguyen and Van-Nham Phan | F71: Q2 | G71: x | J71: =IF(F71="Q1a",MucHoTro!$H$5,IF(F71="Q1b",MucHoTro!$H$6,IF(F71="Q2",MucHoTro!$H$7,IF(F71="Q3",MucHoTro!$H$8,IF(F71="Q4",MucHoTro!$H$9))))) -> 1.1 | K71: =IF(G71="x",MucHoTro!$C$5,IF(H71="x",MucHoTro!$D$5,IF(I71="x",MucHoTro!$E$5))) -> 1.5 | L71: =J71*K71 -> 1.65 | M71: =L71*2000000 -> 3300000 | N71: =IF(F71<>"",INDEX(MucHoTro!$B$5:$B$10,MATCH(Sheet1!F71,MucHoTro!$G$5:$G$10,0),1),"") -> Tạp chí trong nhóm Q2 thuộc lĩnh vực nghiên cứu gần nhất của bài báo (Q2)
A72: 68 | B72: Synthesis and characterization of NaYF4:Yb3+,Er3+@silica-N¼folic acid nanocomplex for bioimaginable detecting MCF-7 breast cancer cells | C72: Ha Thi Phuong, Tran Thu Huong, Lê Thị Vinh (đồng tác giả), Hoang Thi Khuyen , Do Thi Thao, Nguyen Thanh Huong Pham Thi Lien , Le Quoc Minh | F72: Q2 | I72: x | J72: =IF(F72="Q1a",MucHoTro!$H$5,IF(F72="Q1b",MucHoTro!$H$6,IF(F72="Q2",MucHoTro!$H$7,IF(F72="Q3",MucHoTro!$H$8,IF(F72="Q4",MucHoTro!$H$9))))) -> 1.1 | K72: =IF(G72="x",MucHoTro!$C$5,IF(H72="x",MucHoTro!$D$5,IF(I72="x",MucHoTro!$E$5))) -> 1 | L72: =J72*K72 -> 1.1 | M72: =L72*2000000 -> 2200000 | N72: =IF(F72<>"",INDEX(MucHoTro!$B$5:$B$10,MATCH(Sheet1!F72,MucHoTro!$G$5:$G$10,0),1),"") -> Tạp chí trong nhóm Q2 thuộc lĩnh vực nghiên cứu gần nhất của bài báo (Q2)
A73: 69 | B73: Structural, Electrical, and Magnetic Properties of Bi0.90Nd0.10Fe0.98TM0.02O3 (TM = Mn, Co, Ni, and Cu) Materials | C73: Đào Việt Thắng (tác giả chính), Nguyễn Mạnh Hùng, Dư Thị Xuân Thảo (đồng tác giả), Le Thi Mai Oanh, Do Danh Bich, Nguyen Cao Khang, Van Quang Nguyen, and Nguyen Van Minh, | F73: Q2 | I73: x | J73: =IF(F73="Q1a",MucHoTro!$H$5,IF(F73="Q1b",MucHoTro!$H$6,IF(F73="Q2",MucHoTro!$H$7,IF(F73="Q3",MucHoTro!$H$8,IF(F73="Q4",MucHoTro!$H$9))))) -> 1.1 | K73: =IF(G73="x",MucHoTro!$C$5,IF(H73="x",MucHoTro!$D$5,IF(I73="x",MucHoTro!$E$5))) -> 1 | L73: =J73*K73 -> 1.1 | M73: =L73*2000000 -> 2200000 | N73: =IF(F73<>"",INDEX(MucHoTro!$B$5:$B$10,MATCH(Sheet1!F73,MucHoTro!$G$5:$G$10,0),1),"") -> Tạp chí trong nhóm Q2 thuộc lĩnh vực nghiên cứu gần nhất của bài báo (Q2)
A74: 70 | B74: Discovery of cycloartane-typetriterpene saponins from Mussaenda glabra, 33, 39-45, 2019. | C74: Vũ Kim Thư (tác giả đầu), Nguyen Xuan Bach, Luu The Anh, Do Thi Trang, Nguyen Xuan Nhiem, Bui Huu Tai, Phan Van Kiem, Chau Van Minh, SeonJu Park, Yohan Seo, Wan Namkung, Seung Hyun Kim | F74: Q2 | I74: x | J74: =IF(F74="Q1a",MucHoTro!$H$5,IF(F74="Q1b",MucHoTro!$H$6,IF(F74="Q2",MucHoTro!$H$7,IF(F74="Q3",MucHoTro!$H$8,IF(F74="Q4",MucHoTro!$H$9))))) -> 1.1 | K74: =IF(G74="x",MucHoTro!$C$5,IF(H74="x",MucHoTro!$D$5,IF(I74="x",MucHoTro!$E$5))) -> 1 | L74: =J74*K74 -> 1.1 | M74: =L74*2000000 -> 2200000 | N74: =IF(F74<>"",INDEX(MucHoTro!$B$5:$B$10,MATCH(Sheet1!F74,MucHoTro!$G$5:$G$10,0),1),"") -> Tạp chí trong nhóm Q2 thuộc lĩnh vực nghiên cứu gần nhất của bài báo (Q2)
A75: 71 | B75: Fabrication of Porous Hydroxyapatite Granules as an Effective Adsorbent for the Removal of Aqueous Pb(II) Ions | C75: Lê Thị Duyên (tác giả chính, liên hệ), Lê Thị Phương Thảo, Đỗ Thị Hải, Võ Thị Hạnh (đồng tác giả), Nam Thi Pham, Thom Thi Nguyen, Hong Thi Cao, Phuong Thu Nguyen, Thanh Mai Thi Dinh, Hai Viet Le, and Dai Lam Tran | F75: Q2 | I75: x | J75: =IF(F75="Q1a",MucHoTro!$H$5,IF(F75="Q1b",MucHoTro!$H$6,IF(F75="Q2",MucHoTro!$H$7,IF(F75="Q3",MucHoTro!$H$8,IF(F75="Q4",MucHoTro!$H$9))))) -> 1.1 | K75: =IF(G75="x",MucHoTro!$C$5,IF(H75="x",MucHoTro!$D$5,IF(I75="x",MucHoTro!$E$5))) -> 1 | L75: =J75*K75 -> 1.1 | M75: =L75*2000000 -> 2200000 | N75: =IF(F75<>"",INDEX(MucHoTro!$B$5:$B$10,MATCH(Sheet1!F75,MucHoTro!$G$5:$G$10,0),1),"") -> Tạp chí trong nhóm Q2 thuộc lĩnh vực nghiên cứu gần nhất của bài báo (Q2)
A76: 72 | B76: Dual-band isotropic metamaterial absorber based on near-field interaction in the Ku band | C76: The Linh Pham, Hong Tiep Dinh, Dinh Hai Le, Xuan Khuyen Bui, Son Tung Bui, Hong Luu Dang, Anh Duc Phan, Lê Đắc Tuyên (tác giả liên hệ), Dinh Lam Vu | F76: Q2 | J76: =IF(F76="Q1a",MucHoTro!$H$5,IF(F76="Q1b",MucHoTro!$H$6,IF(F76="Q2",MucHoTro!$H$7,IF(F76="Q3",MucHoTro!$H$8,IF(F76="Q4",MucHoTro!$H$9))))) -> 1.1 | K76: =IF(G76="x",MucHoTro!$C$5,IF(H76="x",MucHoTro!$D$5,IF(I76="x",MucHoTro!$E$5))) -> FALSE | L76: =J76*K76 -> 0 | M76: =L76*2000000 -> 0 | N76: =IF(F76<>"",INDEX(MucHoTro!$B$5:$B$10,MATCH(Sheet1!F76,MucHoTro!$G$5:$G$10,0),1),"") -> Tạp chí trong nhóm Q2 thuộc lĩnh vực nghiên cứu gần nhất của bài báo (Q2)
A77: 73 | B77: Multi-band and broadband metamaterial perfect absorber based on conductive polymer and near-field coupling | C77: Lê Đắc Tuyên (tác giả chính, liên hệ), Pham The Linh, Dang Hong Luu, Le Danh Phuong, Tống Bá Tuấn (đồng tác giả), Tran Manh Cuong, and Vu Dinh Lam | F77: Q4 | J77: =IF(F77="Q1a",MucHoTro!$H$5,IF(F77="Q1b",MucHoTro!$H$6,IF(F77="Q2",MucHoTro!$H$7,IF(F77="Q3",MucHoTro!$H$8,IF(F77="Q4",MucHoTro!$H$9))))) -> 0.8 | K77: =IF(G77="x",MucHoTro!$C$5,IF(H77="x",MucHoTro!$D$5,IF(I77="x",MucHoTro!$E$5))) -> FALSE | L77: =J77*K77 -> 0 | M77: =L77*2000000 -> 0 | N77: =IF(F77<>"",INDEX(MucHoTro!$B$5:$B$10,MATCH(Sheet1!F77,MucHoTro!$G$5:$G$10,0),1),"") -> Tạp chí trong nhóm Q4 thuộc lĩnh vực nghiên cứu gần nhất của bài báo (Q4)
A78: 74 | B78: Improvement of the corrosion protection of polypyrrole coating for CT3 mild steel with 10-camphorsulfonic acid and molybdate as inhibitor dopants | C78: Hà Mạnh Hùng (tác giả chính) , Duong Khanh Linh , Nguyen Thuy Chinh , Le Minh Duc , Vu Quoc Trung | F78: Q1 | J78: =IF(F78="Q1a",MucHoTro!$H$5,IF(F78="Q1b",MucHoTro!$H$6,IF(F78="Q2",MucHoTro!$H$7,IF(F78="Q3",MucHoTro!$H$8,IF(F78="Q4",MucHoTro!$H$9))))) -> FALSE | K78: =IF(G78="x",MucHoTro!$C$5,IF(H78="x",MucHoTro!$D$5,IF(I78="x",MucHoTro!$E$5))) -> FALSE | L78: =J78*K78 -> 0 | M78: =L78*2000000 -> 0 | N78: =IF(F78<>"",INDEX(MucHoTro!$B$5:$B$10,MATCH(Sheet1!F78,MucHoTro!$G$5:$G$10,0),1),"") -> #N/A
A79: 75 | B79: A Novel Approach for Fabricating LaMnO3 Thin Films Using Combined Microwave Combustion and Pulsed Electron Deposition Techniques | C79: Trần Thị Hà (tác giả chính), Cong Sai Doanh, Quoc Khoa Doan, Thi Trung Anh Tang, and Viet tuyen Nguyen, Quang Hoa Nguyen, Trong Tam Nguyen, Nguyen Hai Pham, Van Vu Le, Viet Bau Le, Thanh Cong Bach, Hoang Nam Nguyen, Khac Hieu Ho | F79: Q3 | J79: =IF(F79="Q1a",MucHoTro!$H$5,IF(F79="Q1b",MucHoTro!$H$6,IF(F79="Q2",MucHoTro!$H$7,IF(F79="Q3",MucHoTro!$H$8,IF(F79="Q4",MucHoTro!$H$9))))) -> 0.9 | K79: =IF(G79="x",MucHoTro!$C$5,IF(H79="x",MucHoTro!$D$5,IF(I79="x",MucHoTro!$E$5))) -> FALSE | L79: =J79*K79 -> 0 | M79: =L79*2000000 -> 0 | N79: =IF(F79<>"",INDEX(MucHoTro!$B$5:$B$10,MATCH(Sheet1!F79,MucHoTro!$G$5:$G$10,0),1),"") -> Tạp chí trong nhóm Q3 thuộc lĩnh vực nghiên cứu gần nhất của bài báo (Q3)
A80: 76 | B80: The interactive effect of the season and estuary position on the concentration of persistent organic pollutants in water and sediment from the Cua Dai estuary in Vietnam | C80: Tong Xuan Nguyen, Binh Thanh Nguyen, Trần Thị Thu Hương (đồng tác giả), Trinh Thi Le, Tham Thi Trinh, Thuy Thi Trinh, Minh Binh Tu, Ngoc-Dan-Thanh Cao, Hien Dieu Thi Vo | F80: Q1 | J80: =IF(F80="Q1a",MucHoTro!$H$5,IF(F80="Q1b",MucHoTro!$H$6,IF(F80="Q2",MucHoTro!$H$7,IF(F80="Q3",MucHoTro!$H$8,IF(F80="Q4",MucHoTro!$H$9))))) -> FALSE | K80: =IF(G80="x",MucHoTro!$C$5,IF(H80="x",MucHoTro!$D$5,IF(I80="x",MucHoTro!$E$5))) -> FALSE | L80: =J80*K80 -> 0 | M80: =L80*2000000 -> 0 | N80: =IF(F80<>"",INDEX(MucHoTro!$B$5:$B$10,MATCH(Sheet1!F80,MucHoTro!$G$5:$G$10,0),1),"") -> #N/A
A81: 77 | B81: Seasonal, Spatial Variation, and Potential Sources of Organochlorine Pesticides in Water and Sediment in the Lower Reaches of the Dong Nai River System in Vietnam | C81: Tong Xuan Nguyen, Binh Thanh Nguyen, Trần Thị Thu Hương (đồng tác giả), Huong Mai, Thuy Thi Duong, Quang‑Vu Bach | F81: Q2 | J81: =IF(F81="Q1a",MucHoTro!$H$5,IF(F81="Q1b",MucHoTro!$H$6,IF(F81="Q2",MucHoTro!$H$7,IF(F81="Q3",MucHoTro!$H$8,IF(F81="Q4",MucHoTro!$H$9))))) -> 1.1 | K81: =IF(G81="x",MucHoTro!$C$5,IF(H81="x",MucHoTro!$D$5,IF(I81="x",MucHoTro!$E$5))) -> FALSE | L81: =J81*K81 -> 0 | M81: =L81*2000000 -> 0 | N81: =IF(F81<>"",INDEX(MucHoTro!$B$5:$B$10,MATCH(Sheet1!F81,MucHoTro!$G$5:$G$10,0),1),"") -> Tạp chí trong nhóm Q2 thuộc lĩnh vực nghiên cứu gần nhất của bài báo (Q2)
A82: 78 | B82: Transitions in diatom assemblages and pigments through dry and wet season conditions in the Red River, Hanoi (Vietnam) | C82: Thi Thuy Duong, Hai Yen Nguyen, Thi Phuong Quynh Le, Trung Kien Nguyen, Trần Thị Thu Hương (đồng tác giả), Nhu Da Le, Dinh Kim Dang, Thi Nguyet Vu, Virginia Panizzo & Suzanne McGowan | F82: Q2 | J82: =IF(F82="Q1a",MucHoTro!$H$5,IF(F82="Q1b",MucHoTro!$H$6,IF(F82="Q2",MucHoTro!$H$7,IF(F82="Q3",MucHoTro!$H$8,IF(F82="Q4",MucHoTro!$H$9))))) -> 1.1 | K82: =IF(G82="x",MucHoTro!$C$5,IF(H82="x",MucHoTro!$D$5,IF(I82="x",MucHoTro!$E$5))) -> FALSE | L82: =J82*K82 -> 0 | M82: =L82*2000000 -> 0 | N82: =IF(F82<>"",INDEX(MucHoTro!$B$5:$B$10,MATCH(Sheet1!F82,MucHoTro!$G$5:$G$10,0),1),"") -> Tạp chí trong nhóm Q2 thuộc lĩnh vực nghiên cứu gần nhất của bài báo (Q2)
A83: 79 | B83: Design and performance of a coarse media, high hydraulic load polishing wetland for steel industry wastewater | C83: Viet Anh Nguyen , Minh Phuong Nguyen, Karin Tonderski, Đỗ Thị Hải (đồng tác giả) and Anh Thi Kim Bui | F83: Q2 | J83: =IF(F83="Q1a",MucHoTro!$H$5,IF(F83="Q1b",MucHoTro!$H$6,IF(F83="Q2",MucHoTro!$H$7,IF(F83="Q3",MucHoTro!$H$8,IF(F83="Q4",MucHoTro!$H$9))))) -> 1.1 | K83: =IF(G83="x",MucHoTro!$C$5,IF(H83="x",MucHoTro!$D$5,IF(I83="x",MucHoTro!$E$5))) -> FALSE | L83: =J83*K83 -> 0 | M83: =L83*2000000 -> 0 | N83: =IF(F83<>"",INDEX(MucHoTro!$B$5:$B$10,MATCH(Sheet1!F83,MucHoTro!$G$5:$G$10,0),1),"") -> Tạp chí trong nhóm Q2 thuộc lĩnh vực nghiên cứu gần nhất của bài báo (Q2)
A84: 80 | B84: Geological and geophysical studies of the Agoudal impact structure (Central High Atlas, Morocco): New evidence for crater size and age. | C84: Hasnaa Chennaoui Aoudjehan;David Baratoux; Mohammed Aoudjehane; André Charrière; Hassan Ibouh; Pierre Rochette; Yoann Quesnel; Minoru Uehara; Thomas Kenkmann; Gerwin Wulf; Michael Poelchau; Nguyễn Văn Bình (Đồng tác giả); Maria Aboulahris; Samira Makhoukhi; Georges Aumaître; Didier Bourlès; Karim Keddadouche | F84: Q2 | J84: =IF(F84="Q1a",MucHoTro!$H$5,IF(F84="Q1b",MucHoTro!$H$6,IF(F84="Q2",MucHoTro!$H$7,IF(F84="Q3",MucHoTro!$H$8,IF(F84="Q4",MucHoTro!$H$9))))) -> 1.1 | K84: =IF(G84="x",MucHoTro!$C$5,IF(H84="x",MucHoTro!$D$5,IF(I84="x",MucHoTro!$E$5))) -> FALSE | L84: =J84*K84 -> 0 | M84: =L84*2000000 -> 0 | N84: =IF(F84<>"",INDEX(MucHoTro!$B$5:$B$10,MATCH(Sheet1!F84,MucHoTro!$G$5:$G$10,0),1),"") -> Tạp chí trong nhóm Q2 thuộc lĩnh vực nghiên cứu gần nhất của bài báo (Q2)
A85: 81 | B85: Late Permian – Triassic granitic rocks of Vietnam: the Muong Lat example | C85: Tran Van Thanh, Pham Trung Hieu, Pham Minh, Đỗ Văn Nhuận (đồng tác giả) and Nguyễn Thị Bích Thủy (Đồng tác giả) | F85: Q1 | J85: =IF(F85="Q1a",MucHoTro!$H$5,IF(F85="Q1b",MucHoTro!$H$6,IF(F85="Q2",MucHoTro!$H$7,IF(F85="Q3",MucHoTro!$H$8,IF(F85="Q4",MucHoTro!$H$9))))) -> FALSE | K85: =IF(G85="x",MucHoTro!$C$5,IF(H85="x",MucHoTro!$D$5,IF(I85="x",MucHoTro!$E$5))) -> FALSE | L85: =J85*K85 -> 0 | M85: =L85*2000000 -> 0 | N85: =IF(F85<>"",INDEX(MucHoTro!$B$5:$B$10,MATCH(Sheet1!F85,MucHoTro!$G$5:$G$10,0),1),"") -> #N/A
A86: 82 | B86: An assessment of natural radioactivity in the Namxe Rare earth deposit, Laichau province, Vietnam" | C86: Phan Quang Văn (tác giả chính, tác giả liên hệ), Đào Trung Thành, Nguyễn Phương (đồng tác giả), Dinh Huan Trinh and Thomas Heinig | F86: Q3 | J86: =IF(F86="Q1a",MucHoTro!$H$5,IF(F86="Q1b",MucHoTro!$H$6,IF(F86="Q2",MucHoTro!$H$7,IF(F86="Q3",MucHoTro!$H$8,IF(F86="Q4",MucHoTro!$H$9))))) -> 0.9 | K86: =IF(G86="x",MucHoTro!$C$5,IF(H86="x",MucHoTro!$D$5,IF(I86="x",MucHoTro!$E$5))) -> FALSE | L86: =J86*K86 -> 0 | M86: =L86*2000000 -> 0 | N86: =IF(F86<>"",INDEX(MucHoTro!$B$5:$B$10,MATCH(Sheet1!F86,MucHoTro!$G$5:$G$10,0),1),"") -> Tạp chí trong nhóm Q3 thuộc lĩnh vực nghiên cứu gần nhất của bài báo (Q3)
A87: 83 | B87: Behaviors of crack propagation of rock-like material with different jointed thickness | C87: Phạm Thị Nhàn, Xu Xi , Sanda Suresh, (tác giả chính) | F87: Q3 | J87: =IF(F87="Q1a",MucHoTro!$H$5,IF(F87="Q1b",MucHoTro!$H$6,IF(F87="Q2",MucHoTro!$H$7,IF(F87="Q3",MucHoTro!$H$8,IF(F87="Q4",MucHoTro!$H$9))))) -> 0.9 | K87: =IF(G87="x",MucHoTro!$C$5,IF(H87="x",MucHoTro!$D$5,IF(I87="x",MucHoTro!$E$5))) -> FALSE | L87: =J87*K87 -> 0 | M87: =L87*2000000 -> 0 | N87: =IF(F87<>"",INDEX(MucHoTro!$B$5:$B$10,MATCH(Sheet1!F87,MucHoTro!$G$5:$G$10,0),1),"") -> Tạp chí trong nhóm Q3 thuộc lĩnh vực nghiên cứu gần nhất của bài báo (Q3)
... A120: 116 | B120: Structural analysis of consolidation settlement behaviour of soil treated with alternative cementing materials for foundation purposes | C120: Onyelowe Kennedy, Bùi Văn Đức (đồng tác giả) | F120: Q2 | J120: =IF(F120="Q1a",MucHoTro!$H$5,IF(F120="Q1b",MucHoTro!$H$6,IF(F120="Q2",MucHoTro!$H$7,IF(F120="Q3",MucHoTro!$H$8,IF(F120="Q4",MucHoTro!$H$9))))) -> 1.1 | K120: =IF(G120="x",MucHoTro!$C$5,IF(H120="x",MucHoTro!$D$5,IF(I120="x",MucHoTro!$E$5))) -> FALSE | L120: =J120*K120 -> 0 | M120: =L120*2000000 -> 0 | N120: =IF(F120<>"",INDEX(MucHoTro!$B$5:$B$10,MATCH(Sheet1!F120,MucHoTro!$G$5:$G$10,0),1),"") -> Tạp chí trong nhóm Q2 thuộc lĩnh vực nghiên cứu gần nhất của bài báo (Q2)
A121: Tổng | M121: =SUM(M5:M120) -> 83080000
A122: Ghi chú:
A123: Số tiền thực nhận được tính theo công thức sau: Số tiền thực nhận = Hệ số tác giả x Hệ số bài báo x 2.000.000
A124: Trong đó:
A125: Hệ số tác giả được xác định như sau:
B126: Nếu tác giả thứ nhất là cán bộ thuộc biên chế của Nhà trường | C126: Nếu tác giả liên hệ mà không là tác giả thứ nhất là cán bộ thuộc biên chế của Nhà trường | F126: Đồng tác giả
A127: Hệ số tác giả | B127: 1.5 | C127: 1.25 | F127: 1
A128: Hệ số bài báo được xác định như sau:
B129: Tạp chí nằm trong Top 30% tạp chí đứng đầu lĩnh vực nghiên cứu gần nhất của bài báo (Q1a) | C129: Tạp chí nằm ngoài Top 30% tạp chí đứng đầu nhóm Q1 thuộc lĩnh vực nghiên cứu gần nhất của bài báo (Q1b) | F129: Tạp chí trong nhóm Q2 thuộc lĩnh vực nghiên cứu gần nhất của bài báo (Q2) | H129: Tạp chí trong nhóm Q3 thuộc lĩnh vực nghiên cứu gần nhất của bài báo (Q3) | J129: Tạp chí trong nhóm Q4 thuộc lĩnh vực nghiên cứu gần nhất của bài báo (Q4)
A130: Hệ số bài báo | B130: =MucHoTro!H5 -> 2 | C130: =MucHoTro!H6 -> 1.2 | F130: =MucHoTro!H7 -> 1.1 | H130: =MucHoTro!H8 -> 0.9 | J130: =MucHoTro!H9 -> 0.8

Sheet MucHoTro
C2: Mức hỗ trợ (VNĐ)
A3: TT | B3: Loại tạp chí | C3: Nếu tác giả thứ nhất là cán bộ thuộc biên chế của Nhà trường | D3: Nếu tác giả liên hệ mà không là tác giả thứ nhất là cán bộ thuộc biên chế của Nhà trường | E3: Trường hợp khác | G3: Mã hiệu
A4: 1 | B4: Tạp chí thuộc danh mục ISI (SCI/SCIE)
A5: 1.1 | B5: =Sheet1!B129 -> Tạp chí nằm trong Top 30% tạp chí đứng đầu lĩnh vực nghiên cứu gần nhất của bài báo (Q1a) | C5: 1.5 | D5: 1.25 | E5: 1 | G5: Q1a | H5: 2
A6: 1.2 | B6: =Sheet1!C129 -> Tạp chí nằm ngoài Top 30% tạp chí đứng đầu nhóm Q1 thuộc lĩnh vực nghiên cứu gần nhất của bài báo (Q1b) | G6: Q1b | H6: 1.2
A7: 1.3 | B7: =Sheet1!F129 -> Tạp chí trong nhóm Q2 thuộc lĩnh vực nghiên cứu gần nhất của bài báo (Q2) | G7: Q2 | H7: 1.1
A8: 1.4 | B8: =Sheet1!H129 -> Tạp chí trong nhóm Q3 thuộc lĩnh vực nghiên cứu gần nhất của bài báo (Q3) | G8: Q3 | H8: 0.9
A9: 1.5 | B9: =Sheet1!J129 -> Tạp chí trong nhóm Q4 thuộc lĩnh vực nghiên cứu gần nhất của bài báo (Q4) | G9: Q4 | H9: 0.8
A10: 2 | B10: Tạp chí thuộc danh mục SCOPUS | G10: S
D11: Tổng chi | E11: =#REF! -> #REF!
D12: Kinh phí Bộ cấp | E12: 438000000
D13: Vênh: | E13: =E11-E12 -> #REF!

Sheet Phụ lục cách tính tiền bài báo
A2: PHỤ LỤC
A3: (kèm theo Quyết định số …………...ngày …..…tháng năm 2021)
A5: I. Phương án phân bổ kinh phí cho các bài báo
A6: Số tiền thực nhận của bài báo được tính theo công thức sau: Số tiền thực nhận = Hệ số tác giả x Hệ số bài báo x 2.000.000
A7: Trong đó:
A8: Hệ số tác giả được xác định như sau:
B9: Nếu tác giả thứ nhất là cán bộ thuộc biên chế của Nhà trường | C9: Nếu tác giả liên hệ mà không là tác giả thứ nhất là cán bộ thuộc biên chế của Nhà trường | D9: Đồng tác giả
A10: Hệ số tác giả | B10: =MucHoTro!C5 -> 1.5 | C10: =MucHoTro!D5 -> 1.25 | D10: =MucHoTro!E5 -> 1
A11: Hệ số bài báo được xác định như sau:
B12: Tạp chí nằm trong Top 30% tạp chí đứng đầu lĩnh vực nghiên cứu gần nhất của bài báo (Q1a) | C12: Tạp chí nằm ngoài Top 30% tạp chí đứng đầu nhóm Q1 thuộc lĩnh vực nghiên cứu gần nhất của bài báo (Q1b) | D12: Tạp chí trong nhóm Q2 thuộc lĩnh vực nghiên cứu gần nhất của bài báo (Q2) | E12: Tạp chí trong nhóm Q3 thuộc lĩnh vực nghiên cứu gần nhất của bài báo (Q3) | F12: Tạp chí trong nhóm Q4 thuộc lĩnh vực nghiên cứu gần nhất của bài báo (Q4)
A13: Hệ số bài báo | B13: =MucHoTro!H5 -> 2 | C13: =MucHoTro!H6 -> 1.2 | D13: =MucHoTro!H7 -> 1.1 | E13: =MucHoTro!H8 -> 0.9 | F13: =MucHoTro!H9 -> 0.8
A15: II. Phương án phân bổ kinh phí cho cá nhân tham gia bài báo
A16: Nguyên tắc tính: Mức hỗ trợ là số tiền chi cho 1 bài báo. - Nếu bài báo chỉ có 1 tác giả thuộc biên chế Trường Đại học Mỏ - Địa chất (HUMG) thì tác giả đó nhận toàn bộ số tiền thưởng của bài báo. - Nếu bài báo có số tác giả thuộc HUMG từ 2 trở lên thì tỷ lệ chia như sau: + 30% cho tác giả thứ nhất (nếu là tác giả HUMG); + 30% cho tác giả liên hệ (Corresponding author) (nếu là tác giả HUMG); + Số tiền còn lại sau khi trừ đi số tiền chi cho tác giả thứ nhất (nếu có) và tác giả liên hệ (nếu có) chia đều cho tất cả các thành viên là tác giả HUMG.
A17: Duyệt BGH | D17: Phòng KHCN

Sheet Danh sach gui Tai chinh
A2: BẢNG KÊ NHẬN KINH PHÍ THƯỞNG BÀI BÁO ĐĂNG TRÊN HỆ THỐNG TẠP CHÍ ISI, SCI, SCIE NĂM 2020
A3: (theo Quyết định số 666/QĐ-MĐC ngày 04 tháng 8 năm 2021)
A5: TT | B5: Họ và tên | C5: Đơn vị công tác | D5: Số tiền thực nhận (vnđ) | E5: Số tài khoản | F5: Ghi chú
A6: 1 | B6: Trần Trung Chuyên | C6: Bộ môn Tin học trắc địa | D6: =SUMIF('DS theo Quyet dinh khen thuong'!$L$6:$L$472,B6,'DS theo Quyet dinh khen thuong'!$S$6:$S$472) -> 5500000 | E6: 21510000050541
A7: 2 | B7: Đỗ Như Ý | C7: Bộ môn Điện khí hóa | D7: =SUMIF('DS theo Quyet dinh khen thuong'!$L$6:$L$472,B7,'DS theo Quyet dinh khen thuong'!$S$6:$S$472) -> 3100000 | E7: 21510000362431
A8: 3 | B8: Hồ Việt Bun | C8: Bộ môn Điện khí hóa | D8: =SUMIF('DS theo Quyet dinh khen thuong'!$L$6:$L$472,B8,'DS theo Quyet dinh khen thuong'!$S$6:$S$472) -> 2160000 | E8: 21510000362440
A9: 4 | B9: Lê Xuân Thành | C9: Bộ môn Điện khí hóa | D9: =SUMIF('DS theo Quyet dinh khen thuong'!$L$6:$L$472,B9,'DS theo Quyet dinh khen thuong'!$S$6:$S$472) -> 540000 | E9: 21510000079494
A10: 5 | B10: Nguyễn Đăng Tấn | C10: Bộ môn Máy và Thiết bị Công nghiệp | D10: =SUMIF('DS theo Quyet dinh khen thuong'!$L$6:$L$472,B10,'DS theo Quyet dinh khen thuong'!$S$6:$S$472) -> 2700000 | E10: 42710000545699 | F10: Nghỉ hưu từ 02/2020
A11: 6 | B11: Nguyễn Văn Xô | C11: Bộ môn Máy và Thiết bị Công nghiệp | D11: =SUMIF('DS theo Quyet dinh khen thuong'!$L$6:$L$472,B11,'DS theo Quyet dinh khen thuong'!$S$6:$S$472) -> 4600000 | E11: 21510000081064
A12: 7 | B12: Phạm Đức Thiên | C12: Bộ môn Kỹ thuật cơ khí | D12: =SUMIF('DS theo Quyet dinh khen thuong'!$L$6:$L$472,B12,'DS theo Quyet dinh khen thuong'!$S$6:$S$472) -> 540000 | E12: 21510000362592
A13: 8 | B13: Trần Đức Huân | C13: Bộ môn Kỹ thuật cơ khí | D13: =SUMIF('DS theo Quyet dinh khen thuong'!$L$6:$L$472,B13,'DS theo Quyet dinh khen thuong'!$S$6:$S$472) -> 2160000 | E13: 21510000801828 | F13: Học TS tại Nga
A14: 9 | B14: Bùi Thị Lệ Thủy | C14: Bộ môn Lọc hóa dầu | D14: =SUMIF('DS theo Quyet dinh khen thuong'!$L$6:$L$472,B14,'DS theo Quyet dinh khen thuong'!$S$6:$S$472) -> 5720000 | E14: 21510000392890
A15: 10 | B15: Bùi Thị Ngân | C15: Bộ môn Địa chất dầu khí | D15: =SUMIF('DS theo Quyet dinh khen thuong'!$L$6:$L$472,B15,'DS theo Quyet dinh khen thuong'!$S$6:$S$472) -> 216000 | E15: 21510001423933
A16: 11 | B16: Dương Văn Hào | C16: Bộ môn Địa vật lý | D16: =SUMIF('DS theo Quyet dinh khen thuong'!$L$6:$L$472,B16,'DS theo Quyet dinh khen thuong'!$S$6:$S$472) -> 4395000 | E16: 21510000820957
A17: 12 | B17: Đoàn Văn Huấn | C17: Bộ môn Lọc hóa dầu | D17: =SUMIF('DS theo Quyet dinh khen thuong'!$L$6:$L$472,B17,'DS theo Quyet dinh khen thuong'!$S$6:$S$472) -> 6297500 | E17: 21510000053328
A18: 13 | B18: Hồ Văn Sơn | C18: Bộ môn Lọc hóa dầu | D18: =SUMIF('DS theo Quyet dinh khen thuong'!$L$6:$L$472,B18,'DS theo Quyet dinh khen thuong'!$S$6:$S$472) -> 440000 | E18: 21510000667394
A19: 14 | B19: Lê Ngọc Ánh | C19: Bộ môn Địa chất dầu khí | D19: =SUMIF('DS theo Quyet dinh khen thuong'!$L$6:$L$472,B19,'DS theo Quyet dinh khen thuong'!$S$6:$S$472) -> 1836000 | E19: 21510000360611 | F19: Học TS tại Anh
A20: 15 | B20: Ngô Hà Sơn | C20: Bộ môn Lọc hóa dầu | D20: =SUMIF('DS theo Quyet dinh khen thuong'!$L$6:$L$472,B20,'DS theo Quyet dinh khen thuong'!$S$6:$S$472) -> 1280000 | E20: 21510000567342
A21: 16 | B21: Nguyễn Duy Mười | C21: Bộ môn Địa chất dầu khí | D21: =SUMIF('DS theo Quyet dinh khen thuong'!$L$6:$L$472,B21,'DS theo Quyet dinh khen thuong'!$S$6:$S$472) -> 216000 | E21: 21510000626289
A22: 17 | B22: Nguyễn Minh Hòa | C22: Bộ môn Địa chất dầu khí | D22: =SUMIF('DS theo Quyet dinh khen thuong'!$L$6:$L$472,B22,'DS theo Quyet dinh khen thuong'!$S$6:$S$472) -> 216000 | E22: 21510001422833 | F22: Học TS tại Nga
A23: 18 | B23: Nguyễn Thị Hải Yến | C23: Bộ môn Thiết bị Dầu khí và Công trình | D23: =SUMIF('DS theo Quyet dinh khen thuong'!$L$6:$L$472,B23,'DS theo Quyet dinh khen thuong'!$S$6:$S$472) -> 540000 | E23: 21510000553794
A24: 19 | B24: Nguyễn Văn Thịnh | C24: Bộ môn Thiết bị Dầu khí và Công trình | D24: ='DS theo Quyet dinh khen thuong'!S60 -> 2160000 | E24: 21510000076200
A25: 20 | B25: Phạm Trung Kiên | C25: Bộ môn Lọc hóa dầu | D25: =SUMIF('DS theo Quyet dinh khen thuong'!$L$6:$L$472,B25,'DS theo Quyet dinh khen thuong'!$S$6:$S$472) -> 3300000 | E25: 21510000392881
A26: 21 | B26: Phạm Văn Tuấn | C26: Bộ môn Địa chất dầu khí | D26: =SUMIF('DS theo Quyet dinh khen thuong'!$L$6:$L$472,B26,'DS theo Quyet dinh khen thuong'!$S$6:$S$472) -> 216000 | E26: 21510000438323
A27: 22 | B27: Phạm Xuân Núi | C27: Bộ môn Lọc hóa dầu | D27: =SUMIF('DS theo Quyet dinh khen thuong'!$L$6:$L$472,B27,'DS theo Quyet dinh khen thuong'!$S$6:$S$472) -> 14562500 | E27: 21510000359901
A28: 23 | B28: Triệu Hùng Trường | C28: Bộ môn Thiết bị Dầu khí và Công trình | D28: =SUMIF('DS theo Quyet dinh khen thuong'!$L$6:$L$472,B28,'DS theo Quyet dinh khen thuong'!$S$6:$S$472) -> 3660000 | E28: 21510000082872
A29: 24 | B29: Nguyễn Đức Thắng | C29: Bộ môn Quản trị doanh nghiệp Mỏ | D29: =SUMIF('DS theo Quyet dinh khen thuong'!$L$6:$L$472,B29,'DS theo Quyet dinh khen thuong'!$S$6:$S$472) -> 1800000 | E29: 21510000499038
A30: 25 | B30: Nguyễn Thị Hoài Nga | C30: Bộ môn Quản trị doanh nghiệp Mỏ | D30: =SUMIF('DS theo Quyet dinh khen thuong'!$L$6:$L$472,B30,'DS theo Quyet dinh khen thuong'!$S$6:$S$472) -> 8236000 | E30: 21510000079829
A31: 26 | B31: Nguyễn Thị Kim Ngân | C31: Bộ môn Quản trị doanh nghiệp Địa chất - Dầu khí | D31: =SUMIF('DS theo Quyet dinh khen thuong'!$L$6:$L$472,B31,'DS theo Quyet dinh khen thuong'!$S$6:$S$472) -> 2700000 | E31: 21510000079874
A32: 27 | B32: Bùi Thị Thu Thủy | C32: Bộ môn Kế toán doanh nghiệp | D32: =SUMIF('DS theo Quyet dinh khen thuong'!$L$6:$L$472,B32,'DS theo Quyet dinh khen thuong'!$S$6:$S$472) -> 420000 | E32: 21510000079227
A33: 28 | B33: Vũ Diệp Anh | C33: Bộ môn Kinh tế cơ sở | D33: =SUMIF('DS theo Quyet dinh khen thuong'!$L$6:$L$472,B33,'DS theo Quyet dinh khen thuong'!$S$6:$S$472) -> 420000 | E33: 21510000393200
A34: 29 | B34: Bùi Hoàng Bắc | C34: Bộ môn Tìm kiếm thăm dò | D34: =SUMIF('DS theo Quyet dinh khen thuong'!$L$6:$L$472,B34,'DS theo Quyet dinh khen thuong'!$S$6:$S$472) -> 3055000 | E34: 21510000393158
A35: 30 | B35: Bùi Thanh Tịnh | C35: Bộ môn Tìm kiếm thăm dò | D35: =SUMIF('DS theo Quyet dinh khen thuong'!$L$6:$L$472,B35,'DS theo Quyet dinh khen thuong'!$S$6:$S$472) -> 720000 | E35: 36010000107604
A36: 31 | B36: Bùi Trường Sơn | C36: Bộ môn Địa chất công trình | D36: =SUMIF('DS theo Quyet dinh khen thuong'!$L$6:$L$472,B36,'DS theo Quyet dinh khen thuong'!$S$6:$S$472) -> 4980000 | E36: 21510000076857
A37: 32 | B37: Đào Văn Nghiêm | C37: Bộ môn Địa chất | D37: =SUMIF('DS theo Quyet dinh khen thuong'!$L$6:$L$472,B37,'DS theo Quyet dinh khen thuong'!$S$6:$S$472) -> 800000 | E37: 21510000220308
A38: 33 | B38: Hoàng Đình Quế | C38: Bộ môn Địa chất | D38: =SUMIF('DS theo Quyet dinh khen thuong'!$L$6:$L$472,B38,'DS theo Quyet dinh khen thuong'!$S$6:$S$472) -> 800000 | E38: 21510000552816
A39: 34 | B39: Khương Thế Hùng | C39: Bộ môn Tìm kiếm thăm dò | D39: =SUMIF('DS theo Quyet dinh khen thuong'!$L$6:$L$472,B39,'DS theo Quyet dinh khen thuong'!$S$6:$S$472) -> 1836000 | E39: 21510000393167
A40: 35 | B40: Ngô Thị Kim Chi | C40: Bộ môn Địa chất | D40: =SUMIF('DS theo Quyet dinh khen thuong'!$L$6:$L$472,B40,'DS theo Quyet dinh khen thuong'!$S$6:$S$472) -> 800000 | E40: 21510000078260
A41: 36 | B41: Ngô Xuân Đắc | C41: Bộ môn Tìm kiếm thăm dò | D41: =SUMIF('DS theo Quyet dinh khen thuong'!$L$6:$L$472,B41,'DS theo Quyet dinh khen thuong'!$S$6:$S$472) -> 6880000 | E41: 21510000498503
A42: 37 | B42: Nguyễn Khắc Giảng | C42: Bộ môn Khoáng Thạch và Địa hóa | D42: =SUMIF('DS theo Quyet dinh khen thuong'!$L$6:$L$472,B42,'DS theo Quyet dinh khen thuong'!$S$6:$S$472) -> 3500000 | E42: 21510000078206
A43: 38 | B43: Tô Xuân Bản | C43: Bộ môn Khoáng Thạch và Địa hóa | D43: =SUMIF('DS theo Quyet dinh khen thuong'!$L$6:$L$472,B43,'DS theo Quyet dinh khen thuong'!$S$6:$S$472) -> 1100000 | E43: 21510000078358
A44: 39 | B44: Nguyễn Tiến Dũng | C44: Bộ môn Tìm kiếm thăm dò | D44: =SUMIF('DS theo Quyet dinh khen thuong'!$L$6:$L$472,B44,'DS theo Quyet dinh khen thuong'!$S$6:$S$472) -> 216000 | E44: 21510000078987
A45: 40 | B45: Nguyễn Thành Dương | C45: Bộ môn Địa chất công trình | D45: =SUMIF('DS theo Quyet dinh khen thuong'!$L$6:$L$472,B45,'DS theo Quyet dinh khen thuong'!$S$6:$S$472) -> 15265000 | E45: 21510000820966
A46: 41 | B46: Nguyễn Thị Nụ | C46: Bộ môn Địa chất công trình | D46: =SUMIF('DS theo Quyet dinh khen thuong'!$L$6:$L$472,B46,'DS theo Quyet dinh khen thuong'!$S$6:$S$472) -> 4680000 | E46: 21510000076981
A47: 42 | B47: Nhữ Việt Hà | C47: Bộ môn Địa chất công trình | D47: =SUMIF('DS theo Quyet dinh khen thuong'!$L$6:$L$472,B47,'DS theo Quyet dinh khen thuong'!$S$6:$S$472) -> 8280000 | E47: 21510000392304
A48: 43 | B48: Phạm Như Sang | C48: Bộ môn Tìm kiếm thăm dò | D48: =SUMIF('DS theo Quyet dinh khen thuong'!$L$6:$L$472,B48,'DS theo Quyet dinh khen thuong'!$S$6:$S$472) -> 216000 | E48: 21510000673975
A49: 44 | B49: Trần Quang Tuấn | C49: Bộ môn Địa chất thủy văn | D49: =SUMIF('DS theo Quyet dinh khen thuong'!$L$6:$L$472,B49,'DS theo Quyet dinh khen thuong'!$S$6:$S$472) -> 3300000 | E49: 21510002998920
A50: 45 | B50: Trần Thanh Hải | C50: Bộ môn Địa chất | D50: =SUMIF('DS theo Quyet dinh khen thuong'!$L$6:$L$472,B50,'DS theo Quyet dinh khen thuong'!$S$6:$S$472) -> 720000 | E50: 21510000078190
A51: 46 | B51: Nguyễn Đình Luyện | C51: Bộ môn Tìm kiếm thăm dò | D51: =SUMIF('DS theo Quyet dinh khen thuong'!$L$6:$L$472,B51,'DS theo Quyet dinh khen thuong'!$S$6:$S$472) -> 6400000 | E51: 21510001425683
A52: 47 | B52: Vũ Thị Hiền | C52: Văn phòng khoa ĐC | D52: =SUMIF('DS theo Quyet dinh khen thuong'!$L$6:$L$472,B52,'DS theo Quyet dinh khen thuong'!$S$6:$S$472) -> 2200000 | E52: 21510001424219
A53: 48 | B53: Vũ Văn Hưng | C53: Bộ môn Địa chất thủy văn | D53: =SUMIF('DS theo Quyet dinh khen thuong'!$L$6:$L$472,B53,'DS theo Quyet dinh khen thuong'!$S$6:$S$472) -> 3300000 | E53: 21510000123300
A54: 49 | B54: Công Tiến Dũng | C54: Bộ môn Hóa | D54: =SUMIF('DS theo Quyet dinh khen thuong'!$L$6:$L$472,B54,'DS theo Quyet dinh khen thuong'!$S$6:$S$472) -> 5060000 | E54: 21510000392696
A55: 50 | B55: Dương Thúy Hường | C55: Bộ môn Ngoại ngữ | D55: =SUMIF('DS theo Quyet dinh khen thuong'!$L$6:$L$472,B55,'DS theo Quyet dinh khen thuong'!$S$6:$S$472) -> 135000 | E55: 21510000075270
A56: 51 | B56: Đào Việt Thắng | C56: Bộ môn Vật lý | D56: =SUMIF('DS theo Quyet dinh khen thuong'!$L$6:$L$472,B56,'DS theo Quyet dinh khen thuong'!$S$6:$S$472) -> 7665000 | E56: 26010000060452
A57: 52 | B57: Lê Đắc Tuyên | C57: Bộ môn Vật lý | D57: =SUMIF('DS theo Quyet dinh khen thuong'!$L$6:$L$472,B57,'DS theo Quyet dinh khen thuong'!$S$6:$S$472) -> 9150000 | E57: 21510000392784
A58: 53 | B58: Nguyễn Mạnh Hùng | C58: Bộ môn Vật lý | D58: =SUMIF('DS theo Quyet dinh khen thuong'!$L$6:$L$472,B58,'DS theo Quyet dinh khen thuong'!$S$6:$S$472) -> 8035000 | E58: 21510000078367
A59: 54 | B59: Nguyễn Thị Lan Hương | C59: Bộ môn Toán | D59: =SUMIF('DS theo Quyet dinh khen thuong'!$L$6:$L$472,B59,'DS theo Quyet dinh khen thuong'!$S$6:$S$472) -> 1800000 | E59: 21510000076875
A60: 55 | B60: Nguyễn Thị Thu Hiền | C60: Bộ môn Hóa | D60: =SUMIF('DS theo Quyet dinh khen thuong'!$L$6:$L$472,B60,'DS theo Quyet dinh khen thuong'!$S$6:$S$472) -> 660000 | E60: 21510000358892
A61: 56 | B61: Nguyễn Trường Thanh | C61: Bộ môn Toán | D61: =SUMIF('DS theo Quyet dinh khen thuong'!$L$6:$L$472,B61,'DS theo Quyet dinh khen thuong'!$S$6:$S$472) -> 6000000 | E61: 21510000076839
A62: 57 | B62: Nguyễn Xuân Chung | C62: Bộ môn Vật lý | D62: =SUMIF('DS theo Quyet dinh khen thuong'!$L$6:$L$472,B62,'DS theo Quyet dinh khen thuong'!$S$6:$S$472) -> 3300000 | E62: 21510000392775
A63: 58 | B63: Trần Thị Hà | C63: Bộ môn Vật lý | D63: =SUMIF('DS theo Quyet dinh khen thuong'!$L$6:$L$472,B63,'DS theo Quyet dinh khen thuong'!$S$6:$S$472) -> 2400000 | E63: 21510000455146
... A71: 66 | B71: Lê Quí Thảo | C71: Bộ môn Khai thác lộ thiên | D71: =SUMIF('DS theo Quyet dinh khen thuong'!$L$6:$L$472,B71,'DS theo Quyet dinh khen thuong'!$S$6:$S$472) -> 3287000 | E71: 21510000496154
A72: 67 | B72: Lê Tiến Dũng | C72: Bộ môn Khai thác hầm lò | D72: =SUMIF('DS theo Quyet dinh khen thuong'!$L$6:$L$472,B72,'DS theo Quyet dinh khen thuong'!$S$6:$S$472) -> 14340000 | E72: 21510000496039
A73: 68 | B73: Lê Thị Hải | C73: Bộ môn Khai thác lộ thiên | D73: =SUMIF('DS theo Quyet dinh khen thuong'!$L$6:$L$472,B73,'DS theo Quyet dinh khen thuong'!$S$6:$S$472) -> 486000 | E73: 21510000568947
A74: 69 | B74: Lê Thị Thu Hoa | C74: Bộ môn Khai thác lộ thiên | D74: =SUMIF('DS theo Quyet dinh khen thuong'!$L$6:$L$472,B74,'DS theo Quyet dinh khen thuong'!$S$6:$S$472) -> 621000 | E74: 21510000083848
A75: 70 | B75: Lê Việt Hà | C75: Bộ môn Tuyển khoáng | D75: =SUMIF('DS theo Quyet dinh khen thuong'!$L$6:$L$472,B75,'DS theo Quyet dinh khen thuong'!$S$6:$S$472) -> 720000 | E75: 21510000080061
A76: 71 | B76: Nguyễn Anh Tuấn | C76: Bộ môn Khai thác lộ thiên | D76: =SUMIF('DS theo Quyet dinh khen thuong'!$L$6:$L$472,B76,'DS theo Quyet dinh khen thuong'!$S$6:$S$472) -> 4626000 | E76: 21510000083875
A77: 72 | B77: Nguyễn Cao Khải | C77: Bộ môn Khai thác hầm lò | D77: =SUMIF('DS theo Quyet dinh khen thuong'!$L$6:$L$472,B77,'DS theo Quyet dinh khen thuong'!$S$6:$S$472) -> 2250000 | E77: 21510000362547
A78: 73 | B78: Nguyễn Đình An | C78: Bộ môn Khai thác lộ thiên | D78: =SUMIF('DS theo Quyet dinh khen thuong'!$L$6:$L$472,B78,'DS theo Quyet dinh khen thuong'!$S$6:$S$472) -> 2235000 | E78: 21510000083918
A79: 74 | B79: Nguyễn Hoàng | C79: Bộ môn Khai thác lộ thiên | D79: =SUMIF('DS theo Quyet dinh khen thuong'!$L$6:$L$472,B79,'DS theo Quyet dinh khen thuong'!$S$6:$S$472) -> 13946000 | E79: 21510000580613
A80: 75 | B80: Nguyễn Ngọc Phú | C80: Bộ môn Tuyển khoáng | D80: =SUMIF('DS theo Quyet dinh khen thuong'!$L$6:$L$472,B80,'DS theo Quyet dinh khen thuong'!$S$6:$S$472) -> 720000 | E80: 21510000078880 | F80: Nghỉ hưu từ 2021
A81: 76 | B81: Nguyễn Phi Hùng | C81: Bộ môn Khai thác hầm lò | D81: =SUMIF('DS theo Quyet dinh khen thuong'!$L$6:$L$472,B81,'DS theo Quyet dinh khen thuong'!$S$6:$S$472) -> 270000 | E81: 21510000362565
A82: 77 | B82: Nhữ Thị Kim Dung | C82: Bộ môn Tuyển khoáng | D82: =SUMIF('DS theo Quyet dinh khen thuong'!$L$6:$L$472,B82,'DS theo Quyet dinh khen thuong'!$S$6:$S$472) -> 2160000 | E82: 21510000079980
A83: 78 | B83: Phạm Đức Hưng | C83: Bộ môn Khai thác hầm lò | D83: =SUMIF('DS theo Quyet dinh khen thuong'!$L$6:$L$472,B83,'DS theo Quyet dinh khen thuong'!$S$6:$S$472) -> 2520000 | E83: 21510000075526
A84: 79 | B84: Phạm Văn Hòa | C84: Bộ môn Khai thác lộ thiên | D84: =SUMIF('DS theo Quyet dinh khen thuong'!$L$6:$L$472,B84,'DS theo Quyet dinh khen thuong'!$S$6:$S$472) -> 3036000 | E84: 21510000083857
A85: 80 | B85: Phạm Văn Luận | C85: Bộ môn Tuyển khoáng | D85: =SUMIF('DS theo Quyet dinh khen thuong'!$L$6:$L$472,B85,'DS theo Quyet dinh khen thuong'!$S$6:$S$472) -> 3960000 | E85: 21510000080016
A86: 81 | B86: Phạm Văn Việt | C86: Bộ môn Khai thác lộ thiên | D86: =SUMIF('DS theo Quyet dinh khen thuong'!$L$6:$L$472,B86,'DS theo Quyet dinh khen thuong'!$S$6:$S$472) -> 2871000 | E86: 21510000496206
A87: 82 | B87: Trần Đình Bão | C87: Bộ môn Khai thác lộ thiên | D87: =SUMIF('DS theo Quyet dinh khen thuong'!$L$6:$L$472,B87,'DS theo Quyet dinh khen thuong'!$S$6:$S$472) -> 5796000 | E87: 76010000045481
A88: 83 | B88: Trần Mạnh Tiến | C88: Bộ môn Sức bền vật liệu | D88: =SUMIF('DS theo Quyet dinh khen thuong'!$L$6:$L$472,B88,'DS theo Quyet dinh khen thuong'!$S$6:$S$472) -> 3600000 | E88: 12510000507236
A89: 84 | B89: Trần Quang Hiếu | C89: Bộ môn Khai thác lộ thiên | D89: =SUMIF('DS theo Quyet dinh khen thuong'!$L$6:$L$472,B89,'DS theo Quyet dinh khen thuong'!$S$6:$S$472) -> 1695000 | E89: 21510000496136
A90: 85 | B90: Nguyễn Văn Thịnh | C90: Bộ môn Khai thác hầm lò | D90: ='DS theo Quyet dinh khen thuong'!S229 -> 270000 | E90: 21510000202546
A91: 86 | B91: Vũ Thị Chinh | C91: Bộ môn Tuyển khoáng | D91: =SUMIF('DS theo Quyet dinh khen thuong'!$L$6:$L$472,B91,'DS theo Quyet dinh khen thuong'!$S$6:$S$472) -> 540000 | E91: 21510000080034
A92: 87 | B92: Nguyễn Văn Quang | C92: Bộ môn Khai thác hầm lò | D92: =SUMIF('DS theo Quyet dinh khen thuong'!$L$6:$L$472,B92,'DS theo Quyet dinh khen thuong'!$S$6:$S$472) -> 900000 | E92: 21510000826760
A93: 88 | B93: Nguyễn Phương | C93: Bộ môn Môi trường cơ sở | D93: =SUMIF('DS theo Quyet dinh khen thuong'!$L$6:$L$472,B93,'DS theo Quyet dinh khen thuong'!$S$6:$S$472) -> 216000 | E93: 21510000078677
A94: 89 | B94: Nguyễn Quốc Phi | C94: Bộ môn Môi trường cơ sở | D94: =SUMIF('DS theo Quyet dinh khen thuong'!$L$6:$L$472,B94,'DS theo Quyet dinh khen thuong'!$S$6:$S$472) -> 216000 | E94: 21510000667154 | F94: Chuyển công tác từ 5/2020
A95: 90 | B95: Bùi Ngọc Quý | C95: Bộ môn Bản đồ | D95: =SUMIF('DS theo Quyet dinh khen thuong'!$L$6:$L$472,B95,'DS theo Quyet dinh khen thuong'!$S$6:$S$472) -> 2016000 | E95: 21510000075650
A96: 91 | B96: Cao Xuân Cường | C96: Bộ môn Trắc địa mỏ | D96: =SUMIF('DS theo Quyet dinh khen thuong'!$L$6:$L$472,B96,'DS theo Quyet dinh khen thuong'!$S$6:$S$472) -> 981000 | E96: 21510000455225
A97: 92 | B97: Dương Anh Quân | C97: Bộ môn Bản đồ | D97: =SUMIF('DS theo Quyet dinh khen thuong'!$L$6:$L$472,B97,'DS theo Quyet dinh khen thuong'!$S$6:$S$472) -> 216000 | E97: 21510000075605 | F97: Học TS tại CHLB Đức
A98: 93 | B98: Lê Thanh Nghị | C98: Bộ môn Đo ảnh & Viễn thám | D98: =SUMIF('DS theo Quyet dinh khen thuong'!$L$6:$L$472,B98,'DS theo Quyet dinh khen thuong'!$S$6:$S$472) -> 360000 | E98: 21510000666461
A99: 94 | B99: Lê Thị Thu Hà | C99: Bộ môn Trắc địa mỏ | D99: =SUMIF('DS theo Quyet dinh khen thuong'!$L$6:$L$472,B99,'DS theo Quyet dinh khen thuong'!$S$6:$S$472) -> 1080000 | E99: 21510000365032
A100: 95 | B100: Lê Văn Cảnh | C100: Bộ môn Trắc địa mỏ | D100: =SUMIF('DS theo Quyet dinh khen thuong'!$L$6:$L$472,B100,'DS theo Quyet dinh khen thuong'!$S$6:$S$472) -> 2601000 | E100: 21510000820920
A101: 96 | B101: Lưu Anh Tuấn | C101: Bộ môn Trắc địa phổ thông và Sai số | D101: =SUMIF('DS theo Quyet dinh khen thuong'!$L$6:$L$472,B101,'DS theo Quyet dinh khen thuong'!$S$6:$S$472) -> 1350000 | E101: 21510000075836
A102: 97 | B102: Nguyễn Quốc Long | C102: Bộ môn Trắc địa mỏ | D102: =SUMIF('DS theo Quyet dinh khen thuong'!$L$6:$L$472,B102,'DS theo Quyet dinh khen thuong'!$S$6:$S$472) -> 10092000 | E102: 21510000365050
A103: 98 | B103: Nguyễn Văn Lâm | C103: Bộ môn Trắc địa cao cấp | D103: =SUMIF('DS theo Quyet dinh khen thuong'!$L$6:$L$472,B103,'DS theo Quyet dinh khen thuong'!$S$6:$S$472) -> 1260000 | E103: 21510001149503
A104: 99 | B104: Nguyễn Văn Sáng | C104: Bộ môn Trắc địa cao cấp | D104: =SUMIF('DS theo Quyet dinh khen thuong'!$L$6:$L$472,B104,'DS theo Quyet dinh khen thuong'!$S$6:$S$472) -> 2340000 | E104: 21510000364774
A105: 100 | B105: Nguyễn Viết Nghĩa | C105: Bộ môn Trắc địa mỏ | D105: =SUMIF('DS theo Quyet dinh khen thuong'!$L$6:$L$472,B105,'DS theo Quyet dinh khen thuong'!$S$6:$S$472) -> 4635000 | E105: 21510000393404
A106: 101 | B106: Phạm Công Khải | C106: Bộ môn Trắc địa mỏ | D106: =SUMIF('DS theo Quyet dinh khen thuong'!$L$6:$L$472,B106,'DS theo Quyet dinh khen thuong'!$S$6:$S$472) -> 3300000 | E106: 21510000365005
A107: 102 | B107: Phạm Thị Làn | C107: Bộ môn Trắc địa mỏ | D107: =SUMIF('DS theo Quyet dinh khen thuong'!$L$6:$L$472,B107,'DS theo Quyet dinh khen thuong'!$S$6:$S$472) -> 3516000 | E107: 21510000499968
A108: 103 | B108: Phạm Văn Chung | C108: Bộ môn Trắc địa mỏ | D108: =SUMIF('DS theo Quyet dinh khen thuong'!$L$6:$L$472,B108,'DS theo Quyet dinh khen thuong'!$S$6:$S$472) -> 1890000 | E108: 21510000886764
A109: 104 | B109: Phạm Văn Hiệp | C109: Bộ môn Bản đồ | D109: =SUMIF('DS theo Quyet dinh khen thuong'!$L$6:$L$472,B109,'DS theo Quyet dinh khen thuong'!$S$6:$S$472) -> 216000 | E109: 21510000570535
...

Sheet DS theo Quyet dinh khen thuong
A2: BẢNG TỔNG HỢP TÍNH THƯỞNG BÀI BÁO ĐĂNG TRÊN TẠP CHÍ UY TÍN QUỐC TẾ THUỘC HỆ THỐNG ISI, SCI, SCIE NĂM 2020
A3: (kèm theo Quyết định số 666/QĐ-MĐC ngày 04 tháng 8 năm 2021)
A4: STT | B4: Tên bài báo | D4: Tên Tạp chí | E4: Phân loại tạp chí | F4: =MucHoTro!C3 -> Nếu tác giả thứ nhất là cán bộ thuộc biên chế của Nhà trường | G4: =MucHoTro!D3 -> Nếu tác giả liên hệ mà không là tác giả thứ nhất là cán bộ thuộc biên chế của Nhà trường | H4: Đồng tác giả | I4: Hệ số bài báo (I) | J4: Hệ số tác giả (II) | K4: Hệ số tính (III=IxII) | L4: Tác giả thuộc biên chế HUMG | M4: Đơn vị công tác | N4: Số tác giả thuộc biên chế HUMG | O4: Vai trò tác giả trong bài báo trong trường hợp số tác giả thuộc biên chế HUMG > 1 | R4: Số tiền thực nhận/bài báo (vnđ) | S4: Số tiền thực nhận/cá nhân tham gia (vnđ) | T4: Ký nhận | U4: Ghi chú
O5: Tác giả thứ nhất | P5: Tác giả liên hệ | Q5: Khác
A6: 1 | B6: Simulation Study on Static and Dynamic Characteristics of Electromagnet for Electro-Hydraulic Proportional Valve Used in Shock Absorber | C6: Fangwei Xie, Rui Zhou, Dengshuai Wang, Jun Ke, Xinjian Guo, Van Xo Nguyen | D6: IEEE Access | E6: Q1b | H6: x | I6: =IF(E6="Q1a",MucHoTro!$H$5,IF(E6="Q1b",MucHoTro!$H$6,IF(E6="Q2",MucHoTro!$H$7,IF(E6="Q3",MucHoTro!$H$8,IF(E6="Q4",MucHoTro!$H$9))))) -> 1.2 | J6: =IF(F6="x",MucHoTro!$C$5,IF(G6="x",MucHoTro!$D$5,IF(H6="x",MucHoTro!$E$5))) -> 1 | K6: =I6*J6 -> 1.2 | N6: 1 | Q6: x | R6: =K6*2000000 -> 2400000
C7: Nguyễn Văn Xô | E7: Q1b | I7: =IF(E7="Q1a",MucHoTro!$H$5,IF(E7="Q1b",MucHoTro!$H$6,IF(E7="Q2",MucHoTro!$H$7,IF(E7="Q3",MucHoTro!$H$8,IF(E7="Q4",MucHoTro!$H$9))))) -> 1.2 | J7: =IF(F7="x",MucHoTro!$C$5,IF(G7="x",MucHoTro!$D$5,IF(H7="x",MucHoTro!$E$5))) -> FALSE | K7: =I7*J7 -> 0 | L7: Nguyễn Văn Xô | M7: Máy và Thiết bị Công nghiệp | S7: =R6/N6 -> 2400000
A8: 2 | B8: Grid-Connected Photovoltaic Systems with Single-Axis Sun Tracker: Case Study for Central Vietnam | C8: Xuan Cuong Ngo, Thi Hong Nguyen, Nhu Y Do, Duc Minh Nguyen, Dai-Viet N. Vo, Su Shiung Lam, Doyeon Heo, Mohammadreza Shokouhimehr, Van-Huy Nguyen, Rajender S. Varma, Soo Young Kim and Quyet Van Le | D8: Energies | E8: Q2 | H8: x | I8: =IF(E8="Q1a",MucHoTro!$H$5,IF(E8="Q1b",MucHoTro!$H$6,IF(E8="Q2",MucHoTro!$H$7,IF(E8="Q3",MucHoTro!$H$8,IF(E8="Q4",MucHoTro!$H$9))))) -> 1.1 | J8: =IF(F8="x",MucHoTro!$C$5,IF(G8="x",MucHoTro!$D$5,IF(H8="x",MucHoTro!$E$5))) -> 1 | K8: =I8*J8 -> 1.1 | N8: 1 | R8: =K8*2000000 -> 2200000
C9: Đỗ Như Ý | E9: Q2 | I9: =IF(E9="Q1a",MucHoTro!$H$5,IF(E9="Q1b",MucHoTro!$H$6,IF(E9="Q2",MucHoTro!$H$7,IF(E9="Q3",MucHoTro!$H$8,IF(E9="Q4",MucHoTro!$H$9))))) -> 1.1 | J9: =IF(F9="x",MucHoTro!$C$5,IF(G9="x",MucHoTro!$D$5,IF(H9="x",MucHoTro!$E$5))) -> FALSE | K9: =I9*J9 -> 0 | L9: Đỗ Như Ý | M9: Điện khí hóa | Q9: x | S9: =R8/N8 -> 2200000
A10: 3 | B10: Experimental Study on Transmission Efficiency of Hydro-viscous Clutch | C10: Qi Sun, Fangwei Xie, Kuaidi Wan, Xinjian Guo, Jie Zhu, VanXo Nguyen, Yun Wang | D10: Industrial Lubrication and Tribology | E10: Q2 | H10: x | I10: =IF(E10="Q1a",MucHoTro!$H$5,IF(E10="Q1b",MucHoTro!$H$6,IF(E10="Q2",MucHoTro!$H$7,IF(E10="Q3",MucHoTro!$H$8,IF(E10="Q4",MucHoTro!$H$9))))) -> 1.1 | J10: =IF(F10="x",MucHoTro!$C$5,IF(G10="x",MucHoTro!$D$5,IF(H10="x",MucHoTro!$E$5))) -> 1 | K10: =I10*J10 -> 1.1 | N10: 1 | R10: =K10*2000000 -> 2200000
C11: Nguyễn Văn Xô | E11: Q2 | I11: =IF(E11="Q1a",MucHoTro!$H$5,IF(E11="Q1b",MucHoTro!$H$6,IF(E11="Q2",MucHoTro!$H$7,IF(E11="Q3",MucHoTro!$H$8,IF(E11="Q4",MucHoTro!$H$9))))) -> 1.1 | J11: =IF(F11="x",MucHoTro!$C$5,IF(G11="x",MucHoTro!$D$5,IF(H11="x",MucHoTro!$E$5))) -> FALSE | K11: =I11*J11 -> 0 | L11: Nguyễn Văn Xô | M11: Máy và Thiết bị Công nghiệp | Q11: x | S11: =R10/N10 -> 2200000
A12: 4 | B12: The influence of voltage quality on the performance of EKG excavators in open pit mines | C12: Ngo Xuan Cuong, Do Nhu Y, Tran Quang Hieu | D12: Inżynieria Mineralna -Journal of the Polish Mineral Engineering Society | E12: Q3 | H12: x | I12: =IF(E12="Q1a",MucHoTro!$H$5,IF(E12="Q1b",MucHoTro!$H$6,IF(E12="Q2",MucHoTro!$H$7,IF(E12="Q3",MucHoTro!$H$8,IF(E12="Q4",MucHoTro!$H$9))))) -> 0.9 | J12: =IF(F12="x",MucHoTro!$C$5,IF(G12="x",MucHoTro!$D$5,IF(H12="x",MucHoTro!$E$5))) -> 1 | K12: =I12*J12 -> 0.9 | N12: 2 | R12: =K12*2000000 -> 1800000
C13: Đỗ Như Ý | E13: Q3 | I13: =IF(E13="Q1a",MucHoTro!$H$5,IF(E13="Q1b",MucHoTro!$H$6,IF(E13="Q2",MucHoTro!$H$7,IF(E13="Q3",MucHoTro!$H$8,IF(E13="Q4",MucHoTro!$H$9))))) -> 0.9 | J13: =IF(F13="x",MucHoTro!$C$5,IF(G13="x",MucHoTro!$D$5,IF(H13="x",MucHoTro!$E$5))) -> FALSE | K13: =I13*J13 -> 0 | L13: Đỗ Như Ý | M13: Điện khí hóa | Q13: x | S13: =$R$12/$N$12 -> 900000
C14: Trần Quang Hiếu | E14: Q3 | I14: =IF(E14="Q1a",MucHoTro!$H$5,IF(E14="Q1b",MucHoTro!$H$6,IF(E14="Q2",MucHoTro!$H$7,IF(E14="Q3",MucHoTro!$H$8,IF(E14="Q4",MucHoTro!$H$9))))) -> 0.9 | J14: =IF(F14="x",MucHoTro!$C$5,IF(G14="x",MucHoTro!$D$5,IF(H14="x",MucHoTro!$E$5))) -> FALSE | K14: =I14*J14 -> 0 | L14: Trần Quang Hiếu | M14: Khai thác Lộ thiên | Q14: x | S14: =$R$12/$N$12 -> 900000
A15: 5 | B15: Research on Apparent Friction Factor in Perforated and Slotted Horizontal Filters to Dewater Opencast Mines Using Numerical Analysis | C15: Tran Duc Huan, Pham Duc Thien | D15: Inżynieria Mineralna -Journal of the Polish Mineral Engineering Society | E15: Q3 | F15: x | I15: =IF(E15="Q1a",MucHoTro!$H$5,IF(E15="Q1b",MucHoTro!$H$6,IF(E15="Q2",MucHoTro!$H$7,IF(E15="Q3",MucHoTro!$H$8,IF(E15="Q4",MucHoTro!$H$9))))) -> 0.9 | J15: =IF(F15="x",MucHoTro!$C$5,IF(G15="x",MucHoTro!$D$5,IF(H15="x",MucHoTro!$E$5))) -> 1.5 | K15: =I15*J15 -> 1.35 | N15: 2 | R15: =K15*2000000 -> 2700000
C16: Trần Đức Huân | E16: Q3 | I16: =IF(E16="Q1a",MucHoTro!$H$5,IF(E16="Q1b",MucHoTro!$H$6,IF(E16="Q2",MucHoTro!$H$7,IF(E16="Q3",MucHoTro!$H$8,IF(E16="Q4",MucHoTro!$H$9))))) -> 0.9 | J16: =IF(F16="x",MucHoTro!$C$5,IF(G16="x",MucHoTro!$D$5,IF(H16="x",MucHoTro!$E$5))) -> FALSE | K16: =I16*J16 -> 0 | L16: Trần Đức Huân | M16: Kỹ thuật cơ khí | O16: x | P16: x | S16: =$R$15*0.6+($R$15*0.4)/2 -> 2160000
C17: Phạm Đức Thiên | E17: Q3 | I17: =IF(E17="Q1a",MucHoTro!$H$5,IF(E17="Q1b",MucHoTro!$H$6,IF(E17="Q2",MucHoTro!$H$7,IF(E17="Q3",MucHoTro!$H$8,IF(E17="Q4",MucHoTro!$H$9))))) -> 0.9 | J17: =IF(F17="x",MucHoTro!$C$5,IF(G17="x",MucHoTro!$D$5,IF(H17="x",MucHoTro!$E$5))) -> FALSE | K17: =I17*J17 -> 0 | L17: Phạm Đức Thiên | M17: Kỹ thuật cơ khí | Q17: x | S17: =R15*0.4/2 -> 540000
A18: 6 | B18: Dynamic Simulation of a Hydraulic Excavator to Determine the Joint Reaction Forces of Boom, Stick, Bucket, and Driving Forces of Hydraulic Cylinders | C18: Nguyen Dang Tan | D18: Inżynieria Mineralna -Journal of the Polish Mineral Engineering Society | E18: Q3 | F18: x | I18: =IF(E18="Q1a",MucHoTro!$H$5,IF(E18="Q1b",MucHoTro!$H$6,IF(E18="Q2",MucHoTro!$H$7,IF(E18="Q3",MucHoTro!$H$8,IF(E18="Q4",MucHoTro!$H$9))))) -> 0.9 | J18: =IF(F18="x",MucHoTro!$C$5,IF(G18="x",MucHoTro!$D$5,IF(H18="x",MucHoTro!$E$5))) -> 1.5 | K18: =I18*J18 -> 1.35 | L18: Nguyễn Đăng Tấn | N18: 1 | R18: =K18*2000000 -> 2700000
C19: Nguyễn Đăng Tấn | E19: Q3 | I19: =IF(E19="Q1a",MucHoTro!$H$5,IF(E19="Q1b",MucHoTro!$H$6,IF(E19="Q2",MucHoTro!$H$7,IF(E19="Q3",MucHoTro!$H$8,IF(E19="Q4",MucHoTro!$H$9))))) -> 0.9 | J19: =IF(F19="x",MucHoTro!$C$5,IF(G19="x",MucHoTro!$D$5,IF(H19="x",MucHoTro!$E$5))) -> FALSE | K19: =I19*J19 -> 0 | L19: Nguyễn Đăng Tấn | M19: Máy và Thiết bị Công nghiệp | O19: x | P19: x | S19: =R18/N18 -> 2700000
A20: 7 | B20: Improving the operation of earth fault relays by auto earthing connection at earth fault situations in 6kV mining grid of Quang Ninh | C20: Ho Viet Bun, Le Xuan Thanh | D20: Inżynieria Mineralna -Journal of the Polish Mineral Engineering Society | E20: Q3 | F20: x | I20: =IF(E20="Q1a",MucHoTro!$H$5,IF(E20="Q1b",MucHoTro!$H$6,IF(E20="Q2",MucHoTro!$H$7,IF(E20="Q3",MucHoTro!$H$8,IF(E20="Q4",MucHoTro!$H$9))))) -> 0.9 | J20: =IF(F20="x",MucHoTro!$C$5,IF(G20="x",MucHoTro!$D$5,IF(H20="x",MucHoTro!$E$5))) -> 1.5 | K20: =I20*J20 -> 1.35 | N20: 2 | R20: =K20*2000000 -> 2700000 | U20: 2019 bổ sung
C21: Hồ Việt Bun | E21: Q3 | I21: =IF(E21="Q1a",MucHoTro!$H$5,IF(E21="Q1b",MucHoTro!$H$6,IF(E21="Q2",MucHoTro!$H$7,IF(E21="Q3",MucHoTro!$H$8,IF(E21="Q4",MucHoTro!$H$9))))) -> 0.9 | J21: =IF(F21="x",MucHoTro!$C$5,IF(G21="x",MucHoTro!$D$5,IF(H21="x",MucHoTro!$E$5))) -> FALSE | K21: =I21*J21 -> 0 | L21: Hồ Việt Bun | M21: Điện khí hóa | O21: x | P21: x | S21: =$R$20*0.6+(R20*0.4/2) -> 2160000
C22: Lê Xuân Thành | E22: Q3 | I22: =IF(E22="Q1a",MucHoTro!$H$5,IF(E22="Q1b",MucHoTro!$H$6,IF(E22="Q2",MucHoTro!$H$7,IF(E22="Q3",MucHoTro!$H$8,IF(E22="Q4",MucHoTro!$H$9))))) -> 0.9 | J22: =IF(F22="x",MucHoTro!$C$5,IF(G22="x",MucHoTro!$D$5,IF(H22="x",MucHoTro!$E$5))) -> FALSE | K22: =I22*J22 -> 0 | L22: Lê Xuân Thành | M22: Điện khí hóa | Q22: x | S22: =R20*0.4/2 -> 540000
A23: 8 | B23: Improving Breastfeeding by Empowering Mothers in Vietnam: A Randomised Controlled Trial of a Mobile App | C23: Thi Thuy Duong Doan, Colin Binns, Ngoc Minh Pham, Yun Zhao, Thi Phuong Hoa Dinh, Thi Thu Ha Bui, Trung Chuyen Tran, Xuan Hoai Nguyen, Roslyn Giglia, Fenglian Xu and Andy Lee | D23: International Journal of Environmenttal Research and Public Health | E23: Q2 | F23: x | I23: =IF(E23="Q1a",MucHoTro!$H$5,IF(E23="Q1b",MucHoTro!$H$6,IF(E23="Q2",MucHoTro!$H$7,IF(E23="Q3",MucHoTro!$H$8,IF(E23="Q4",MucHoTro!$H$9))))) -> 1.1 | J23: =IF(F23="x",MucHoTro!$C$5,IF(G23="x",MucHoTro!$D$5,IF(H23="x",MucHoTro!$E$5))) -> 1.5 | K23: =I23*J23 -> 1.65 | N23: 1 | R23: =K23*2000000 -> 3300000
C24: Trần Trung Chuyên | E24: Q2 | I24: =IF(E24="Q1a",MucHoTro!$H$5,IF(E24="Q1b",MucHoTro!$H$6,IF(E24="Q2",MucHoTro!$H$7,IF(E24="Q3",MucHoTro!$H$8,IF(E24="Q4",MucHoTro!$H$9))))) -> 1.1 | J24: =IF(F24="x",MucHoTro!$C$5,IF(G24="x",MucHoTro!$D$5,IF(H24="x",MucHoTro!$E$5))) -> FALSE | K24: =I24*J24 -> 0 | L24: Trần Trung Chuyên | M24: Tin học Trắc địa | Q24: x | S24: =R23/N23 -> 3300000
A25: 9 | B25: Designing and Developing A Mobile App (BeBo) in a Randomized Controlled Trial Study to Promote Breastfeeding Among Vietnamese mothers | C25: Doan TTD, Tran CT, Pham MN, Zhao Y, Dinh HTP, Nguyen HX, Lee A, Binns C, Bui HTT | D25: JMIR mHealth and uHealth | E25: Q2 | H25: x | I25: =IF(E25="Q1a",MucHoTro!$H$5,IF(E25="Q1b",MucHoTro!$H$6,IF(E25="Q2",MucHoTro!$H$7,IF(E25="Q3",MucHoTro!$H$8,IF(E25="Q4",MucHoTro!$H$9))))) -> 1.1 | J25: =IF(F25="x",MucHoTro!$C$5,IF(G25="x",MucHoTro!$D$5,IF(H25="x",MucHoTro!$E$5))) -> 1 | K25: =I25*J25 -> 1.1 | N25: 1 | R25: =K25*2000000 -> 2200000
C26: Trần Trung Chuyên | E26: Q2 | H26: x | I26: =IF(E26="Q1a",MucHoTro!$H$5,IF(E26="Q1b",MucHoTro!$H$6,IF(E26="Q2",MucHoTro!$H$7,IF(E26="Q3",MucHoTro!$H$8,IF(E26="Q4",MucHoTro!$H$9))))) -> 1.1 | J26: =IF(F26="x",MucHoTro!$C$5,IF(G26="x",MucHoTro!$D$5,IF(H26="x",MucHoTro!$E$5))) -> 1 | K26: =I26*J26 -> 1.1 | L26: Trần Trung Chuyên | M26: Tin học Trắc địa | Q26: x | S26: =R25/N25 -> 2200000
A27: 10 | B27: Characterization and application of C–TiO2 doped cellulose acetate nanocomposite film for removal of Reactive Red-195 | C27: Xuan Nui Pham, Duc Trong Pham, Ha Son Ngo, Manh B. Nguyen, and Huan V. Doan | D27: Chemical Engineering Communications | E27: Q2 | F27: x | I27: =IF(E27="Q1a",MucHoTro!$H$5,IF(E27="Q1b",MucHoTro!$H$6,IF(E27="Q2",MucHoTro!$H$7,IF(E27="Q3",MucHoTro!$H$8,IF(E27="Q4",MucHoTro!$H$9))))) -> 1.1 | J27: =IF(F27="x",MucHoTro!$C$5,IF(G27="x",MucHoTro!$D$5,IF(H27="x",MucHoTro!$E$5))) -> 1.5 | K27: =I27*J27 -> 1.65 | N27: 3 | R27: =K27*2000000 -> 3300000
C28: Phạm Xuân Núi | E28: Q2 | H28: x | I28: =IF(E28="Q1a",MucHoTro!$H$5,IF(E28="Q1b",MucHoTro!$H$6,IF(E28="Q2",MucHoTro!$H$7,IF(E28="Q3",MucHoTro!$H$8,IF(E28="Q4",MucHoTro!$H$9))))) -> 1.1 | J28: =IF(F28="x",MucHoTro!$C$5,IF(G28="x",MucHoTro!$D$5,IF(H28="x",MucHoTro!$E$5))) -> 1 | K28: =I28*J28 -> 1.1 | L28: Phạm Xuân Núi | M28: Lọc - Hóa dầu | O28: x | P28: x | S28: =R27*0.6+R27*0.4/3 -> 2420000
C29: Ngô Hà Sơn | E29: Q2 | H29: x | I29: =IF(E29="Q1a",MucHoTro!$H$5,IF(E29="Q1b",MucHoTro!$H$6,IF(E29="Q2",MucHoTro!$H$7,IF(E29="Q3",MucHoTro!$H$8,IF(E29="Q4",MucHoTro!$H$9))))) -> 1.1 | J29: =IF(F29="x",MucHoTro!$C$5,IF(G29="x",MucHoTro!$D$5,IF(H29="x",MucHoTro!$E$5))) -> 1 | K29: =I29*J29 -> 1.1 | L29: Ngô Hà Sơn | M29: Lọc - Hóa dầu | Q29: x | S29: =$R$27*0.4/3 -> 440000
C30: Đoàn Văn Huấn | E30: Q2 | H30: x | I30: =IF(E30="Q1a",MucHoTro!$H$5,IF(E30="Q1b",MucHoTro!$H$6,IF(E30="Q2",MucHoTro!$H$7,IF(E30="Q3",MucHoTro!$H$8,IF(E30="Q4",MucHoTro!$H$9))))) -> 1.1 | J30: =IF(F30="x",MucHoTro!$C$5,IF(G30="x",MucHoTro!$D$5,IF(H30="x",MucHoTro!$E$5))) -> 1 | K30: =I30*J30 -> 1.1 | L30: Đoàn Văn Huấn | M30: Lọc - Hóa dầu | Q30: x | S30: =$R$27*0.4/3 -> 440000
A31: 11 | B31: Relative pressure drop model for hydrate formation and transportability in flowlines in high water cut systems | C31: Trung-Kien PHAM, Ana CAMEIRAO, Aline MELCHUNA, Jean-Michel HERRI, Philippe GLENAT | D31: Energies | E31: Q2 | F31: x | I31: =IF(E31="Q1a",MucHoTro!$H$5,IF(E31="Q1b",MucHoTro!$H$6,IF(E31="Q2",MucHoTro!$H$7,IF(E31="Q3",MucHoTro!$H$8,IF(E31="Q4",MucHoTro!$H$9))))) -> 1.1 | J31: =IF(F31="x",MucHoTro!$C$5,IF(G31="x",MucHoTro!$D$5,IF(H31="x",MucHoTro!$E$5))) -> 1.5 | K31: =I31*J31 -> 1.65 | N31: 1 | R31: =K31*2000000 -> 3300000
C32: Phạm Trung Kiên | E32: Q2 | I32: =IF(E32="Q1a",MucHoTro!$H$5,IF(E32="Q1b",MucHoTro!$H$6,IF(E32="Q2",MucHoTro!$H$7,IF(E32="Q3",MucHoTro!$H$8,IF(E32="Q4",MucHoTro!$H$9))))) -> 1.1 | J32: =IF(F32="x",MucHoTro!$C$5,IF(G32="x",MucHoTro!$D$5,IF(H32="x",MucHoTro!$E$5))) -> FALSE | K32: =I32*J32 -> 0 | L32: Phạm Trung Kiên | M32: Lọc - Hóa dầu | O32: x | P32: x | S32: =R31/N31 -> 3300000
A33: 12 | B33: Stratigraphic Framework And Petroleum Geochemistry Oligocene Source Rocks, Northern Song Hong Basin | C33: Anh Ngoc Le, Dat Tien Nguyen, Tuan Van Pham, Ngan Thi Bui, Hoa Minh Nguyen, Muoi Duy Nguyen, Hiep Huu Hoang | D33: International Journal of GEOMATE | E33: Q3 | F33: x | I33: =IF(E33="Q1a",MucHoTro!$H$5,IF(E33="Q1b",MucHoTro!$H$6,IF(E33="Q2",MucHoTro!$H$7,IF(E33="Q3",MucHoTro!$H$8,IF(E33="Q4",MucHoTro!$H$9))))) -> 0.9 | J33: =IF(F33="x",MucHoTro!$C$5,IF(G33="x",MucHoTro!$D$5,IF(H33="x",MucHoTro!$E$5))) -> 1.5 | K33: =I33*J33 -> 1.35 | N33: 5 | R33: =K33*2000000 -> 2700000
C34: Lê Ngọc Ánh | E34: Q3 | I34: =IF(E34="Q1a",MucHoTro!$H$5,IF(E34="Q1b",MucHoTro!$H$6,IF(E34="Q2",MucHoTro!$H$7,IF(E34="Q3",MucHoTro!$H$8,IF(E34="Q4",MucHoTro!$H$9))))) -> 0.9 | J34: =IF(F34="x",MucHoTro!$C$5,IF(G34="x",MucHoTro!$D$5,IF(H34="x",MucHoTro!$E$5))) -> FALSE | K34: =I34*J34 -> 0 | L34: Lê Ngọc Ánh | O34: x | P34: x | S34: =R33*0.6+R33*0.4/5 -> 1836000
C35: Phạm Văn Tuấn | E35: Q3 | I35: =IF(E35="Q1a",MucHoTro!$H$5,IF(E35="Q1b",MucHoTro!$H$6,IF(E35="Q2",MucHoTro!$H$7,IF(E35="Q3",MucHoTro!$H$8,IF(E35="Q4",MucHoTro!$H$9))))) -> 0.9 | J35: =IF(F35="x",MucHoTro!$C$5,IF(G35="x",MucHoTro!$D$5,IF(H35="x",MucHoTro!$E$5))) -> FALSE | K35: =I35*J35 -> 0 | L35: Phạm Văn Tuấn | Q35: x | S35: =$R$33*0.4/5 -> 216000
C36: Bùi Thị Ngân | E36: Q3 | I36: =IF(E36="Q1a",MucHoTro!$H$5,IF(E36="Q1b",MucHoTro!$H$6,IF(E36="Q2",MucHoTro!$H$7,IF(E36="Q3",MucHoTro!$H$8,IF(E36="Q4",MucHoTro!$H$9))))) -> 0.9 | J36: =IF(F36="x",MucHoTro!$C$5,IF(G36="x",MucHoTro!$D$5,IF(H36="x",MucHoTro!$E$5))) -> FALSE | K36: =I36*J36 -> 0 | L36: Bùi Thị Ngân | Q36: x | S36: =$R$33*0.4/5 -> 216000
C37: Nguyễn Minh Hòa | E37: Q3 | I37: =IF(E37="Q1a",MucHoTro!$H$5,IF(E37="Q1b",MucHoTro!$H$6,IF(E37="Q2",MucHoTro!$H$7,IF(E37="Q3",MucHoTro!$H$8,IF(E37="Q4",MucHoTro!$H$9))))) -> 0.9 | J37: =IF(F37="x",MucHoTro!$C$5,IF(G37="x",MucHoTro!$D$5,IF(H37="x",MucHoTro!$E$5))) -> FALSE | K37: =I37*J37 -> 0 | L37: Nguyễn Minh Hòa | Q37: x | S37: =$R$33*0.4/5 -> 216000
C38: Nguyễn Duy Mười | E38: Q3 | I38: =IF(E38="Q1a",MucHoTro!$H$5,IF(E38="Q1b",MucHoTro!$H$6,IF(E38="Q2",MucHoTro!$H$7,IF(E38="Q3",MucHoTro!$H$8,IF(E38="Q4",MucHoTro!$H$9))))) -> 0.9 | J38: =IF(F38="x",MucHoTro!$C$5,IF(G38="x",MucHoTro!$D$5,IF(H38="x",MucHoTro!$E$5))) -> FALSE | K38: =I38*J38 -> 0 | L38: Nguyễn Duy Mười | Q38: x | S38: =$R$33*0.4/5 -> 216000
A39: 13 | B39: One-Pot Preparation of Alumina-Modified Polysulfone-Graphene Oxide Nanocomposite Membrane for Separation of Emulsion- Oil from Wastewater | C39: Vuong Hoan T. Nguyen, Minh N. Nguyen Tam T. Truong, Tien Trung Nguyen, Huan V. Doan, and Xuan Nui Pham | D39: Journal of Nanomaterials | E39: Q2 | G39: x | I39: =IF(E39="Q1a",MucHoTro!$H$5,IF(E39="Q1b",MucHoTro!$H$6,IF(E39="Q2",MucHoTro!$H$7,IF(E39="Q3",MucHoTro!$H$8,IF(E39="Q4",MucHoTro!$H$9))))) -> 1.1 | J39: =IF(F39="x",MucHoTro!$C$5,IF(G39="x",MucHoTro!$D$5,IF(H39="x",MucHoTro!$E$5))) -> 1.25 | K39: =I39*J39 -> 1.375 | N39: 2 | R39: =K39*2000000 -> 2750000
C40: Đoàn Văn Huấn | E40: Q2 | G40: x | I40: =IF(E40="Q1a",MucHoTro!$H$5,IF(E40="Q1b",MucHoTro!$H$6,IF(E40="Q2",MucHoTro!$H$7,IF(E40="Q3",MucHoTro!$H$8,IF(E40="Q4",MucHoTro!$H$9))))) -> 1.1 | J40: =IF(F40="x",MucHoTro!$C$5,IF(G40="x",MucHoTro!$D$5,IF(H40="x",MucHoTro!$E$5))) -> 1.25 | K40: =I40*J40 -> 1.375 | L40: Đoàn Văn Huấn | Q40: x | S40: =R39*0.7/2 -> 962500
C41: Phạm Xuân Núi | E41: Q2 | G41: x | I41: =IF(E41="Q1a",MucHoTro!$H$5,IF(E41="Q1b",MucHoTro!$H$6,IF(E41="Q2",MucHoTro!$H$7,IF(E41="Q3",MucHoTro!$H$8,IF(E41="Q4",MucHoTro!$H$9))))) -> 1.1 | J41: =IF(F41="x",MucHoTro!$C$5,IF(G41="x",MucHoTro!$D$5,IF(H41="x",MucHoTro!$E$5))) -> 1.25 | K41: =I41*J41 -> 1.375 | L41: Phạm Xuân Núi | P41: x | S41: =R39*0.3+R39*0.7/2 -> 1787500
A42: 14 | B42: Direct synthesis of highly ordered Ti-containing Al-SBA-15 mesostructured catalysts from natural halloysite and its photocatalytic activity for oxidative desulfurization of dibenzothiophene | C42: Xuan Nui Pham, Manh B. Nguyen, Huan V. Doan | D42: Advanced Powder Technology | E42: Q1b | G42: x | I42: =IF(E42="Q1a",MucHoTro!$H$5,IF(E42="Q1b",MucHoTro!$H$6,IF(E42="Q2",MucHoTro!$H$7,IF(E42="Q3",MucHoTro!$H$8,IF(E42="Q4",MucHoTro!$H$9))))) -> 1.2 | J42: =IF(F42="x",MucHoTro!$C$5,IF(G42="x",MucHoTro!$D$5,IF(H42="x",MucHoTro!$E$5))) -> 1.25 | K42: =I42*J42 -> 1.5 | N42: 2 | R42: =K42*2000000 -> 3000000
C43: Đoàn Văn Huấn | E43: Q1b | G43: x | I43: =IF(E43="Q1a",MucHoTro!$H$5,IF(E43="Q1b",MucHoTro!$H$6,IF(E43="Q2",MucHoTro!$H$7,IF(E43="Q3",MucHoTro!$H$8,IF(E43="Q4",MucHoTro!$H$9))))) -> 1.2 | J43: =IF(F43="x",MucHoTro!$C$5,IF(G43="x",MucHoTro!$D$5,IF(H43="x",MucHoTro!$E$5))) -> 1.25 | K43: =I43*J43 -> 1.5 | L43: Đoàn Văn Huấn | O43: x | P43: x | S43: =R42*0.6+R42*0.4/2 -> 2400000
C44: Phạm Xuân Núi | E44: Q1b | G44: x | I44: =IF(E44="Q1a",MucHoTro!$H$5,IF(E44="Q1b",MucHoTro!$H$6,IF(E44="Q2",MucHoTro!$H$7,IF(E44="Q3",MucHoTro!$H$8,IF(E44="Q4",MucHoTro!$H$9))))) -> 1.2 | J44: =IF(F44="x",MucHoTro!$C$5,IF(G44="x",MucHoTro!$D$5,IF(H44="x",MucHoTro!$E$5))) -> 1.25 | K44: =I44*J44 -> 1.5 | L44: Phạm Xuân Núi | Q44: x | S44: =R42*0.4/2 -> 600000
A45: 15 | B45: Highly efficient photocatalytic oxidative desulfurization of dibenzothiophene with sunlight irradiation using green catalyst of Ag@AgBr/Al-SBA-15 derived from natural halloysite | C45: Xuan Nui Pham, Manh B. Nguyen, Ha Son Ngo, Huan V. Doan | D45: Journal of Industrial and Engineering Chemistry | E45: Q1b | G45: x | I45: =IF(E45="Q1a",MucHoTro!$H$5,IF(E45="Q1b",MucHoTro!$H$6,IF(E45="Q2",MucHoTro!$H$7,IF(E45="Q3",MucHoTro!$H$8,IF(E45="Q4",MucHoTro!$H$9))))) -> 1.2 | J45: =IF(F45="x",MucHoTro!$C$5,IF(G45="x",MucHoTro!$D$5,IF(H45="x",MucHoTro!$E$5))) -> 1.25 | K45: =I45*J45 -> 1.5 | N45: 3 | R45: =K45*2000000 -> 3000000
C46: Phạm Xuân Núi | E46: Q1b | G46: x | I46: =IF(E46="Q1a",MucHoTro!$H$5,IF(E46="Q1b",MucHoTro!$H$6,IF(E46="Q2",MucHoTro!$H$7,IF(E46="Q3",MucHoTro!$H$8,IF(E46="Q4",MucHoTro!$H$9))))) -> 1.2 | J46: =IF(F46="x",MucHoTro!$C$5,IF(G46="x",MucHoTro!$D$5,IF(H46="x",MucHoTro!$E$5))) -> 1.25 | K46: =I46*J46 -> 1.5 | L46: Phạm Xuân Núi | O46: x | P46: x | S46: =R45*0.6+R45*0.4/3 -> 2200000
C47: Ngô Hà Sơn | E47: Q1b | G47: x | I47: =IF(E47="Q1a",MucHoTro!$H$5,IF(E47="Q1b",MucHoTro!$H$6,IF(E47="Q2",MucHoTro!$H$7,IF(E47="Q3",MucHoTro!$H$8,IF(E47="Q4",MucHoTro!$H$9))))) -> 1.2 | J47: =IF(F47="x",MucHoTro!$C$5,IF(G47="x",MucHoTro!$D$5,IF(H47="x",MucHoTro!$E$5))) -> 1.25 | K47: =I47*J47 -> 1.5 | L47: Ngô Hà Sơn | Q47: x | S47: =$R$45*0.4/3 -> 400000
C48: Đoàn Văn Huấn | E48: Q1b | G48: x | I48: =IF(E48="Q1a",MucHoTro!$H$5,IF(E48="Q1b",MucHoTro!$H$6,IF(E48="Q2",MucHoTro!$H$7,IF(E48="Q3",MucHoTro!$H$8,IF(E48="Q4",MucHoTro!$H$9))))) -> 1.2 | J48: =IF(F48="x",MucHoTro!$C$5,IF(G48="x",MucHoTro!$D$5,IF(H48="x",MucHoTro!$E$5))) -> 1.25 | K48: =I48*J48 -> 1.5 | L48: Đoàn Văn Huấn | Q48: x | S48: =$R$45*0.4/3 -> 400000
A49: 16 | B49: Preparation and testing of ceasium Brønsted ion-exchanged Al-SBA-15 supported heteropoly acid as heterogeneous catalyst in the fructone fragrancy synthesis | C49: Quang Vinh Tran, Thi Hanh Truong, Tran Quang Hung, Huan V. Doan, Xuan Nui Pham, Nam Thi Hoai Le, Long Giang Bach, Van Tuyen Nguyen | D49: Journal of Porous Materials | E49: Q2 | G49: x | I49: =IF(E49="Q1a",MucHoTro!$H$5,IF(E49="Q1b",MucHoTro!$H$6,IF(E49="Q2",MucHoTro!$H$7,IF(E49="Q3",MucHoTro!$H$8,IF(E49="Q4",MucHoTro!$H$9))))) -> 1.1 | J49: =IF(F49="x",MucHoTro!$C$5,IF(G49="x",MucHoTro!$D$5,IF(H49="x",MucHoTro!$E$5))) -> 1.25 | K49: =I49*J49 -> 1.375 | N49: 2 | R49: =K49*2000000 -> 2750000
C50: Đoàn Văn Huấn | E50: Q2 | G50: x | I50: =IF(E50="Q1a",MucHoTro!$H$5,IF(E50="Q1b",MucHoTro!$H$6,IF(E50="Q2",MucHoTro!$H$7,IF(E50="Q3",MucHoTro!$H$8,IF(E50="Q4",MucHoTro!$H$9))))) -> 1.1 | J50: =IF(F50="x",MucHoTro!$C$5,IF(G50="x",MucHoTro!$D$5,IF(H50="x",MucHoTro!$E$5))) -> 1.25 | K50: =I50*J50 -> 1.375 | L50: Đoàn Văn Huấn | Q50: x | S50: =$R$49/N49 -> 1375000
C51: Phạm Xuân Núi | E51: Q2 | G51: x | I51: =IF(E51="Q1a",MucHoTro!$H$5,IF(E51="Q1b",MucHoTro!$H$6,IF(E51="Q2",MucHoTro!$H$7,IF(E51="Q3",MucHoTro!$H$8,IF(E51="Q4",MucHoTro!$H$9))))) -> 1.1 | J51: =IF(F51="x",MucHoTro!$C$5,IF(G51="x",MucHoTro!$D$5,IF(H51="x",MucHoTro!$E$5))) -> 1.25 | K51: =I51*J51 -> 1.375 | L51: Phạm Xuân Núi | Q51: x | S51: =R49/N49 -> 1375000
A52: 17 | B52: Green synthesis of H-ZSM-5 zeolite-anchored O-doped g-C3N4 for photodegradation of Reactive Red 195 (RR 195) under solar light | C52: Xuan Nui Pham, Hoa Thi Nguyen, Tuyet Nhung Pham, T.-Thanh-Bao Nguyen, Manh B. Nguyen, Van Thi-T. Tran, Huan V. Doan | D52: Journal of the Taiwan Institute of Chemical Engineers | E52: Q1b | F52: x | I52: =IF(E52="Q1a",MucHoTro!$H$5,IF(E52="Q1b",MucHoTro!$H$6,IF(E52="Q2",MucHoTro!$H$7,IF(E52="Q3",MucHoTro!$H$8,IF(E52="Q4",MucHoTro!$H$9))))) -> 1.2 | J52: =IF(F52="x",MucHoTro!$C$5,IF(G52="x",MucHoTro!$D$5,IF(H52="x",MucHoTro!$E$5))) -> 1.5 | K52: =I52*J52 -> 1.8 | N52: 2 | R52: =K52*2000000 -> 3600000
C53: Phạm Xuân Núi | E53: Q1b | I53: =IF(E53="Q1a",MucHoTro!$H$5,IF(E53="Q1b",MucHoTro!$H$6,IF(E53="Q2",MucHoTro!$H$7,IF(E53="Q3",MucHoTro!$H$8,IF(E53="Q4",MucHoTro!$H$9))))) -> 1.2 | J53: =IF(F53="x",MucHoTro!$C$5,IF(G53="x",MucHoTro!$D$5,IF(H53="x",MucHoTro!$E$5))) -> FALSE | K53: =I53*J53 -> 0 | L53: Phạm Xuân Núi | O53: x | P53: x | S53: =R52*0.6+R52*0.4/2 -> 2880000
C54: Đoàn Văn Huấn | E54: Q1b | I54: =IF(E54="Q1a",MucHoTro!$H$5,IF(E54="Q1b",MucHoTro!$H$6,IF(E54="Q2",MucHoTro!$H$7,IF(E54="Q3",MucHoTro!$H$8,IF(E54="Q4",MucHoTro!$H$9))))) -> 1.2 | J54: =IF(F54="x",MucHoTro!$C$5,IF(G54="x",MucHoTro!$D$5,IF(H54="x",MucHoTro!$E$5))) -> FALSE | K54: =I54*J54 -> 0 | L54: Đoàn Văn Huấn | Q54: x | S54: =R52*0.4/2 -> 720000
A55: 18 | B55: Study of soil to plant transfer factors of 226Ra, 232Th, 40K and 137Cs in Vietnamese crops | C55: Hao Duong Van, Thanh Duong Nguyen, Anita Peka, Miklos Hegedus, Anita Csordas | D55: Journal of Environmental Radioactivity | E55: Q1b | H55: x | I55: =IF(E55="Q1a",MucHoTro!$H$5,IF(E55="Q1b",MucHoTro!$H$6,IF(E55="Q2",MucHoTro!$H$7,IF(E55="Q3",MucHoTro!$H$8,IF(E55="Q4",MucHoTro!$H$9))))) -> 1.2 | J55: =IF(F55="x",MucHoTro!$C$5,IF(G55="x",MucHoTro!$D$5,IF(H55="x",MucHoTro!$E$5))) -> 1 | K55: =I55*J55 -> 1.2 | N55: 1 | R55: =K55*2000000 -> 2400000
C56: Nguyễn Thành Dương | E56: Q1b | I56: =IF(E56="Q1a",MucHoTro!$H$5,IF(E56="Q1b",MucHoTro!$H$6,IF(E56="Q2",MucHoTro!$H$7,IF(E56="Q3",MucHoTro!$H$8,IF(E56="Q4",MucHoTro!$H$9))))) -> 1.2 | J56: =IF(F56="x",MucHoTro!$C$5,IF(G56="x",MucHoTro!$D$5,IF(H56="x",MucHoTro!$E$5))) -> FALSE | K56: =I56*J56 -> 0 | L56: Nguyễn Thành Dương | Q56: x | S56: =R55/N55 -> 2400000
A57: 19 | B57: Green Synthesis and Antibacterial Activity of HAp@Ag Nanocomposite Using Centella asiatica (L.) Urban Extract and Eggshell | C57: Xuan Nui Pham, Hoa Thi Nguyen, and Ngan Thi Pham | D57: International Journal of Biomaterials | E57: Q2 | F57: x | I57: =IF(E57="Q1a",MucHoTro!$H$5,IF(E57="Q1b",MucHoTro!$H$6,IF(E57="Q2",MucHoTro!$H$7,IF(E57="Q3",MucHoTro!$H$8,IF(E57="Q4",MucHoTro!$H$9))))) -> 1.1 | J57: =IF(F57="x",MucHoTro!$C$5,IF(G57="x",MucHoTro!$D$5,IF(H57="x",MucHoTro!$E$5))) -> 1.5 | K57: =I57*J57 -> 1.65 | N57: 1 | R57: =K57*2000000 -> 3300000
C58: Phạm Xuân Núi | E58: Q2 | I58: =IF(E58="Q1a",MucHoTro!$H$5,IF(E58="Q1b",MucHoTro!$H$6,IF(E58="Q2",MucHoTro!$H$7,IF(E58="Q3",MucHoTro!$H$8,IF(E58="Q4",MucHoTro!$H$9))))) -> 1.1 | J58: =IF(F58="x",MucHoTro!$C$5,IF(G58="x",MucHoTro!$D$5,IF(H58="x",MucHoTro!$E$5))) -> FALSE | K58: =I58*J58 -> 0 | L58: Phạm Xuân Núi | M58: Lọc - Hóa dầu | O58: x | P58: x | S58: =R57/N57 -> 3300000
A59: 20 | B59: Flow Assurance Study on Offshore Marginal Oil Field Development in Vietnam: The Case of Ca Ngu Vang Oil Field | C59: Nguyễn Văn Thịnh, Nguyễn Thị Hải Yến, Trịnh Tiến Thắng, Tống Cảng Sơn, Lê Đình Hòe | D59: Inżynieria Mineralna -Journal of the Polish Mineral Engineering Society | E59: Q3 | F59: x | I59: =IF(E59="Q1a",MucHoTro!$H$5,IF(E59="Q1b",MucHoTro!$H$6,IF(E59="Q2",MucHoTro!$H$7,IF(E59="Q3",MucHoTro!$H$8,IF(E59="Q4",MucHoTro!$H$9))))) -> 0.9 | J59: =IF(F59="x",MucHoTro!$C$5,IF(G59="x",MucHoTro!$D$5,IF(H59="x",MucHoTro!$E$5))) -> 1.5 | K59: =I59*J59 -> 1.35 | N59: 2 | R59: =K59*2000000 -> 2700000
C60: Nguyễn Văn Thịnh | E60: Q3 | I60: =IF(E60="Q1a",MucHoTro!$H$5,IF(E60="Q1b",MucHoTro!$H$6,IF(E60="Q2",MucHoTro!$H$7,IF(E60="Q3",MucHoTro!$H$8,IF(E60="Q4",MucHoTro!$H$9))))) -> 0.9 | J60: =IF(F60="x",MucHoTro!$C$5,IF(G60="x",MucHoTro!$D$5,IF(H60="x",MucHoTro!$E$5))) -> FALSE | K60: =I60*J60 -> 0 | L60: Nguyễn Văn Thịnh | O60: x | P60: x | S60: =R59*0.6+R59*0.4/2 -> 2160000
C61: Nguyễn Thị Hải Yến | E61: Q3 | I61: =IF(E61="Q1a",MucHoTro!$H$5,IF(E61="Q1b",MucHoTro!$H$6,IF(E61="Q2",MucHoTro!$H$7,IF(E61="Q3",MucHoTro!$H$8,IF(E61="Q4",MucHoTro!$H$9))))) -> 0.9 | J61: =IF(F61="x",MucHoTro!$C$5,IF(G61="x",MucHoTro!$D$5,IF(H61="x",MucHoTro!$E$5))) -> FALSE | K61: =I61*J61 -> 0 | L61: Nguyễn Thị Hải Yến | Q61: x | S61: =R59*0.4/2 -> 540000
A62: 21 | B62: Two-step Homogenization of Poroelastic Properties of a Limestone | C62: Triệu Hùng Trường, Nguyen, Ngoc Bien , Phạm Đức Thọ, Vu, Minh Ngoc , Đỗ Ngọc Anh, Nguyen, Sy Tuan , Tran, Nam Hung , Nguyen, Thi Thu Nga | D62: Inżynieria Mineralna -Journal of the Polish Mineral Engineering Society | E62: Q3 | F62: x | I62: =IF(E62="Q1a",MucHoTro!$H$5,IF(E62="Q1b",MucHoTro!$H$6,IF(E62="Q2",MucHoTro!$H$7,IF(E62="Q3",MucHoTro!$H$8,IF(E62="Q4",MucHoTro!$H$9))))) -> 0.9 | J62: =IF(F62="x",MucHoTro!$C$5,IF(G62="x",MucHoTro!$D$5,IF(H62="x",MucHoTro!$E$5))) -> 1.5 | K62: =I62*J62 -> 1.35 | N62: 3 | R62: =K62*2000000 -> 2700000
C63: Triệu Hùng Trường | E63: Q3 | I63: =IF(E63="Q1a",MucHoTro!$H$5,IF(E63="Q1b",MucHoTro!$H$6,IF(E63="Q2",MucHoTro!$H$7,IF(E63="Q3",MucHoTro!$H$8,IF(E63="Q4",MucHoTro!$H$9))))) -> 0.9 | J63: =IF(F63="x",MucHoTro!$C$5,IF(G63="x",MucHoTro!$D$5,IF(H63="x",MucHoTro!$E$5))) -> FALSE | K63: =I63*J63 -> 0 | L63: Triệu Hùng Trường | O63: x | P63: x | S63: =R62*0.6+R62*0.4/3 -> 1980000
C64: Phạm Đức Thọ | E64: Q3 | I64: =IF(E64="Q1a",MucHoTro!$H$5,IF(E64="Q1b",MucHoTro!$H$6,IF(E64="Q2",MucHoTro!$H$7,IF(E64="Q3",MucHoTro!$H$8,IF(E64="Q4",MucHoTro!$H$9))))) -> 0.9 | J64: =IF(F64="x",MucHoTro!$C$5,IF(G64="x",MucHoTro!$D$5,IF(H64="x",MucHoTro!$E$5))) -> FALSE | K64: =I64*J64 -> 0 | L64: Phạm Đức Thọ | Q64: x | S64: =$R$62*0.4/3 -> 360000
C65: Đỗ Ngọc Anh | E65: Q3 | I65: =IF(E65="Q1a",MucHoTro!$H$5,IF(E65="Q1b",MucHoTro!$H$6,IF(E65="Q2",MucHoTro!$H$7,IF(E65="Q3",MucHoTro!$H$8,IF(E65="Q4",MucHoTro!$H$9))))) -> 0.9 | J65: =IF(F65="x",MucHoTro!$C$5,IF(G65="x",MucHoTro!$D$5,IF(H65="x",MucHoTro!$E$5))) -> FALSE | K65: =I65*J65 -> 0 | L65: Đỗ Ngọc Anh | Q65: x | S65: =$R$62*0.4/3 -> 360000
A66: 22 | B66: Preparation and application of supported ionic liquid phases for sorption of Pt(IV) from chloride solution | C66: Thuy Thi Le Bui, Ha Thi Ngoc Uong, Son Van Ho, Ngoc Cong Pham Duy Khac Nguyen, Son Ngo, Binh Thanh Nguyen | D66: Chemical Papers | E66: Q2 | F66: x | I66: =IF(E66="Q1a",MucHoTro!$H$5,IF(E66="Q1b",MucHoTro!$H$6,IF(E66="Q2",MucHoTro!$H$7,IF(E66="Q3",MucHoTro!$H$8,IF(E66="Q4",MucHoTro!$H$9))))) -> 1.1 | J66: =IF(F66="x",MucHoTro!$C$5,IF(G66="x",MucHoTro!$D$5,IF(H66="x",MucHoTro!$E$5))) -> 1.5 | K66: =I66*J66 -> 1.65 | N66: 3 | R66: =K66*2000000 -> 3300000
C67: Bùi Thị Lệ Thủy | E67: Q2 | I67: =IF(E67="Q1a",MucHoTro!$H$5,IF(E67="Q1b",MucHoTro!$H$6,IF(E67="Q2",MucHoTro!$H$7,IF(E67="Q3",MucHoTro!$H$8,IF(E67="Q4",MucHoTro!$H$9))))) -> 1.1 | J67: =IF(F67="x",MucHoTro!$C$5,IF(G67="x",MucHoTro!$D$5,IF(H67="x",MucHoTro!$E$5))) -> FALSE | K67: =I67*J67 -> 0 | L67: Bùi Thị Lệ Thủy | O67: x | P67: x | S67: =R66*0.6+R66*0.4/3 -> 2420000
C68: Hồ Văn Sơn | E68: Q2 | I68: =IF(E68="Q1a",MucHoTro!$H$5,IF(E68="Q1b",MucHoTro!$H$6,IF(E68="Q2",MucHoTro!$H$7,IF(E68="Q3",MucHoTro!$H$8,IF(E68="Q4",MucHoTro!$H$9))))) -> 1.1 | J68: =IF(F68="x",MucHoTro!$C$5,IF(G68="x",MucHoTro!$D$5,IF(H68="x",MucHoTro!$E$5))) -> FALSE | K68: =I68*J68 -> 0 | L68: Hồ Văn Sơn | Q68: x | S68: =$R$66*0.4/3 -> 440000
C69: Ngô Hà Sơn | E69: Q2 | I69: =IF(E69="Q1a",MucHoTro!$H$5,IF(E69="Q1b",MucHoTro!$H$6,IF(E69="Q2",MucHoTro!$H$7,IF(E69="Q3",MucHoTro!$H$8,IF(E69="Q4",MucHoTro!$H$9))))) -> 1.1 | J69: =IF(F69="x",MucHoTro!$C$5,IF(G69="x",MucHoTro!$D$5,IF(H69="x",MucHoTro!$E$5))) -> FALSE | K69: =I69*J69 -> 0 | L69: Ngô Hà Sơn | Q69: x | S69: =$R$66*0.4/3 -> 440000
A70: 23 | B70: Using solid carriers impregnated with ammonium ionic liquids for platinum(IV) recovery from chloride solutions | C70: Thuy Thi Le Bui, Ha Thi Ngoc Uong, Duy Khac Nguyen, Dung Thi Kim Hoang, and Giang Vo-Thanh | D70: Korean Journal of Chemical Engineering | E70: Q2 | F70: x | I70: =IF(E70="Q1a",MucHoTro!$H$5,IF(E70="Q1b",MucHoTro!$H$6,IF(E70="Q2",MucHoTro!$H$7,IF(E70="Q3",MucHoTro!$H$8,IF(E70="Q4",MucHoTro!$H$9))))) -> 1.1 | J70: =IF(F70="x",MucHoTro!$C$5,IF(G70="x",MucHoTro!$D$5,IF(H70="x",MucHoTro!$E$5))) -> 1.5 | K70: =I70*J70 -> 1.65 | N70: 1 | R70: =K70*2000000 -> 3300000
C71: Bùi Thị Lệ Thủy | E71: Q2 | I71: =IF(E71="Q1a",MucHoTro!$H$5,IF(E71="Q1b",MucHoTro!$H$6,IF(E71="Q2",MucHoTro!$H$7,IF(E71="Q3",MucHoTro!$H$8,IF(E71="Q4",MucHoTro!$H$9))))) -> 1.1 | J71: =IF(F71="x",MucHoTro!$C$5,IF(G71="x",MucHoTro!$D$5,IF(H71="x",MucHoTro!$E$5))) -> FALSE | K71: =I71*J71 -> 0 | L71: Bùi Thị Lệ Thủy | M71: Lọc - Hóa dầu | O71: x | P71: x | S71: =R70/N70 -> 3300000
A72: 24 | B72: Gross alpha/beta activity concentrations in spa and mineral waters in North Vietnam | C72: Hao Van Duong, Huy Luong Le, Duong Thanh Nguyen, Ngoc Minh Vu, Trung H. Duong, Miklós Hegedűs, Anita Peka, Tibor Kovács | D72: Journal of Radioanalytical and Nuclear Chemistry | E72: Q2 | F72: x | I72: =IF(E72="Q1a",MucHoTro!$H$5,IF(E72="Q1b",MucHoTro!$H$6,IF(E72="Q2",MucHoTro!$H$7,IF(E72="Q3",MucHoTro!$H$8,IF(E72="Q4",MucHoTro!$H$9))))) -> 1.1 | J72: =IF(F72="x",MucHoTro!$C$5,IF(G72="x",MucHoTro!$D$5,IF(H72="x",MucHoTro!$E$5))) -> 1.5 | K72: =I72*J72 -> 1.65 | N72: 2 | R72: =K72*2000000 -> 3300000
C73: Dương Văn Hào | E73: Q2 | I73: =IF(E73="Q1a",MucHoTro!$H$5,IF(E73="Q1b",MucHoTro!$H$6,IF(E73="Q2",MucHoTro!$H$7,IF(E73="Q3",MucHoTro!$H$8,IF(E73="Q4",MucHoTro!$H$9))))) -> 1.1 | J73: =IF(F73="x",MucHoTro!$C$5,IF(G73="x",MucHoTro!$D$5,IF(H73="x",MucHoTro!$E$5))) -> FALSE | K73: =I73*J73 -> 0 | L73: Dương Văn Hào | O73: x | S73: =R72*0.6+R72*0.4/2 -> 2640000
C74: Nguyễn Thành Dương | E74: Q2 | I74: =IF(E74="Q1a",MucHoTro!$H$5,IF(E74="Q1b",MucHoTro!$H$6,IF(E74="Q2",MucHoTro!$H$7,IF(E74="Q3",MucHoTro!$H$8,IF(E74="Q4",MucHoTro!$H$9))))) -> 1.1 | J74: =IF(F74="x",MucHoTro!$C$5,IF(G74="x",MucHoTro!$D$5,IF(H74="x",MucHoTro!$E$5))) -> FALSE | K74: =I74*J74 -> 0 | L74: Nguyễn Thành Dương | Q74: x | S74: =R72*0.4/2 -> 660000
A75: 25 | B75: 210Po in Soil and Tobacco Leaves in Quang Xuong, Vietnam and Estimation of Annual Effective dose to Smokers | C75: Hao Duong Van, Duong Nguyen Thanh, Anita Peka, Edit Tóth-Bodrogi, Tibor Kovács | D75: Radiation Protection Dosimetry | E75: Q3 | F75: x | I75: =IF(E75="Q1a",MucHoTro!$H$5,IF(E75="Q1b",MucHoTro!$H$6,IF(E75="Q2",MucHoTro!$H$7,IF(E75="Q3",MucHoTro!$H$8,IF(E75="Q4",MucHoTro!$H$9))))) -> 0.9 | J75: =IF(F75="x",MucHoTro!$C$5,IF(G75="x",MucHoTro!$D$5,IF(H75="x",MucHoTro!$E$5))) -> 1.5 | K75: =I75*J75 -> 1.35 | N75: 2 | R75: =K75*2000000 -> 2700000
C76: Dương Văn Hào | E76: Q3 | I76: =IF(E76="Q1a",MucHoTro!$H$5,IF(E76="Q1b",MucHoTro!$H$6,IF(E76="Q2",MucHoTro!$H$7,IF(E76="Q3",MucHoTro!$H$8,IF(E76="Q4",MucHoTro!$H$9))))) -> 0.9 | J76: =IF(F76="x",MucHoTro!$C$5,IF(G76="x",MucHoTro!$D$5,IF(H76="x",MucHoTro!$E$5))) -> FALSE | K76: =I76*J76 -> 0 | L76: Dương Văn Hào | O76: x | S76: =R75*0.3+R75*0.7/2 -> 1755000
C77: Nguyễn Thành Dương | E77: Q3 | I77: =IF(E77="Q1a",MucHoTro!$H$5,IF(E77="Q1b",MucHoTro!$H$6,IF(E77="Q2",MucHoTro!$H$7,IF(E77="Q3",MucHoTro!$H$8,IF(E77="Q4",MucHoTro!$H$9))))) -> 0.9 | J77: =IF(F77="x",MucHoTro!$C$5,IF(G77="x",MucHoTro!$D$5,IF(H77="x",MucHoTro!$E$5))) -> FALSE | K77: =I77*J77 -> 0 | L77: Nguyễn Thành Dương | Q77: x | S77: =R75*0.7/2 -> 945000
A78: 26 | B78: Effective capacity building by empowerment teaching in the field of occupational safety and health management in mining | C78: Juergen Kretschmann, Marcus Plien, Thi Hoai Nga Nguyen, Marat Rudakov | D78: Journal of Mining Institute | E78: Q2 | H78: x | I78: =IF(E78="Q1a",MucHoTro!$H$5,IF(E78="Q1b",MucHoTro!$H$6,IF(E78="Q2",MucHoTro!$H$7,IF(E78="Q3",MucHoTro!$H$8,IF(E78="Q4",MucHoTro!$H$9))))) -> 1.1 | J78: =IF(F78="x",MucHoTro!$C$5,IF(G78="x",MucHoTro!$D$5,IF(H78="x",MucHoTro!$E$5))) -> 1 | K78: =I78*J78 -> 1.1 | N78: 1 | R78: =K78*2000000 -> 2200000
C79: Nguyễn Thị Hoài Nga | E79: Q2 | I79: =IF(E79="Q1a",MucHoTro!$H$5,IF(E79="Q1b",MucHoTro!$H$6,IF(E79="Q2",MucHoTro!$H$7,IF(E79="Q3",MucHoTro!$H$8,IF(E79="Q4",MucHoTro!$H$9))))) -> 1.1 | J79: =IF(F79="x",MucHoTro!$C$5,IF(G79="x",MucHoTro!$D$5,IF(H79="x",MucHoTro!$E$5))) -> FALSE | K79: =I79*J79 -> 0 | L79: Nguyễn Thị Hoài Nga | Q79: x | S79: =R78/N78 -> 2200000
A80: 27 | B80: Determinants of Accountants’ Loyalty Underlying Investment Management: Evidence from FDI Firms in Thanglong Industrial Park | C80: Nguyễn Đăng Huy, Hà Sơn Tùng, Trần Mạnh Linh, Nguyễn Đức Thắng, Nguyễn Thị Xuân Hồng, Nguyễn Diệu Linh, Đỗ Đức Tài | D80: The Journal of Asian Finance, Economics and Business | E80: Q3 | H80: x | I80: =IF(E80="Q1a",MucHoTro!$H$5,IF(E80="Q1b",MucHoTro!$H$6,IF(E80="Q2",MucHoTro!$H$7,IF(E80="Q3",MucHoTro!$H$8,IF(E80="Q4",MucHoTro!$H$9))))) -> 0.9 | J80: =IF(F80="x",MucHoTro!$C$5,IF(G80="x",MucHoTro!$D$5,IF(H80="x",MucHoTro!$E$5))) -> 1 | K80: =I80*J80 -> 0.9 | N80: 1 | R80: =K80*2000000 -> 1800000
C81: Nguyễn Đức Thắng | E81: Q3 | I81: =IF(E81="Q1a",MucHoTro!$H$5,IF(E81="Q1b",MucHoTro!$H$6,IF(E81="Q2",MucHoTro!$H$7,IF(E81="Q3",MucHoTro!$H$8,IF(E81="Q4",MucHoTro!$H$9))))) -> 0.9 | J81: =IF(F81="x",MucHoTro!$C$5,IF(G81="x",MucHoTro!$D$5,IF(H81="x",MucHoTro!$E$5))) -> FALSE | K81: =I81*J81 -> 0 | L81: Nguyễn Đức Thắng | Q81: x | S81: =R80/N80 -> 1800000
A82: 28 | B82: Research areas in post-mining – Experiences from German Hard Coal Mining | C82: Juergen Kretschmann, Nga Nguyen | D82: Inżynieria Mineralna -Journal of the Polish Mineral Engineering Society | E82: Q3 | H82: x | I82: =IF(E82="Q1a",MucHoTro!$H$5,IF(E82="Q1b",MucHoTro!$H$6,IF(E82="Q2",MucHoTro!$H$7,IF(E82="Q3",MucHoTro!$H$8,IF(E82="Q4",MucHoTro!$H$9))))) -> 0.9 | J82: =IF(F82="x",MucHoTro!$C$5,IF(G82="x",MucHoTro!$D$5,IF(H82="x",MucHoTro!$E$5))) -> 1 | K82: =I82*J82 -> 0.9 | N82: 1 | R82: =K82*2000000 -> 1800000
C83: Nguyễn Thị Hoài Nga | E83: Q3 | I83: =IF(E83="Q1a",MucHoTro!$H$5,IF(E83="Q1b",MucHoTro!$H$6,IF(E83="Q2",MucHoTro!$H$7,IF(E83="Q3",MucHoTro!$H$8,IF(E83="Q4",MucHoTro!$H$9))))) -> 0.9 | J83: =IF(F83="x",MucHoTro!$C$5,IF(G83="x",MucHoTro!$D$5,IF(H83="x",MucHoTro!$E$5))) -> FALSE | K83: =I83*J83 -> 0 | L83: Nguyễn Thị Hoài Nga | Q83: x | S83: =R82/N82 -> 1800000
A84: 29 | B84: A review of social license to operate in Southeast Asian mining | C84: Nga Nguyen | D84: The Extractive Industries and Society | E84: Q1b | F84: x | I84: =IF(E84="Q1a",MucHoTro!$H$5,IF(E84="Q1b",MucHoTro!$H$6,IF(E84="Q2",MucHoTro!$H$7,IF(E84="Q3",MucHoTro!$H$8,IF(E84="Q4",MucHoTro!$H$9))))) -> 1.2 | J84: =IF(F84="x",MucHoTro!$C$5,IF(G84="x",MucHoTro!$D$5,IF(H84="x",MucHoTro!$E$5))) -> 1.5 | K84: =I84*J84 -> 1.8 | N84: 1 | O84: x | P84: x | R84: =K84*2000000 -> 3600000
C85: Nguyễn Thị Hoài Nga | E85: Q1b | I85: =IF(E85="Q1a",MucHoTro!$H$5,IF(E85="Q1b",MucHoTro!$H$6,IF(E85="Q2",MucHoTro!$H$7,IF(E85="Q3",MucHoTro!$H$8,IF(E85="Q4",MucHoTro!$H$9))))) -> 1.2 | J85: =IF(F85="x",MucHoTro!$C$5,IF(G85="x",MucHoTro!$D$5,IF(H85="x",MucHoTro!$E$5))) -> FALSE | K85: =I85*J85 -> 0 | L85: Nguyễn Thị Hoài Nga | S85: =R84/N84 -> 3600000
A86: 30 | B86: Green Growth in Mining – the trends of Southeast Asia and lessons for Viet Nam | C86: Thi Kim Ngan NGUYEN | D86: Inżynieria Mineralna -Journal of the Polish Mineral Engineering Society | E86: Q3 | F86: x | I86: =IF(E86="Q1a",MucHoTro!$H$5,IF(E86="Q1b",MucHoTro!$H$6,IF(E86="Q2",MucHoTro!$H$7,IF(E86="Q3",MucHoTro!$H$8,IF(E86="Q4",MucHoTro!$H$9))))) -> 0.9 | J86: =IF(F86="x",MucHoTro!$C$5,IF(G86="x",MucHoTro!$D$5,IF(H86="x",MucHoTro!$E$5))) -> 1.5 | K86: =I86*J86 -> 1.35 | M86: Quản trị doanh nghiệp Địa chất - Dầu khí | N86: 1 | R86: =K86*2000000 -> 2700000 | U86: 2019 bổ sung
C87: Nguyễn Thị Kim Ngân | E87: Q3 | I87: =IF(E87="Q1a",MucHoTro!$H$5,IF(E87="Q1b",MucHoTro!$H$6,IF(E87="Q2",MucHoTro!$H$7,IF(E87="Q3",MucHoTro!$H$8,IF(E87="Q4",MucHoTro!$H$9))))) -> 0.9 | J87: =IF(F87="x",MucHoTro!$C$5,IF(G87="x",MucHoTro!$D$5,IF(H87="x",MucHoTro!$E$5))) -> FALSE | K87: =I87*J87 -> 0 | L87: Nguyễn Thị Kim Ngân | O87: x | P87: x | S87: =R86/N86 -> 2700000
A88: 31 | B88: Hyperstatic reaction method for calculations of tunnels with horseshoeshaped cross-section under the impact of earthquakes | C88: Nguyễn Chí Thành, Gospodarikov Alexandr | D88: Earthquake engineering and engineering vibration | E88: Q1b | F88: x | I88: =IF(E88="Q1a",MucHoTro!$H$5,IF(E88="Q1b",MucHoTro!$H$6,IF(E88="Q2",MucHoTro!$H$7,IF(E88="Q3",MucHoTro!$H$8,IF(E88="Q4",MucHoTro!$H$9))))) -> 1.2 | J88: =IF(F88="x",MucHoTro!$C$5,IF(G88="x",MucHoTro!$D$5,IF(H88="x",MucHoTro!$E$5))) -> 1.5 | K88: =I88*J88 -> 1.8 | N88: 1 | R88: =K88*2000000 -> 3600000
C89: Nguyễn Chí Thành | E89: Q1b | I89: =IF(E89="Q1a",MucHoTro!$H$5,IF(E89="Q1b",MucHoTro!$H$6,IF(E89="Q2",MucHoTro!$H$7,IF(E89="Q3",MucHoTro!$H$8,IF(E89="Q4",MucHoTro!$H$9))))) -> 1.2 | J89: =IF(F89="x",MucHoTro!$C$5,IF(G89="x",MucHoTro!$D$5,IF(H89="x",MucHoTro!$E$5))) -> FALSE | K89: =I89*J89 -> 0 | L89: Nguyễn Chí Thành | O89: x | P89: x | S89: =R88/N88 -> 3600000
A90: 32 | B90: Protein tyrosine phosphatase 1B inhibitory triterpene glycosides from Mussaenda pilosissima Valeton | C90: Vu Kim Thu, Nguyen Xuan Bach, Nguyen Thi Thu Hien, Hua Thi Son, Tran Hong Quang, Youn-Chul Kim, Hyuncheol Oh, Phan Van Kiem | D90: Phytochemistry Letters | E90: Q2 | F90: x | I90: =IF(E90="Q1a",MucHoTro!$H$5,IF(E90="Q1b",MucHoTro!$H$6,IF(E90="Q2",MucHoTro!$H$7,IF(E90="Q3",MucHoTro!$H$8,IF(E90="Q4",MucHoTro!$H$9))))) -> 1.1 | J90: =IF(F90="x",MucHoTro!$C$5,IF(G90="x",MucHoTro!$D$5,IF(H90="x",MucHoTro!$E$5))) -> 1.5 | K90: =I90*J90 -> 1.65 | N90: 2 | R90: =K90*2000000 -> 3300000
C91: Vũ Kim Thư | E91: Q2 | I91: =IF(E91="Q1a",MucHoTro!$H$5,IF(E91="Q1b",MucHoTro!$H$6,IF(E91="Q2",MucHoTro!$H$7,IF(E91="Q3",MucHoTro!$H$8,IF(E91="Q4",MucHoTro!$H$9))))) -> 1.1 | J91: =IF(F91="x",MucHoTro!$C$5,IF(G91="x",MucHoTro!$D$5,IF(H91="x",MucHoTro!$E$5))) -> FALSE | K91: =I91*J91 -> 0 | L91: Vũ Kim Thư | O91: x | P91: x | S91: =R90*0.6+R90*0.4/2 -> 2640000
C92: Nguyễn Thị Thu Hiền | E92: Q2 | I92: =IF(E92="Q1a",MucHoTro!$H$5,IF(E92="Q1b",MucHoTro!$H$6,IF(E92="Q2",MucHoTro!$H$7,IF(E92="Q3",MucHoTro!$H$8,IF(E92="Q4",MucHoTro!$H$9))))) -> 1.1 | J92: =IF(F92="x",MucHoTro!$C$5,IF(G92="x",MucHoTro!$D$5,IF(H92="x",MucHoTro!$E$5))) -> FALSE | K92: =I92*J92 -> 0 | L92: Nguyễn Thị Thu Hiền | Q92: x | S92: =R90*0.4/2 -> 660000
A93: 33 | B93: Iridoids and cycloartane saponins from mussaenda pilosissima valeton and their inhibitory NO production in BV2 cells | C93: Vu Kim Thu, Nguyen Xuan Bach, Cong Tien Dung, Nguyen The Cuong, Tran Hong Quang, Youn-Chul Kim, Hyuncheol Oh & Phan Van Kiem | D93: Natural Product Research | E93: Q2 | F93: x | I93: =IF(E93="Q1a",MucHoTro!$H$5,IF(E93="Q1b",MucHoTro!$H$6,IF(E93="Q2",MucHoTro!$H$7,IF(E93="Q3",MucHoTro!$H$8,IF(E93="Q4",MucHoTro!$H$9))))) -> 1.1 | J93: =IF(F93="x",MucHoTro!$C$5,IF(G93="x",MucHoTro!$D$5,IF(H93="x",MucHoTro!$E$5))) -> 1.5 | K93: =I93*J93 -> 1.65 | N93: 2 | R93: =K93*2000000 -> 3300000
C94: Vũ Kim Thư | E94: Q2 | I94: =IF(E94="Q1a",MucHoTro!$H$5,IF(E94="Q1b",MucHoTro!$H$6,IF(E94="Q2",MucHoTro!$H$7,IF(E94="Q3",MucHoTro!$H$8,IF(E94="Q4",MucHoTro!$H$9))))) -> 1.1 | J94: =IF(F94="x",MucHoTro!$C$5,IF(G94="x",MucHoTro!$D$5,IF(H94="x",MucHoTro!$E$5))) -> FALSE | K94: =I94*J94 -> 0 | L94: Vũ Kim Thư | O94: x | S94: =R93*0.6+R93*0.4/2 -> 2640000
C95: Công Tiến Dũng | E95: Q2 | I95: =IF(E95="Q1a",MucHoTro!$H$5,IF(E95="Q1b",MucHoTro!$H$6,IF(E95="Q2",MucHoTro!$H$7,IF(E95="Q3",MucHoTro!$H$8,IF(E95="Q4",MucHoTro!$H$9))))) -> 1.1 | J95: =IF(F95="x",MucHoTro!$C$5,IF(G95="x",MucHoTro!$D$5,IF(H95="x",MucHoTro!$E$5))) -> FALSE | K95: =I95*J95 -> 0 | L95: Công Tiến Dũng | Q95: x | S95: =R93*0.4/2 -> 660000
A96: 34 | B96: Broadband microwave coding metamaterial absorbers | C96: Manh Cuong Tran, Van Hai Pham, Tuan Hung Ho, Thi Thuy Nguyen, Hoang Tung Do, Xuan Khuyen Bui,Son Tung Bui, Dac Tuyen Le, The Linh Pham & Dinh Lam Vu | D96: Nature: Scientific Reports | E96: Q1a | H96: x | I96: =IF(E96="Q1a",MucHoTro!$H$5,IF(E96="Q1b",MucHoTro!$H$6,IF(E96="Q2",MucHoTro!$H$7,IF(E96="Q3",MucHoTro!$H$8,IF(E96="Q4",MucHoTro!$H$9))))) -> 2 | J96: =IF(F96="x",MucHoTro!$C$5,IF(G96="x",MucHoTro!$D$5,IF(H96="x",MucHoTro!$E$5))) -> 1 | K96: =I96*J96 -> 2 | N96: 1 | R96: =K96*2000000 -> 4000000
C97: Lê Đắc Tuyên | E97: Q1a | I97: =IF(E97="Q1a",MucHoTro!$H$5,IF(E97="Q1b",MucHoTro!$H$6,IF(E97="Q2",MucHoTro!$H$7,IF(E97="Q3",MucHoTro!$H$8,IF(E97="Q4",MucHoTro!$H$9))))) -> 2 | J97: =IF(F97="x",MucHoTro!$C$5,IF(G97="x",MucHoTro!$D$5,IF(H97="x",MucHoTro!$E$5))) -> FALSE | K97: =I97*J97 -> 0 | L97: Lê Đắc Tuyên | Q97: x | S97: =R96/N96 -> 4000000
A98: 35 | B98: Enhanced optical properties ZnO nanorods decorated with gold nanoparticles for self cleaning surface enhanced Raman applications | C98: Quoc Khoa Doan,Manh Hong Nguyen, Cong Doanh Sai, Van Thanh Pham, Hong Hanh Mai, Nguyen Hai Pham,Thanh Cong Bach, Viet Tuyen Nguyen, Trong Tam Nguyen, Khac Hieu Ho, Thi Ha Tran | D98: Applied Surface Science | E98: Q1b | H98: x | I98: =IF(E98="Q1a",MucHoTro!$H$5,IF(E98="Q1b",MucHoTro!$H$6,IF(E98="Q2",MucHoTro!$H$7,IF(E98="Q3",MucHoTro!$H$8,IF(E98="Q4",MucHoTro!$H$9))))) -> 1.2 | J98: =IF(F98="x",MucHoTro!$C$5,IF(G98="x",MucHoTro!$D$5,IF(H98="x",MucHoTro!$E$5))) -> 1 | K98: =I98*J98 -> 1.2 | N98: 1 | R98: =K98*2000000 -> 2400000
C99: Trần Thị Hà | E99: Q1b | I99: =IF(E99="Q1a",MucHoTro!$H$5,IF(E99="Q1b",MucHoTro!$H$6,IF(E99="Q2",MucHoTro!$H$7,IF(E99="Q3",MucHoTro!$H$8,IF(E99="Q4",MucHoTro!$H$9))))) -> 1.2 | J99: =IF(F99="x",MucHoTro!$C$5,IF(G99="x",MucHoTro!$D$5,IF(H99="x",MucHoTro!$E$5))) -> FALSE | K99: =I99*J99 -> 0 | L99: Trần Thị Hà | Q99: x | S99: =R98/N98 -> 2400000
A100: 36 | B100: Effect of heating time on structural, morphology, optical and photocatalytic properties of g-C3N4 nanosheets | C100: Nguyen Manh Hung, Le Thi Mai Oanh,Lam Thi Hang, Pham Do Chung, Pham ThiDuyen, Dao Viet Thang and Nguyen Van Minh | D100: Chinese Physics B | E100: Q3 | F100: x | I100: =IF(E100="Q1a",MucHoTro!$H$5,IF(E100="Q1b",MucHoTro!$H$6,IF(E100="Q2",MucHoTro!$H$7,IF(E100="Q3",MucHoTro!$H$8,IF(E100="Q4",MucHoTro!$H$9))))) -> 0.9 | J100: =IF(F100="x",MucHoTro!$C$5,IF(G100="x",MucHoTro!$D$5,IF(H100="x",MucHoTro!$E$5))) -> 1.5 | K100: =I100*J100 -> 1.35 | N100: 2 | R100: =K100*2000000 -> 2700000
C101: Nguyễn Mạnh Hùng | E101: Q3 | I101: =IF(E101="Q1a",MucHoTro!$H$5,IF(E101="Q1b",MucHoTro!$H$6,IF(E101="Q2",MucHoTro!$H$7,IF(E101="Q3",MucHoTro!$H$8,IF(E101="Q4",MucHoTro!$H$9))))) -> 0.9 | J101: =IF(F101="x",MucHoTro!$C$5,IF(G101="x",MucHoTro!$D$5,IF(H101="x",MucHoTro!$E$5))) -> FALSE | K101: =I101*J101 -> 0 | L101: Nguyễn Mạnh Hùng | O101: x | S101: =R100*0.3+R100*0.7/2 -> 1755000
...
